Workbook
Name ABMTMAT: 'CF Values LookUp'!$F$5:$F$6
Name ABMTTYPE: 'CF Values LookUp'!$E$5:$E$6
Name Absorbal_Only: 'CF Values LookUp'!$JH$5
Name Access_Platform: 'MAL-OTHERLOOKUPS'!$V$50
Name Accessibility_Ramp: 'MAL-OTHERLOOKUPS'!$BM$50
Name ACCPLTF: 'RAW Data - Asset Class + Catego'!$L$13:$L$15
Name ACCSZH: 'CF Values LookUp'!$I$5
Name ACCSZL: 'CF Values LookUp'!$J$5
Name ACCSZW: 'CF Values LookUp'!$K$5
Name ACDRMAT: 'CF Values LookUp'!$E$5:$E$9
Name ACTFTYPE: 'CF Values LookUp'!$G$5:$G$8
Name ACTIONCODE: 'MAL-OTHERLOOKUPS'!$A$4:$A$7
Name Air_Compressor: 'MAL-OTHERLOOKUPS'!$O$83
Name Air_Hose_Reel: 'MAL-OTHERLOOKUPS'!$P$83
Name Air_Monitoring: 'MAL-OTHERLOOKUPS'!$Q$83
Name Air_Monitoring_System: 'MAL-OTHERLOOKUPS'!$AK$50
Name AIRCOMP: 'CF Values LookUp'!$EF$5:$EF$7
Name AIRFLOW: 'CF Values LookUp'!$O$5
Name AMPERAGE: 'CF Values LookUp'!$BK$5
Name AMPRAT: 'CF Values LookUp'!$FD$5
Name ARCMPRS: 'RAW Data - Asset Class + Catego'!$L$18:$L$26
Name ARCONC: 'RAW Data - Asset Class + Catego'!$L$24:$L$26
Name ARCONIE: 'RAW Data - Asset Class + Catego'!$L$29:$L$31
Name ARHU: 'RAW Data - Asset Class + Catego'!$L$34:$L$38
Name ARHUCTYP: 'CF Values LookUp'!$P$5:$P$8
Name ARHUETYP: 'CF Values LookUp'!$R$5:$R$8
Name ARHUHETY: 'CF Values LookUp'!$S$5:$S$8
Name ARHUHTYP: 'CF Values LookUp'!$Q$5:$Q$10
Name ARIECONT: 'CF Values LookUp'!$Z$5:$Z$8
Name ARIEITYP: 'CF Values LookUp'!$Y$5:$Y$8
Name ARIETYPE: 'CF Values LookUp'!$X$5:$X$8
Name ARNCITYP: 'CF Values LookUp'!$U$5:$U$8
Name ARNCTYPE: 'CF Values LookUp'!$T$5:$T$8
Name ARRSTYPE: 'CF Values LookUp'!$L$5:$L$8
Name ARSHTYPE: 'CF Values LookUp'!$V$5:$V$8
Name Asphalt: #REF!
Name AssetStatus: 'MAL-OTHERLOOKUPS'!$C$4:$C$6
Name Automatic_Transfer_Switch: 'MAL-OTHERLOOKUPS'!$R$83
Name Backflow_Prevention: 'MAL-OTHERLOOKUPS'!$S$83
Name BARBWIRE: 'CF Values LookUp'!$DR$5:$DR$6
Name BAS_boards__Modules___Sensors: 'MAL-OTHERLOOKUPS'!$T$83
Name Battery_Charger: 'MAL-OTHERLOOKUPS'!$U$83
Name Battery_Powered_Emergency_Lighting_and_Exit_Lighting: 'MAL-OTHERLOOKUPS'!$V$83
Name BEERBEAR: 'CF Values LookUp'!$AU$5:$AU$7
Name BEERMAT: 'CF Values LookUp'!$AV$5:$AV$7
Name BEERTYPE: 'CF Values LookUp'!$AT$5:$AT$6
Name BFFPPRIN: 'CF Values LookUp'!$AF$5:$AF$10
Name BFFPTYPE: 'CF Values LookUp'!$AE$5:$AE$6
Name BFP: 'RAW Data - Asset Class + Catego'!$L$41:$L$42
Name BFPICS: 'CF Values LookUp'!$AH$5
Name BFPOCS: 'CF Values LookUp'!$AI$5
Name BHP: 'CF Values LookUp'!$AR$5
Name Biohazardous: 'CF Values LookUp'!$JH$6
Name BLACTYPE: 'CF Values LookUp'!$JZ$5:$JZ$8
Name BLNKMAT: 'CF Values LookUp'!$AW$5:$AW$7
Name Boiler: 'MAL-OTHERLOOKUPS'!$W$83
Name BOILR: 'RAW Data - Asset Class + Catego'!$L$45:$L$49
Name Bollard: 'MAL-OTHERLOOKUPS'!$BJ$50
Name BOLRD: 'RAW Data - Asset Class + Catego'!$L$52:$L$54
Name BOLRESRC: 'CF Values LookUp'!$AQ$5:$AQ$10

Sheet INDEX
B4: Bus Facilities Asset Information and Data Dictionary
B5: MX-ALM-DIC-005
B7: Version | C7: 3
B8: Revision Date | C8: 46309
B9: This document accompanies the Metrolinx Asset Information Standard (MX-ALM-STD-001). Contact the Manager of Functional Applications, Asset Lifecycle Management for requests to change any of the information within this Data Dictionary.
B10: Index | C10: Description | D10: Status
B11: 1 | C11: Change Log
B12: 2 | C12: PROD Change Log
B13: 3 | C13: Org & Department Codes
B14: 4 | C14: Hierarchies (3 Tabs)
B15: 4 | C15: Functional Asset Hierarchy
B16: 4.1 | C16: Location Hierarchy
B17: 4.2 | C17: Functional Hierarchy Mnemonics
B18: 5 | C18: Asset Attributes (2 tabs)
B19: 5 | C19: Asset Class
B20: 5.1 | C20: List of Manufacturers
B21: 6 | C21: Asset Attributes - Custom Fields (1 tab)
B22: 6 | C22: Custom Fields - Overview
... B33: 9.3 | C33: MAL- Bus Facilities Entry

Sheet 1.0 Change Log
A1: Version | B1: Change by | C1: Date | D1: Description of Change | E1: Reviewed by | F1: INDEX | G1: Column1
A2: 0 | B2: Sohail Mohammed | C2: 45558 | D2: Initial published version | E2: Bhavik, Ynez, Sohail
A3: 1 | B3: Stenil Poovan Sabu | C3: 45566 | D3: Updated file name from MX-ALM-STD-008 to MX-ALM-DIC-005. | E3: Stenil, Taniya
A4: 2 | B4: Stenil Poovan Sabu | C4: 45603 | D4: Added Eco Structure Web Station to Asset Class and added custom fields. Corrected spellings of IVAC, GRNDLPS, EMRGDFBR in Asset Class, Functional Hierarchy, Hierarchy Mnemonics. Updated MAL-OTHERLOOKUPS sheet with the changes mentioned above. | E4: Bhavik, Ynez, Sohail | F4: 4.0, 4.2, 5.0, 6.0
A5: 2 | B5: Stenil Poovan Sabu | C5: 45631 | D5: Moved Chiller, Cooling Tower, Heat Exchanger asset classes to HVAC in FH table. Added Windshield Washer Fluid Tank - new asset class and cfv | E5: Bhavik, Natalie | F5: 4.0
A6: 3 | B6: Stenil Poovan Sabu | C6: 46309 | D6: Added new Custom Fields and values for asset classes Septic Tank, Waster Water Collection System, Domestic Water Distribution System, Subsurface Stormwater Management, Surface Stormwater Management. | E6: Su-Won Yang | F6: 6.0

Sheet 2.0-Prod Change Log
A1: Item# | B1: Tab Affected | C1: Description | D1: Severity of Change | E1: Date in UAT | F1: Follow up POC | G1: Target Date for completion | H1: Approved in Prod | I1: Additional Docs affected | K1: INDEX
A2: 1
A3: 2
A4: 3 | K4: DO NOT DELETE THIS HIDDEN TAB IT IS NEEDED TO TRACK CHANGES FROM THE SYSTEM TO THIS DOCUMENT
A5: 4
A6: 5
A7: 6
A8: 7
A9: 8
A10: 9
A11: 10
A12: 11
A13: 12
A14: 13
A15: 14
A16: 15
... A82: 81

Sheet 3.0 Org & Department Codes
A1: Organization and Department Code Standards | F1: INDEX
B11: DEPARMENT
B12: Organization | C12: Description | D12: Department | E12: Department Description
B13: BRT | C13: Bus and Rapid Transit | D13: BRT-BFA | E13: Bus Facilities
D14: BRT-BFA-ABR | E14: Aberfoyle
D15: BRT-BFA-BRM | E15: Brampton
D16: BRT-BFA-EG | E16: East Gwillimbury
D17: BRT-BFA-HAM | E17: Hamilton
D18: BRT-BFA-KIT | E18: Kitchener
D19: BRT-BFA-OSH | E19: Oshawa
D20: BRT-BFA-STR | E20: Steeprock
D21: BRT-BFA-STVL | E21: Streetsville

Sheet 4.0 Functional Hierarchy
A1: Functional Asset Hierarchy | G1: INDEX
D14: Facility | E14: System | F14: Sub System | G14: Sub System/Position | H14: Position/Asset | I14: Asset
B15: Level 1 | C15: Level 2 | D15: Level 3 | E15: Level 4 | F15: Level 5 | G15: Level 6 | H15: Level 7 | I15: Level 8
B16: BFRT | C16: BFA | D16: Aberfoyle | E16: Main Building | F16: Substructure | G16: Substructure | H16: Substructure
D17: Brampton
D18: East Gwillimbury | F18: Shell | G18: Door | H18: Door | I18: (blank)
D19: Hamilton
D20: Kitchener | G20: Exterior Wall | H20: Exterior Wall | I20: (blank)
D21: Oshawa
D22: Steeprock | G22: Flat Roof | H22: Flat Roof | I22: (blank)
D23: Streetsville
G24: Hand Rail | H24: Hand Rail | I24: (blank)
G26: Overhead Door | H26: Overhead Door | I26: (blank)
G28: Sloped Roof | H28: Sloped Roof | I28: (blank)
G30: Window System | H30: Window System | I30: (blank)
G32: Guard Rail | H32: Guard Rail | I32: (blank)
G34: Access Platform | H34: Access Platform | I34: (blank)
G36: Canopy | H36: Canopy | I36: (blank)
G38: Parapet Wall | H38: Parapet Wall | I38: (blank)
G40: Super Structure | H40: Super Structure | I40: (blank)
G42: Skylight | H42: Skylight | I42: (blank)
G44: Inspection Pit | H44: Inspection Pit | I44: (blank)
G46: Roof Drain | H46: Roof Drain | I46: (blank)
G48: Door Air Curtain | H48: Door Air Curtain | I48: (blank)
F50: Room Interior | G50: Door | H50: Door | I50: (blank)
G52: Hand Rail | H52: Hand Rail | I52: (blank)
G54: Overhead Door | H54: Overhead Door | I54: (blank)
G56: Room Interior | H56: Room Interior | I56: (blank)
G58: Stairway | H58: Stairway | I58: (blank)
G60: Window System | H60: Window System | I60: (blank)
G62: Guard Rail | H62: Guard Rail | I62: (blank)
G64: Fixed Garbage Bin | H64: Fixed Garbage Bin | I64: (blank)
G66: Fixed Furniture | H66: Fixed Furniture | I66: (blank)
F68: Services | G68: Fire System | H68: Fire Backflow Preventer | I68: Fire Backflow Preventer
H70: Fire Extinguisher | I70: Fire Extinguisher
H72: Fire Hose and Cabinet | I72: Fire Hose and Cabinet
H74: Fire Panels | I74: Fire Panels
H76: Fire Protection Devices | I76: Fire Protection Devices
H78: Fire Pump | I78: Fire Pump
H80: Fire Shutter | I80: Fire Shutter
H82: Fire Suppression System | I82: Fire Suppression System
H84: Sprinkler System | I84: Sprinkler System
H86: Standpipe and Hose System | I86: Standpipe and Hose System
G88: Shop Equipment | H88: Diesel Transfer Tank | I88: Diesel Transfer Tank
H90: Drill Press | I90: Drill Press
H92: Grinder | I92: Grinder
H94: Hydraulic Press | I94: Hydraulic Press
H96: Industrial Vacuum | I96: Industrial Vacuum
H98: Jack Stand | I98: Jack Stand
H100: Metal Brake | I100: Metal Brake
H102: Metal Shear | I102: Metal Shear
H104: Paint Booth | I104: Paint Booth
H106: Sand Blaster | I106: Sand Blaster
H108: Tire Balancer | I108: Tire Balancer
H110: Tire Inflation Cage | I110: Tire Inflation Cage
H112: Work Bench | I112: Work Bench
G114: Health and Safety | H114: Emergency Defibrillator | I114: Emergency Defibrillator
H116: Emergency Eyewash and Shower | I116: Emergency Eyewash and Shower
H118: Fall Arrest System | I118: Fall Arrest System
H120: First Aid Kit | I120: First Aid Kit
H122: Spill Kits Station | I122: Spill Kits Station
G124: Electrical | H124: Automatic Transfer Switch | I124: Automatic Transfer Switch
H126: Battery Charger | I126: Battery Charger
H128: Battery Powered Emergency Lighting and Exit Lighting | I128: Battery Powered Emergency Lighting and Exit Lighting
H130: Capacitor | I130: Capacitor
H132: Control Panel | I132: Control Panel
H134: Disconnect Switch | I134: Disconnect Switch
H136: Draw - Out Breaker | I136: Draw - Out Breaker
H138: Electric Heat Trace System | I138: Electric Heat Trace System
H140: Hand Dryer | I140: Hand Dryer
H142: Heat Trace System | I142: Heat Trace System
H144: Lighting | I144: Lighting
H146: Lighting Control System | I146: Lighting Control System
H148: Low Voltage Transformer | I148: Low Voltage Transformer
... H160: Uninterruptable Power Supply | I160: Uninterruptable Power Supply
G162: Building Automation System | H162: Air Monitoring | I162: Air Monitoring
H164: BAS boards, Modules & Sensors | I164: BAS boards, Modules & Sensors
H166: Eco Structure Web Station | I166: Eco Structure Web Station
H168: Energy Management System | I168: Energy Management System
G170: Compressed Air Distribution System | H170: Air Compressor | I170: Air Compressor
H172: Air Hose Reel | I172: Air Hose Reel
H174: Dryer - Air Compressor | I174: Dryer - Air Compressor
H176: Pressure Tank - Air Compressor | I176: Pressure Tank - Air Compressor
G178: HVAC | H178: Boiler | I178: Boiler
H180: Bus Fume Exhaust | I180: Bus Fume Exhaust
H182: Chiller | I182: Chiller
H184: Cooling Tower | I184: Cooling Tower
H186: Dehumidifier | I186: Dehumidifier
H188: Fan | I188: Fan
H190: Floor Heating/ Snow Melting System | I190: Floor Heating/ Snow Melting System
H192: Heat Exchanger | I192: Heat Exchanger
H194: Heater | I194: Heater
H196: Heating and Cooling Coils | I196: Heating and Cooling Coils
H198: Humidifier | I198: Humidifier
H200: Natural Gas Distribution | I200: Natural Gas Distribution
H202: Roof Top Units | I202: Heat Recovery Unit
I203: Air-Conditioning – Condenser
I204: Air Conditioning Indoor Evaporator
I205: Air Handling Units
H207: Variable Air Volume | I207: Variable Air Volume
...

Sheet Hirerachy - Tbl
A1: Level 1 | B1: Level 2 | C1: Code 3 | D1: Level 3 | E1: Code 4 | F1: Level 4 | G1: Code 5 | H1: Level 5 | I1: Code 6 | J1: Level 6 | K1: Code 7 | L1: Level 7 | M1: Code 8 | N1: Level 8 | O1: Level 6 and 7 Match
E2: MBLG | F2: Main Building | G2: SBST | H2: Substructure | I2: SBST | J2: Substructure | K2: SBST | L2: Substructure | O2: =IF(I2=K2, "Yes", "No") -> Yes
E3: MBLG | F3: Main Building | G3: SHELL | H3: Shell | I3: FLTROOF | J3: Flat Roof | K3: FLTROOF | L3: Flat Roof | O3: =IF(I3=K3, "Yes", "No") -> Yes
E4: MBLG | F4: Main Building | G4: SHELL | H4: Shell | I4: SLPDRF | J4: Sloped Roof | K4: SLPDRF | L4: Sloped Roof | O4: =IF(I4=K4, "Yes", "No") -> Yes
E5: MBLG | F5: Main Building | G5: SHELL | H5: Shell | I5: EXTRWLL | J5: Exterior Wall | K5: EXTRWLL | L5: Exterior Wall | O5: =IF(I5=K5, "Yes", "No") -> Yes
E6: MBLG | F6: Main Building | G6: SHELL | H6: Shell | I6: WINDSYS | J6: Window System | K6: WINDSYS | L6: Window System | O6: =IF(I6=K6, "Yes", "No") -> Yes
E7: MBLG | F7: Main Building | G7: SHELL | H7: Shell | I7: PRPTWLL | J7: Parapet Wall | K7: PRPTWLL | L7: Parapet Wall | O7: =IF(I7=K7, "Yes", "No") -> Yes
E8: MBLG | F8: Main Building | G8: SHELL | H8: Shell | I8: DR | J8: Door | K8: DR | L8: Door | O8: =IF(I8=K8, "Yes", "No") -> Yes
E9: MBLG | F9: Main Building | G9: SHELL | H9: Shell | I9: ACCPLTF | J9: Access Platform | K9: ACCPLTF | L9: Access Platform | O9: =IF(I9=K9, "Yes", "No") -> Yes
E10: MBLG | F10: Main Building | G10: SHELL | H10: Shell | I10: DRARCRTN | J10: Door Air Curtain | K10: DRARCRTN | L10: Door Air Curtain | O10: =IF(I10=K10, "Yes", "No") -> Yes
E11: MBLG | F11: Main Building | G11: SHELL | H11: Shell | I11: SPSTRUCT | J11: Super Structure | K11: SPSTRUCT | L11: Super Structure | O11: =IF(I11=K11, "Yes", "No") -> Yes
E12: MBLG | F12: Main Building | G12: SHELL | H12: Shell | I12: OHDDR | J12: Overhead Door | K12: OHDDR | L12: Overhead Door | O12: =IF(I12=K12, "Yes", "No") -> Yes
E13: MBLG | F13: Main Building | G13: SHELL | H13: Shell | I13: CNPY | J13: Canopy | K13: CNPY | L13: Canopy | O13: =IF(I13=K13, "Yes", "No") -> Yes
... E27: MBLG | F27: Main Building | G27: RMINT | H27: Room Interior | I27: RMINT | J27: Room Interior | K27: RMINT | L27: Room Interior | O27: =IF(I27=K27, "Yes", "No") -> Yes
E28: MBLG | F28: Main Building | G28: SRV | H28: Services | I28: HAS | J28: Health and Safety | K28: FRSTADKT | L28: First Aid Kit | M28: FRSTADKT | N28: First Aid Kit | O28: =IF(I28=K28, "Yes", "No") -> No
E29: MBLG | F29: Main Building | G29: SRV | H29: Services | I29: HAS | J29: Health and Safety | K29: FLLARSYS | L29: Fall Arrest System | M29: FLLARSYS | N29: Fall Arrest System | O29: =IF(I29=K29, "Yes", "No") -> No
E30: MBLG | F30: Main Building | G30: SRV | H30: Services | I30: HAS | J30: Health and Safety | K30: SPLKTSTN | L30: Spill Kits Station | M30: SPLKTSTN | N30: Spill Kits Station | O30: =IF(I30=K30, "Yes", "No") -> No
E31: MBLG | F31: Main Building | G31: SRV | H31: Services | I31: HAS | J31: Health and Safety | K31: EMREAS | L31: Emergency Eyewash and Shower | M31: EMREAS | N31: Emergency Eyewash and Shower | O31: =IF(I31=K31, "Yes", "No") -> No
E32: MBLG | F32: Main Building | G32: SRV | H32: Services | I32: HAS | J32: Health and Safety | K32: EMRGDFBR | L32: Emergency Defibrillator | M32: EMRGDFBR | N32: Emergency Defibrillator | O32: =IF(I32=K32, "Yes", "No") -> No
E33: MBLG | F33: Main Building | G33: SRV | H33: Services | I33: ELEC | J33: Electrical | K33: TRNSFRSW | L33: Automatic Transfer Switch | M33: TRNSFRSW | N33: Automatic Transfer Switch | O33: =IF(I33=K33, "Yes", "No") -> No
E34: MBLG | F34: Main Building | G34: SRV | H34: Services | I34: ELEC | J34: Electrical | K34: SWTBRD | L34: Switchboard | M34: SWTBRD | N34: Switchboard | O34: =IF(I34=K34, "Yes", "No") -> No
E35: MBLG | F35: Main Building | G35: SRV | H35: Services | I35: ELEC | J35: Electrical | K35: LOWVLTTR | L35: Low Voltage Transformer | M35: LOWVLTTR | N35: Low Voltage Transformer | O35: =IF(I35=K35, "Yes", "No") -> No
E36: MBLG | F36: Main Building | G36: SRV | H36: Services | I36: ELEC | J36: Electrical | K36: MHVLTFR | L36: Medium/ High Voltage Transformer | M36: MHVLTFR | N36: Medium/ High Voltage Transformer | O36: =IF(I36=K36, "Yes", "No") -> No
E37: MBLG | F37: Main Building | G37: SRV | H37: Services | I37: ELEC | J37: Electrical | K37: LGHTCTRL | L37: Lighting Control System | M37: LGHTCTRL | N37: Lighting Control System | O37: =IF(I37=K37, "Yes", "No") -> No
E38: MBLG | F38: Main Building | G38: SRV | H38: Services | I38: ELEC | J38: Electrical | K38: CP | L38: Control Panel | M38: CP | N38: Control Panel | O38: =IF(I38=K38, "Yes", "No") -> No
E39: MBLG | F39: Main Building | G39: SRV | H39: Services | I39: ELEC | J39: Electrical | K39: UPS | L39: Uninterruptable Power Supply | M39: UPS | N39: Uninterruptable Power Supply | O39: =IF(I39=K39, "Yes", "No") -> No
... E83: MBLG | F83: Main Building | G83: SRV | H83: Services | I83: HVAC | J83: HVAC | K83: RTU | L83: Roof Top Units | M83: ARHU | N83: Air Handling Units | O83: =IF(I83=K83, "Yes", "No") -> No
E84: MBLG | F84: Main Building | G84: SRV | H84: Services | I84: HVAC | J84: HVAC | K84: HEATEXCH | L84: Heat Exchanger | M84: HEATEXCH | N84: Heat Exchanger
E85: MBLG | F85: Main Building | G85: SRV | H85: Services | I85: HVAC | J85: HVAC | K85: CHLRCOOL | L85: Cooling Tower | M85: CHLRCOOL | N85: Cooling Tower
E86: MBLG | F86: Main Building | G86: SRV | H86: Services | I86: HVAC | J86: HVAC | K86: CHLR | L86: Chiller | M86: CHLR | N86: Chiller
E87: MBLG | F87: Main Building | G87: SRV | H87: Services | I87: PLB | J87: Plumbing | K87: PMP | L87: Pump | M87: PMP | N87: Pump | O87: =IF(I87=K87, "Yes", "No") -> No
E88: MBLG | F88: Main Building | G88: SRV | H88: Services | I88: PLB | J88: Plumbing | K88: BFP | L88: Backflow Prevention | M88: BFP | N88: Backflow Prevention | O88: =IF(I88=K88, "Yes", "No") -> No
E89: MBLG | F89: Main Building | G89: SRV | H89: Services | I89: PLB | J89: Plumbing | K89: DOMWDS | L89: Domestic Water Distribution System | M89: DOMWDS | N89: Domestic Water Distribution System | O89: =IF(I89=K89, "Yes", "No") -> No
E90: MBLG | F90: Main Building | G90: SRV | H90: Services | I90: PLB | J90: Plumbing | K90: HTWTRHT | L90: Hot Water Heater | M90: HTWTRHT | N90: Hot Water Heater | O90: =IF(I90=K90, "Yes", "No") -> No
E91: MBLG | F91: Main Building | G91: SRV | H91: Services | I91: PLB | J91: Plumbing | K91: NONPTWTR | L91: Non - Potable Water System | M91: NONPTWTR | N91: Non - Potable Water System | O91: =IF(I91=K91, "Yes", "No") -> No
E92: MBLG | F92: Main Building | G92: SRV | H92: Services | I92: PLB | J92: Plumbing | K92: PLMBFXT | L92: Plumbing Fixture | M92: PLMBFXT | N92: Plumbing Fixture | O92: =IF(I92=K92, "Yes", "No") -> No
E93: MBLG | F93: Main Building | G93: SRV | H93: Services | I93: PLB | J93: Plumbing | K93: UTLMTR | L93: Utility Meters | M93: UTLMTR | N93: Utility Meters | O93: =IF(I93=K93, "Yes", "No") -> No
E94: MBLG | F94: Main Building | G94: SRV | H94: Services | I94: PLB | J94: Plumbing | K94: WTRSFNR | L94: Water Softener | M94: WTRSFNR | N94: Water Softener | O94: =IF(I94=K94, "Yes", "No") -> No
E95: MBLG | F95: Main Building | G95: SRV | H95: Services | I95: PLB | J95: Plumbing | K95: INTRCPT | L95: Interceptor | M95: INTRCPT | N95: Interceptor | O95: =IF(I95=K95, "Yes", "No") -> No
E96: MBLG | F96: Main Building | G96: SRV | H96: Services | I96: PLB | J96: Plumbing | K96: STAQOZ | L96: Stabilized Aqueous Ozone | M96: STAQOZ | N96: Stabilized Aqueous Ozone | O96: =IF(I96=K96, "Yes", "No") -> No
E97: MBLG | F97: Main Building | G97: SRV | H97: Services | I97: PLB | J97: Plumbing | K97: HYDRSWT | L97: Hydronic System Water Treatment | M97: HYDRSWT | N97: Hydronic System Water Treatment | O97: =IF(I97=K97, "Yes", "No") -> No
E98: MBLG | F98: Main Building | G98: SRV | H98: Services | I98: PLB | J98: Plumbing | K98: SMPIT | L98: Sump Pit | M98: SMPIT | N98: Sump Pit | O98: =IF(I98=K98, "Yes", "No") -> No
... E163: RDGR | F163: Roads and Grounds | G163: GEL | H163: Grounds Electrical | I163: EDST | J163: Electrical Distribution | K163: CMPADS | L163: Compressed Air Distribution System | M163: CMPADS | N163: Compressed Air Distribution System | O163: =IF(I163=K163, "Yes", "No") -> No
E164: RDGR | F164: Roads and Grounds | G164: GRDS | H164: Grounds | I164: FNC | J164: Fence | K164: FNC | L164: Fence | O164: =IF(I164=K164, "Yes", "No") -> Yes
E165: RDGR | F165: Roads and Grounds | G165: GRDS | H165: Grounds | I165: GATE | J165: Gate | K165: GATE | L165: Gate | O165: =IF(I165=K165, "Yes", "No") -> Yes
E166: RDGR | F166: Roads and Grounds | G166: GRDS | H166: Grounds | I166: RTNWLL | J166: Retaining Wall | K166: RTNWLL | L166: Retaining Wall | O166: =IF(I166=K166, "Yes", "No") -> Yes
E167: RDGR | F167: Roads and Grounds | G167: GRDS | H167: Grounds | I167: FXFURN | J167: Fixed Furniture | K167: FXFURN | L167: Fixed Furniture | O167: =IF(I167=K167, "Yes", "No") -> Yes
E168: RDGR | F168: Roads and Grounds | G168: GRDS | H168: Grounds | I168: FLGPL | J168: Flag Pole | K168: FLGPL | L168: Flag Pole | O168: =IF(I168=K168, "Yes", "No") -> Yes
E169: RDGR | F169: Roads and Grounds | G169: GRDS | H169: Grounds | I169: FXGRBG | J169: Fixed Garbage Bin | K169: FXGRBG | L169: Fixed Garbage Bin | O169: =IF(I169=K169, "Yes", "No") -> Yes
E170: RDGR | F170: Roads and Grounds | G170: GRDS | H170: Grounds | I170: SHD | J170: Shed | K170: SHD | L170: Shed | O170: =IF(I170=K170, "Yes", "No") -> Yes
E171: RDGR | F171: Roads and Grounds | G171: GRDS | H171: Grounds | I171: BOLRD | J171: Bollard | K171: BOLRD | L171: Bollard | O171: =IF(I171=K171, "Yes", "No") -> Yes
E172: RDGR | F172: Roads and Grounds | G172: GRDS | H172: Grounds | I172: PEDWLK | J172: Pedestrian Walkway | K172: PEDWLK | L172: Pedestrian Walkway | O172: =IF(I172=K172, "Yes", "No") -> Yes
E173: RDGR | F173: Roads and Grounds | G173: GRDS | H173: Grounds | I173: STRWY | J173: Stairway | K173: STRWY | L173: Stairway | O173: =IF(I173=K173, "Yes", "No") -> Yes
E174: RDGR | F174: Roads and Grounds | G174: GRDS | H174: Grounds | I174: GRDRL | J174: Guard Rail | K174: GRDRL | L174: Guard Rail | O174: =IF(I174=K174, "Yes", "No") -> Yes
E175: RDGR | F175: Roads and Grounds | G175: GRDS | H175: Grounds | I175: HNDRL | J175: Hand Rail | K175: HNDRL | L175: Hand Rail | O175: =IF(I175=K175, "Yes", "No") -> Yes
... E195: RDGR | F195: Roads and Grounds | G195: PSYS | H195: Process Systems | I195: GRYWTANK | J195: Grey Water Tank | K195: GRYWTANK | L195: Grey Water Tank | O195: =IF(I195=K195, "Yes", "No") -> Yes
E196: MBLG | F196: Main Building | G196: PSYS | H196: Process Systems | I196: FDST | J196: Fuel Distribution System | K196: CHCKVLV | L196: Check Valve (>100mm) | M196: CHCKVLV | N196: Check Valve (>100mm) | O196: =IF(I196=K196, "Yes", "No") -> No

Sheet 4.1 Location Hierarchy
A1: Location Hierarchy | C1: INDEX
A14: Location ID | B14: Location Description | C14: Department
A15: L-ABRMMF | B15: Aberfoyle Maintenance Facility | C15: BFA-LOC
A16: L-ABRMMF-F1-BUSSTR | B16: Aberfoyle; Floor 1; Bus Storage | C16: BFA-LOC
A17: L-ABRMMF-F1-BUSSTR-06 | B17: Aberfoyle; Floor 1; Bus Storage; Fluid Room | C17: BFA-LOC
A18: L-ABRMMF-F1-BUSSTR-07 | B18: Aberfoyle; Floor 1; Bus Storage; Janitor Room | C18: BFA-LOC
A19: L-ABRMMF-F1-BUSSTR-L1 | B19: Aberfoyle; Floor 1; Bus Storage; Lane 1 | C19: BFA-LOC
A20: L-ABRMMF-F1-BUSSTR-L2 | B20: Aberfoyle; Floor 1; Bus Storage; Lane 2 | C20: BFA-LOC
A21: L-ABRMMF-F1-BUSSTR-L3 | B21: Aberfoyle; Floor 1; Bus Storage; Lane 3 | C21: BFA-LOC
A22: L-ABRMMF-F1-BUSSTR-L4 | B22: Aberfoyle; Floor 1; Bus Storage; Lane 4 | C22: BFA-LOC
A23: L-ABRMMF-F1-BUSSTR-L5 | B23: Aberfoyle; Floor 1; Bus Storage; Lane 5 | C23: BFA-LOC
A24: L-ABRMMF-F1-BUSWSH | B24: Aberfoyle; Floor 1; Bus Wash Area | C24: BFA-LOC
A25: L-ABRMMF-F1-BUSWSH-01 | B25: Aberfoyle; Floor 1; Bus Wash Area; Bus Wash Equipment Room | C25: BFA-LOC
... A615: L-STVLMF-RF | B615: Streetsville; Roof | C615: BFA-LOC

Sheet 4.2 Hierarchy Mnemonics
A1: Hierarchy Mnemonics | E1: INDEX
A10: Code | B10: Description | C10: Level Type | D10: Level No.
A11: BFRT | B11: Bus Facilities & Rapid Transit | C11: System | D11: Level 1
A12: BFA | B12: Bus Facilities | C12: System | D12: Level 2
A13: ABR | B13: Aberfoyle | C13: System | D13: Level 3
A14: BRM | B14: Brampton | C14: System | D14: Level 3
A15: EG | B15: East Gwillimbury | C15: System | D15: Level 3
A16: HAM | B16: Hamilton | C16: System | D16: Level 3
A17: KIT | B17: Kitchener | C17: System | D17: Level 3
A18: OSH | B18: Oshawa | C18: System | D18: Level 3
A19: STR | B19: Steeprock | C19: System | D19: Level 3
A20: STVL | B20: Streetsville | C20: System | D20: Level 3
A21: MBLG | B21: Main Building | C21: System | D21: Level 4
... A410: ESWS | B410: Eco Structure Web Station | C410: Asset | D410: Level 7

Sheet RAW Data - Asset Class + Catego
A3: Asset Class + Department | E3: Department + Asset Class + Category
A5: Asset Class | B5: Class Description | C5: Department | E5: Class Org | F5: Class Code | G5: Asset Class Description | H5: Category Code | I5: Category Description | L5: Row Labels
A6: ACCPLTF | B6: Access Platform | C6: BFA | E6: BRT | F6: ACCPLTF | G6: =INDEX(AssetClass15[Class Description], MATCH(F6, AssetClass15[Asset Class], 0)) -> Access Platform | H6: ACCPLTFGS | I6: Galvanized Steel | L6: SEP
A7: ACESRMP | B7: Accessibility Ramp | C7: BFA | E7: BRT | F7: ACCPLTF | G7: =INDEX(AssetClass15[Class Description], MATCH(F7, AssetClass15[Asset Class], 0)) -> Access Platform | H7: ACCPLTFPM | I7: Painted Metal | L7: Grease-Water Separator
A8: ARCMPRS | B8: Air Compressor | C8: BFA | E8: BRT | F8: ACCPLTF | G8: =INDEX(AssetClass15[Class Description], MATCH(F8, AssetClass15[Asset Class], 0)) -> Access Platform | H8: ACCPLTFRF | I8: Reinforced Fiberglass | L8: Grit-Water Separator
A9: ARCONIE | B9: Air Conditioning Indoor Evaporator | C9: BFA | E9: BRT | F9: ARCMPRS | G9: =INDEX(AssetClass15[Class Description], MATCH(F9, AssetClass15[Asset Class], 0)) -> Air Compressor | H9: ARCMPRSCF | I9: Centrifugal | L9: Oil-Water Separator
A10: ARHU | B10: Air Handling Unit | C10: BFA | E10: BRT | F10: ARCMPRS | G10: =INDEX(AssetClass15[Class Description], MATCH(F10, AssetClass15[Asset Class], 0)) -> Air Compressor | H10: ARCMPRSRP | I10: Reciprocating | L10: Solvent-Water Separator
A11: AHR | B11: Air Hose Reel | C11: BFA | E11: BRT | F11: ARCMPRS | G11: =INDEX(AssetClass15[Class Description], MATCH(F11, AssetClass15[Asset Class], 0)) -> Air Compressor | H11: ARCMPRSSL | I11: Scroll
A12: AIRM | B12: Air Monitoring | C12: BFA | E12: BRT | F12: ARCMPRS | G12: =INDEX(AssetClass15[Class Description], MATCH(F12, AssetClass15[Asset Class], 0)) -> Air Compressor | H12: ARCMPRSSW | I12: Screw | L12: ACCPLTF
A13: ARCONC | B13: Air-Conditioning – Condenser | C13: BFA | E13: BRT | F13: ARCONC | G13: =INDEX(AssetClass15[Class Description], MATCH(F13, AssetClass15[Asset Class], 0)) -> Air-Conditioning – Condenser | H13: ARCONCAC | I13: Air Cooled | L13: Galvanized Steel
A14: TRNSFRSW | B14: Automatic Transfer Switch | C14: BFA | E14: BRT | F14: ARCONC | G14: =INDEX(AssetClass15[Class Description], MATCH(F14, AssetClass15[Asset Class], 0)) -> Air-Conditioning – Condenser | H14: ARCONCGS | I14: Ground Source | L14: Painted Metal
A15: BFP | B15: Backflow Prevention | C15: BFA | E15: BRT | F15: ARCONC | G15: =INDEX(AssetClass15[Class Description], MATCH(F15, AssetClass15[Asset Class], 0)) -> Air-Conditioning – Condenser | H15: ARCONCWC | I15: Water Cooled | L15: Reinforced Fiberglass
A16: BASMS | B16: BAS boards, Modules & Sensors | C16: BFA | E16: BRT | F16: ARCONIE | G16: =INDEX(AssetClass15[Class Description], MATCH(F16, AssetClass15[Asset Class], 0)) -> Air Conditioning Indoor Evaporator | H16: ARCONIEPT | I16: Packaged Terminal (PTAC)
A17: BATCH | B17: Battery Charger | C17: BFA | E17: BRT | F17: ARCONIE | G17: =INDEX(AssetClass15[Class Description], MATCH(F17, AssetClass15[Asset Class], 0)) -> Air Conditioning Indoor Evaporator | H17: ARCONIESC | I17: Self-Contained | L17: ARCMPRS
A18: BPEMERGL | B18: Battery Powered Emergency Lighting and Exit Lighting | C18: BFA | E18: BRT | F18: ARCONIE | G18: =INDEX(AssetClass15[Class Description], MATCH(F18, AssetClass15[Asset Class], 0)) -> Air Conditioning Indoor Evaporator | H18: ARCONIEST | I18: Split | L18: Centrifugal
A19: BOILR | B19: Boiler | C19: BFA | E19: BRT | F19: ARHU | G19: =INDEX(AssetClass15[Class Description], MATCH(F19, AssetClass15[Asset Class], 0)) -> Air Handling Unit | H19: ARHUEH | I19: Electric Heating | L19: Reciprocating
A20: BOLRD | B20: Bollard | C20: BFA | E20: BRT | F20: ARHU | G20: =INDEX(AssetClass15[Class Description], MATCH(F20, AssetClass15[Asset Class], 0)) -> Air Handling Unit | H20: ARHUFOH | I20: Fuel Oil Heating | L20: Screw
A21: BFEX | B21: Bus Fume Exhaust | C21: BFA | E21: BRT | F21: ARHU | G21: =INDEX(AssetClass15[Class Description], MATCH(F21, AssetClass15[Asset Class], 0)) -> Air Handling Unit | H21: ARHUHWGH | I21: Hot Water/Glycol Heating | L21: Scroll
A22: BUSWSH | B22: Bus Wash System | C22: BFA | E22: BRT | F22: ARHU | G22: =INDEX(AssetClass15[Class Description], MATCH(F22, AssetClass15[Asset Class], 0)) -> Air Handling Unit | H22: ARHUNGH | I22: Natural Gas (NG) Heating
A23: CNPY | B23: Canopy | C23: BFA | E23: BRT | F23: ARHU | G23: =INDEX(AssetClass15[Class Description], MATCH(F23, AssetClass15[Asset Class], 0)) -> Air Handling Unit | H23: ARHUPGH | I23: Propane Gas (LPG) Heating | L23: ARCONC
A24: CPCTR | B24: Capacitor | C24: BFA | E24: BRT | F24: BFP | G24: =INDEX(AssetClass15[Class Description], MATCH(F24, AssetClass15[Asset Class], 0)) -> Backflow Prevention | H24: BFPFRSYS | I24: Fire System | L24: Air Cooled
A25: CHCKVLV | B25: Check Valve (>100mm) | C25: BFA | E25: BRT | F25: BFP | G25: =INDEX(AssetClass15[Class Description], MATCH(F25, AssetClass15[Asset Class], 0)) -> Backflow Prevention | H25: BFPWD | I25: Water Distribution | L25: Ground Source
A26: CHLR | B26: Chiller | C26: BFA | E26: BRT | F26: BOILR | G26: =INDEX(AssetClass15[Class Description], MATCH(F26, AssetClass15[Asset Class], 0)) -> Boiler | H26: BOILRGH | I26: Glycol Heating | L26: Water Cooled
A27: CIRCBENC | B27: Circuit Breaker Enclosure | C27: BFA | E27: BRT | F27: BOILR | G27: =INDEX(AssetClass15[Class Description], MATCH(F27, AssetClass15[Asset Class], 0)) -> Boiler | H27: BOILRHPSH | I27: High Pressure Steam Heating (>75psig)
A28: CMPADS | B28: Compressed Air Distribution System | C28: BFA | E28: BRT | F28: BOILR | G28: =INDEX(AssetClass15[Class Description], MATCH(F28, AssetClass15[Asset Class], 0)) -> Boiler | H28: BOILRHWH | I28: Hot Water Heating | L28: ARCONIE
A29: COGEN | B29: Cogn/Trigen | C29: BFA | E29: BRT | F29: BOILR | G29: =INDEX(AssetClass15[Class Description], MATCH(F29, AssetClass15[Asset Class], 0)) -> Boiler | H29: BOILRLPSH | I29: Low Pressure Steam Heating (<15psig) | L29: Packaged Terminal (PTAC)
A30: CP | B30: Control Panel | C30: BFA | E30: BRT | F30: BOILR | G30: =INDEX(AssetClass15[Class Description], MATCH(F30, AssetClass15[Asset Class], 0)) -> Boiler | H30: BOILRMPSH | I30: Medium Pressure Steam Heating (>16psig) | L30: Self-Contained
A31: CLFSYS | B31: Coolant Fluid System | C31: BFA | E31: BRT | F31: BOLRD | G31: =INDEX(AssetClass15[Class Description], MATCH(F31, AssetClass15[Asset Class], 0)) -> Bollard | H31: BOLRDCPS | I31: Composite | L31: Split
A32: COOLTANK | B32: Coolant Tank | C32: BFA | E32: BRT | F32: BOLRD | G32: =INDEX(AssetClass15[Class Description], MATCH(F32, AssetClass15[Asset Class], 0)) -> Bollard | H32: BOLRDCRT | I32: Concrete
A33: CHLRCOOL | B33: Cooling Tower | C33: BFA | E33: BRT | F33: BOLRD | G33: =INDEX(AssetClass15[Class Description], MATCH(F33, AssetClass15[Asset Class], 0)) -> Bollard | H33: BOLRDMTL | I33: Metal | L33: ARHU
A34: CRN | B34: Crane | C34: BFA | E34: BRT | F34: BPEMERGL | G34: =INDEX(AssetClass15[Class Description], MATCH(F34, AssetClass15[Asset Class], 0)) -> Battery Powered Emergency Lighting and Exit Lighting | H34: BPEMERGLEEBU | I34: Emergency Exit Battery Unit | L34: Electric Heating
A35: CRNREMC | B35: Crane Remote Control | C35: BFA | E35: BRT | F35: BPEMERGL | G35: =INDEX(AssetClass15[Class Description], MATCH(F35, AssetClass15[Asset Class], 0)) -> Battery Powered Emergency Lighting and Exit Lighting | H35: BPEMERGLESBU | I35: Emergency Sign Battery Unit | L35: Fuel Oil Heating
A36: CURBOX | B36: Curb Box | C36: BFA | E36: BRT | F36: CHLR | G36: =INDEX(AssetClass15[Class Description], MATCH(F36, AssetClass15[Asset Class], 0)) -> Chiller | H36: CHLRCFL | I36: Centrifugal | L36: Hot Water/Glycol Heating
A37: DEFDISP | B37: DEF Distribution System | C37: BFA | E37: BRT | F37: CHLR | G37: =INDEX(AssetClass15[Class Description], MATCH(F37, AssetClass15[Asset Class], 0)) -> Chiller | H37: CHLRRPT | I37: Reciprocating | L37: Natural Gas (NG) Heating
A38: DEHMDFR | B38: Dehumidifier | C38: BFA | E38: BRT | F38: CHLR | G38: =INDEX(AssetClass15[Class Description], MATCH(F38, AssetClass15[Asset Class], 0)) -> Chiller | H38: CHLRSCRL | I38: Scroll | L38: Propane Gas (LPG) Heating
A39: DIFSYS | B39: Diesel Fluid System | C39: BFA | E39: BRT | F39: CHLR | G39: =INDEX(AssetClass15[Class Description], MATCH(F39, AssetClass15[Asset Class], 0)) -> Chiller | H39: CHLRSW | I39: Screw
A40: DSLST | B40: Diesel Storage Tank | C40: BFA | E40: BRT | F40: CHLRCOOL | G40: =INDEX(AssetClass15[Class Description], MATCH(F40, AssetClass15[Asset Class], 0)) -> Cooling Tower | H40: CHLRCOOLMD | I40: Mechanical Draft | L40: BFP
A41: DSTTK | B41: Diesel Transfer Tank | C41: BFA | E41: BRT | F41: CHLRCOOL | G41: =INDEX(AssetClass15[Class Description], MATCH(F41, AssetClass15[Asset Class], 0)) -> Cooling Tower | H41: CHLRCOOLNAD | I41: Natural Air Draft | L41: Fire System
A42: DCSW | B42: Disconnect Switch | C42: BFA | E42: BRT | F42: CNPY | G42: =INDEX(AssetClass15[Class Description], MATCH(F42, AssetClass15[Asset Class], 0)) -> Canopy | H42: CNPYEC | I42: Exposed Ceiling | L42: Water Distribution
A43: FZDISC | B43: Fuse Disconnect | C43: BFA | E43: BRT | F43: CNPY | G43: =INDEX(AssetClass15[Class Description], MATCH(F43, AssetClass15[Asset Class], 0)) -> Canopy | H43: CNPYMLC | I43: Metal Linear Ceiling
A44: DMESTRCT | B44: Dome Structure | C44: BFA | E44: BRT | F44: CNPY | G44: =INDEX(AssetClass15[Class Description], MATCH(F44, AssetClass15[Asset Class], 0)) -> Canopy | H44: CNPYPAPC | I44: Prefinish Aluminum Panel Ceiling | L44: BOILR
A45: DOMWDS | B45: Domestic Water Distribution System | C45: BFA | E45: BRT | F45: CNPY | G45: =INDEX(AssetClass15[Class Description], MATCH(F45, AssetClass15[Asset Class], 0)) -> Canopy | H45: CNPYPAPF | I45: Pre-finish Aluminum Panel Flashing | L45: Glycol Heating
A46: DR | B46: Door | C46: BFA | E46: BRT | F46: CP | G46: =INDEX(AssetClass15[Class Description], MATCH(F46, AssetClass15[Asset Class], 0)) -> Control Panel | H46: CPDIST | I46: Distribution | L46: High Pressure Steam Heating (>75psig)
A47: DRARCRTN | B47: Door Air Curtain | C47: BFA | E47: BRT | F47: CP | G47: =INDEX(AssetClass15[Class Description], MATCH(F47, AssetClass15[Asset Class], 0)) -> Control Panel | H47: CPDRCTRL | I47: Door Control | L47: Hot Water Heating
A48: DRNCTCHB | B48: Drainage Catch basin | C48: BFA | E48: BRT | F48: CP | G48: =INDEX(AssetClass15[Class Description], MATCH(F48, AssetClass15[Asset Class], 0)) -> Control Panel | H48: CPFAA | I48: Fire Alarm Annunciation | L48: Low Pressure Steam Heating (<15psig)
A49: DRNCULV | B49: Drainage Culvert | C49: BFA | E49: BRT | F49: CP | G49: =INDEX(AssetClass15[Class Description], MATCH(F49, AssetClass15[Asset Class], 0)) -> Control Panel | H49: CPFAC | I49: Fire Alarm Control | L49: Medium Pressure Steam Heating (>16psig)
A50: DRWOUTBR | B50: Draw - Out Breaker | C50: BFA | E50: BRT | F50: CP | G50: =INDEX(AssetClass15[Class Description], MATCH(F50, AssetClass15[Asset Class], 0)) -> Control Panel | H50: CPFACC | I50: Fuel Accuload
A51: DPRS | B51: Drill Press | C51: BFA | E51: BRT | F51: CP | G51: =INDEX(AssetClass15[Class Description], MATCH(F51, AssetClass15[Asset Class], 0)) -> Control Panel | H51: CPLD | I51: Loading | L51: BOLRD
A52: DRYARCP | B52: Dryer - Air Compressor | C52: BFA | E52: BRT | F52: CP | G52: =INDEX(AssetClass15[Class Description], MATCH(F52, AssetClass15[Asset Class], 0)) -> Control Panel | H52: CPOTH | I52: Other | L52: Composite
A53: DUCTHEAT | B53: Duct Heater | C53: BFA | E53: BRT | F53: CP | G53: =INDEX(AssetClass15[Class Description], MATCH(F53, AssetClass15[Asset Class], 0)) -> Control Panel | H53: CPRLY | I53: Relay | L53: Concrete
A54: ESWS | B54: Eco Structure Web Station | C54: BFA | E54: BRT | F54: CP | G54: =INDEX(AssetClass15[Class Description], MATCH(F54, AssetClass15[Asset Class], 0)) -> Control Panel | H54: CPSDTRF | I54: Sand Transfer | L54: Metal
A55: ELECHTS | B55: Electric Heat Trace System | C55: BFA | E55: BRT | F55: CP | G55: =INDEX(AssetClass15[Class Description], MATCH(F55, AssetClass15[Asset Class], 0)) -> Control Panel | H55: CPULD | I55: Unloading
A56: ELVTR | B56: Elevator | C56: BFA | E56: BRT | F56: CP | G56: =INDEX(AssetClass15[Class Description], MATCH(F56, AssetClass15[Asset Class], 0)) -> Control Panel | H56: CPWSPWR | I56: Wayside Power | L56: BPEMERGL
A57: EMRGDFBR | B57: Emergency Defibrilator | C57: BFA | E57: BRT | F57: CRN | G57: =INDEX(AssetClass15[Class Description], MATCH(F57, AssetClass15[Asset Class], 0)) -> Crane | H57: CRNBRG1 | I57: Bridge | L57: Emergency Exit Battery Unit
A58: EMREAS | B58: Emergency Eyewash and Shower | C58: BFA | E58: BRT | F58: CRN | G58: =INDEX(AssetClass15[Class Description], MATCH(F58, AssetClass15[Asset Class], 0)) -> Crane | H58: CRNJIB1 | I58: Jib | L58: Emergency Sign Battery Unit
A59: EMRGGEN | B59: Emergency Generator | C59: BFA | E59: BRT | F59: CRN | G59: =INDEX(AssetClass15[Class Description], MATCH(F59, AssetClass15[Asset Class], 0)) -> Crane | H59: CRNMORL1 | I59: Monorail
A60: EMS | B60: Energy Management System | C60: BFA | E60: BRT | F60: CRNREMC | G60: =INDEX(AssetClass15[Class Description], MATCH(F60, AssetClass15[Asset Class], 0)) -> Crane Remote Control | H60: CRNREMCFX | I60: Fixed | L60: CHLR
A61: EOILFLS | B61: Engine Oil Fluid System | C61: BFA | E61: BRT | F61: CRNREMC | G61: =INDEX(AssetClass15[Class Description], MATCH(F61, AssetClass15[Asset Class], 0)) -> Crane Remote Control | H61: CRNREMCPB | I61: Portable | L61: Centrifugal
A62: ENGOTANK | B62: Engine Oil Tank | C62: BFA | E62: BRT | F62: DEHMDFR | G62: =INDEX(AssetClass15[Class Description], MATCH(F62, AssetClass15[Asset Class], 0)) -> Dehumidifier | H62: DEHMDFRDL | I62: Disiccant-Liquid | L62: Reciprocating
A63: EXTRWLL | B63: Exterior Wall | C63: BFA | E63: BRT | F63: DEHMDFR | G63: =INDEX(AssetClass15[Class Description], MATCH(F63, AssetClass15[Asset Class], 0)) -> Dehumidifier | H63: DEHMDFRDR | I63: Disiccant-Rotary | L63: Screw
A64: FLLARSYS | B64: Fall Arrest System | C64: BFA | E64: BRT | F64: DEHMDFR | G64: =INDEX(AssetClass15[Class Description], MATCH(F64, AssetClass15[Asset Class], 0)) -> Dehumidifier | H64: DEHMDFRRF | I64: Refrigerative | L64: Scroll
A65: FAN | B65: Fan | C65: BFA | E65: BRT | F65: DR | G65: =INDEX(AssetClass15[Class Description], MATCH(F65, AssetClass15[Asset Class], 0)) -> Door | H65: DRRVL | I65: Revolving
A66: FNC | B66: Fence | C66: BFA | E66: BRT | F66: DR | G66: =INDEX(AssetClass15[Class Description], MATCH(F66, AssetClass15[Asset Class], 0)) -> Door | H66: DRSLD | I66: Sliding | L66: CHLRCOOL
A67: FBFPR | B67: Fire Backflow Preventer | C67: BFA | E67: BRT | F67: DR | G67: =INDEX(AssetClass15[Class Description], MATCH(F67, AssetClass15[Asset Class], 0)) -> Door | H67: DRSNG | I67: Single | L67: Mechanical Draft
A68: FREXTNG | B68: Fire Extinguisher | C68: BFA | E68: BRT | F68: DR | G68: =INDEX(AssetClass15[Class Description], MATCH(F68, AssetClass15[Asset Class], 0)) -> Door | H68: DRSWNG | I68: Swing | L68: Natural Air Draft
A69: FRHSCAB | B69: Fire Hose and Cabinet | C69: BFA | E69: BRT | F69: DR | G69: =INDEX(AssetClass15[Class Description], MATCH(F69, AssetClass15[Asset Class], 0)) -> Door | H69: DRBF | I69: Bi-fold
A70: FRHYDR | B70: Fire Hydrant | C70: BFA | E70: BRT | F70: DR | G70: =INDEX(AssetClass15[Class Description], MATCH(F70, AssetClass15[Asset Class], 0)) -> Door | H70: DRDBL | I70: Double | L70: CNPY
A71: FRPANEL | B71: Fire Panels | C71: BFA | E71: BRT | F71: DRARCRTN | G71: =INDEX(AssetClass15[Class Description], MATCH(F71, AssetClass15[Asset Class], 0)) -> Door Air Curtain | H71: DRARCRTNEH | I71: Electric-Heating | L71: Exposed Ceiling
A72: FRPRTSYS | B72: Fire Protection Devices | C72: BFA | E72: BRT | F72: DRARCRTN | G72: =INDEX(AssetClass15[Class Description], MATCH(F72, AssetClass15[Asset Class], 0)) -> Door Air Curtain | H72: DRARCRTNHWGH | I72: Hot Water/Glycol Heating | L72: Metal Linear Ceiling
A73: FRPMP | B73: Fire Pump | C73: BFA | E73: BRT | F73: DRARCRTN | G73: =INDEX(AssetClass15[Class Description], MATCH(F73, AssetClass15[Asset Class], 0)) -> Door Air Curtain | H73: DRARCRTNNGH | I73: Natural Gas (NG) Heating | L73: Prefinish Aluminum Panel Ceiling
A74: FRSHTTR | B74: Fire Shutter | C74: BFA | E74: BRT | F74: DRARCRTN | G74: =INDEX(AssetClass15[Class Description], MATCH(F74, AssetClass15[Asset Class], 0)) -> Door Air Curtain | H74: DRARCRTNNH | I74: Non-heated | L74: Pre-finish Aluminum Panel Flashing
A75: FRSUPPU | B75: Fire Suppression System | C75: BFA | E75: BRT | F75: DRARCRTN | G75: =INDEX(AssetClass15[Class Description], MATCH(F75, AssetClass15[Asset Class], 0)) -> Door Air Curtain | H75: DRARCRTNPGH | I75: Propane Gas (LPG) Heating
A76: FRWST | B76: Fire Water Storage Tank | C76: BFA | E76: BRT | F76: DRARCRTN | G76: =INDEX(AssetClass15[Class Description], MATCH(F76, AssetClass15[Asset Class], 0)) -> Door Air Curtain | H76: DRARCRTNSH | I76: Steam Heating | L76: CP
A77: FRSTADKT | B77: First Aid Kit | C77: BFA | E77: BRT | F77: DRNCTCHB | G77: =INDEX(AssetClass15[Class Description], MATCH(F77, AssetClass15[Asset Class], 0)) -> Drainage Catch basin | H77: DRNCTCHBDBL | I77: Double | L77: Distribution
A78: FXFURN | B78: Fixed Furniture | C78: BFA | E78: BRT | F78: DRNCTCHB | G78: =INDEX(AssetClass15[Class Description], MATCH(F78, AssetClass15[Asset Class], 0)) -> Drainage Catch basin | H78: DRNCTCHBSGL | I78: Single | L78: Door Control
A79: FXGRBG | B79: Fixed Garbage Bin | C79: BFA | E79: BRT | F79: DRWOUTBR | G79: =INDEX(AssetClass15[Class Description], MATCH(F79, AssetClass15[Asset Class], 0)) -> Draw - Out Breaker | H79: DRWOUTBRSPTW | I79: Single Phase Three Wire | L79: Fire Alarm Annunciation
A80: FLGPL | B80: Flag Pole | C80: BFA | E80: BRT | F80: DRWOUTBR | G80: =INDEX(AssetClass15[Class Description], MATCH(F80, AssetClass15[Asset Class], 0)) -> Draw - Out Breaker | H80: DRWOUTBRTPFW | I80: Three Phase 4 Wire | L80: Fire Alarm Control
A81: FLTROOF | B81: Flat Roof | C81: BFA | E81: BRT | F81: DRWOUTBR | G81: =INDEX(AssetClass15[Class Description], MATCH(F81, AssetClass15[Asset Class], 0)) -> Draw - Out Breaker | H81: DRWOUTBRTPSW | I81: Three Phase 6 Wire | L81: Fuel Accuload
A82: FLRHSMS | B82: Floor Heating/ Snow Melting System | C82: BFA | E82: BRT | F82: DRYARCP | G82: =INDEX(AssetClass15[Class Description], MATCH(F82, AssetClass15[Asset Class], 0)) -> Dryer - Air Compressor | H82: DRYARCPRD | I82: Regenerative Dessicant | L82: Loading
A83: FLFMTR | B83: Fuel Flow Meter | C83: BFA | E83: BRT | F83: DRYARCP | G83: =INDEX(AssetClass15[Class Description], MATCH(F83, AssetClass15[Asset Class], 0)) -> Dryer - Air Compressor | H83: DRYARCPRF | I83: Refrigerated | L83: Other
A84: FLRLFSLP | B84: Fuel Relief/Stop Tank | C84: BFA | E84: BRT | F84: DSLST | G84: =INDEX(AssetClass15[Class Description], MATCH(F84, AssetClass15[Asset Class], 0)) -> Diesel Storage Tank | H84: DSLSTAST | I84: AST | L84: Relay
A85: GSDTCSYS | B85: Gas Detection System | C85: BFA | E85: BRT | F85: DSLST | G85: =INDEX(AssetClass15[Class Description], MATCH(F85, AssetClass15[Asset Class], 0)) -> Diesel Storage Tank | H85: DSLSTUST | I85: UST | L85: Sand Transfer
A86: GATE | B86: Gate | C86: BFA | E86: BRT | F86: DUCTHEAT | G86: =INDEX(AssetClass15[Class Description], MATCH(F86, AssetClass15[Asset Class], 0)) -> Duct Heater | H86: DUCTHEATEH | I86: Electric Heating | L86: Unloading
A87: GLYMUSYS | B87: Glycol Make-Up System | C87: BFA | E87: BRT | F87: DUCTHEAT | G87: =INDEX(AssetClass15[Class Description], MATCH(F87, AssetClass15[Asset Class], 0)) -> Duct Heater | H87: DUCTHEATGTH | I87: Geothermal Heating | L87: Wayside Power
A88: GRSDSY | B88: Grease Distribution System | C88: BFA | E88: BRT | F88: DUCTHEAT | G88: =INDEX(AssetClass15[Class Description], MATCH(F88, AssetClass15[Asset Class], 0)) -> Duct Heater | H88: DUCTHEATHWGH | I88: Hot Water/Glycol Heating
A89: GRYWTANK | B89: Grey Water Tank | C89: BFA | E89: BRT | F89: DUCTHEAT | G89: =INDEX(AssetClass15[Class Description], MATCH(F89, AssetClass15[Asset Class], 0)) -> Duct Heater | H89: DUCTHEATNGH | I89: Natural Gas (NG) Heating | L89: CRN
A90: GRINDER | B90: Grinder | C90: BFA | E90: BRT | F90: DUCTHEAT | G90: =INDEX(AssetClass15[Class Description], MATCH(F90, AssetClass15[Asset Class], 0)) -> Duct Heater | H90: DUCTHEATPGH | I90: Propane Gas (LPG) Heating | L90: Bridge
A91: GRNDLPS | B91: Grounding and Lightining Protection System | C91: BFA | E91: BRT | F91: DUCTHEAT | G91: =INDEX(AssetClass15[Class Description], MATCH(F91, AssetClass15[Asset Class], 0)) -> Duct Heater | H91: DUCTHEATSH | I91: Steam Heating | L91: Jib
A92: GRDRL | B92: Guard Rail | C92: BFA | E92: BRT | F92: ELECHTS | G92: =INDEX(AssetClass15[Class Description], MATCH(F92, AssetClass15[Asset Class], 0)) -> Electric Heat Trace System | H92: ELECHTSET | I92: Eavetrough | L92: Monorail
A93: HNDDRY | B93: Hand Dryer | C93: BFA | E93: BRT | F93: ELECHTS | G93: =INDEX(AssetClass15[Class Description], MATCH(F93, AssetClass15[Asset Class], 0)) -> Electric Heat Trace System | H93: ELECHTSPP | I93: Pipe
A94: HNDRL | B94: Hand Rail | C94: BFA | E94: BRT | F94: ELVTR | G94: =INDEX(AssetClass15[Class Description], MATCH(F94, AssetClass15[Asset Class], 0)) -> Elevator | H94: ELVTRFRT | I94: Freight | L94: CRNREMC
A95: HEATEXCH | B95: Heat Exchanger | C95: BFA | E95: BRT | F95: ELVTR | G95: =INDEX(AssetClass15[Class Description], MATCH(F95, AssetClass15[Asset Class], 0)) -> Elevator | H95: ELVTRPGR | I95: Passenger | L95: Fixed
A96: HRU | B96: Heat Recovery Unit | C96: BFA | E96: BRT | F96: EMRGGEN | G96: =INDEX(AssetClass15[Class Description], MATCH(F96, AssetClass15[Asset Class], 0)) -> Emergency Generator | H96: EMRGGENDF | I96: Diesel Fuel | L96: Portable
A97: HTTRSYS | B97: Heat Trace System | C97: BFA | E97: BRT | F97: EMRGGEN | G97: =INDEX(AssetClass15[Class Description], MATCH(F97, AssetClass15[Asset Class], 0)) -> Emergency Generator | H97: EMRGGENGL | I97: Gasoline
A98: HTR | B98: Heater | C98: BFA | E98: BRT | F98: EMRGGEN | G98: =INDEX(AssetClass15[Class Description], MATCH(F98, AssetClass15[Asset Class], 0)) -> Emergency Generator | H98: EMRGGENNG | I98: Natural Gas | L98: DEHMDFR
A99: HCC | B99: Heating and Cooling Coils | C99: BFA | E99: BRT | F99: EMRGGEN | G99: =INDEX(AssetClass15[Class Description], MATCH(F99, AssetClass15[Asset Class], 0)) -> Emergency Generator | H99: EMRGGENPN | I99: Propane | L99: Disiccant-Liquid
A100: HTWTRHT | B100: Hot Water Heater | C100: BFA | E100: BRT | F100: FAN | G100: =INDEX(AssetClass15[Class Description], MATCH(F100, AssetClass15[Asset Class], 0)) -> Fan | H100: FANBDF | I100: Belt Drive Fan | L100: Disiccant-Rotary
A101: HMDFR | B101: Humidifier | C101: BFA | E101: BRT | F101: FAN | G101: =INDEX(AssetClass15[Class Description], MATCH(F101, AssetClass15[Asset Class], 0)) -> Fan | H101: FANDDF | I101: Direct Drive Fan | L101: Refrigerative
A102: HVACARDS | B102: HVAC Air Distribution System | C102: BFA | E102: BRT | F102: FAN | G102: =INDEX(AssetClass15[Class Description], MATCH(F102, AssetClass15[Asset Class], 0)) -> Fan | H102: FANUKWN | I102: Unknown
A103: HYPRS | B103: Hydraulic Press | C103: BFA | E103: BRT | F103: FLGPL | G103: =INDEX(AssetClass15[Class Description], MATCH(F103, AssetClass15[Asset Class], 0)) -> Flag Pole | H103: FLGPLAL | I103: Aluminum | L103: DR
...

Sheet 5.0 Asset Class
A1: Asset Classification Data Standards | D1: INDEX
A13: Asset Class | B13: Class Description | C13: Department | F13: Asset Class | G13: Category
A14: ACCPLTF | B14: Access Platform | C14: BFA | F14: Access Platform | G14: Galvanized Steel
A15: ACESRMP | B15: Accessibility Ramp | C15: BFA | G15: Painted Metal
A16: ARCMPRS | B16: Air Compressor | C16: BFA | G16: Reinforced Fiberglass
A17: ARCONIE | B17: Air Conditioning Indoor Evaporator | C17: BFA
A18: ARHU | B18: Air Handling Unit | C18: BFA | F18: Air Compressor | G18: Centrifugal
A19: AHR | B19: Air Hose Reel | C19: BFA | G19: Reciprocating
A20: AIRM | B20: Air Monitoring | C20: BFA | G20: Screw
A21: ARCONC | B21: Air-Conditioning – Condenser | C21: BFA | G21: Scroll
A22: TRNSFRSW | B22: Automatic Transfer Switch | C22: BFA
A23: BFP | B23: Backflow Prevention | C23: BFA | F23: Air Conditioning Indoor Evaporator | G23: Packaged Terminal (PTAC)
A24: BASMS | B24: BAS boards, Modules & Sensors | C24: BFA | G24: Self-Contained
A25: BATCH | B25: Battery Charger | C25: BFA | G25: Split
A26: BPEMERGL | B26: Battery Powered Emergency Lighting and Exit Lighting | C26: BFA
A27: BOILR | B27: Boiler | C27: BFA | F27: Air Handling Unit | G27: Electric Heating
A28: BOLRD | B28: Bollard | C28: BFA | G28: Fuel Oil Heating
A29: BFEX | B29: Bus Fume Exhaust | C29: BFA | G29: Hot Water/Glycol Heating
A30: BUSWSH | B30: Bus Wash System | C30: BFA | G30: Natural Gas (NG) Heating
A31: CNPY | B31: Canopy | C31: BFA | G31: Propane Gas (LPG) Heating
A32: CPCTR | B32: Capacitor | C32: BFA
A33: CHCKVLV | B33: Check Valve (>100mm) | C33: BFA | F33: Air-Conditioning – Condenser | G33: Air Cooled
A34: CHLR | B34: Chiller | C34: BFA | G34: Ground Source
A35: COGEN | B35: Cogn/Trigen | C35: BFA | G35: Water Cooled
A36: CMPADS | B36: Compressed Air Distribution System | C36: BFA
A37: CP | B37: Control Panel | C37: BFA | F37: Automatic Transfer Switch | G37: Auto
A38: CLFSYS | B38: Coolant Fluid System | C38: BFA | G38: Manual
A39: COOLTANK | B39: Coolant Tank | C39: BFA
A40: CHLRCOOL | B40: Cooling Tower | C40: BFA | F40: Backflow Prevention | G40: Fire System
A41: CRN | B41: Crane | C41: BFA | G41: Water Distribution
A42: CRNREMC | B42: Crane Remote Control | C42: BFA
A43: CURBOX | B43: Curb Box | C43: BFA | F43: Battery Powered Emergency Lighting and Exit Lighting | G43: Emergency Exit Battery Unit
A44: DEFDISP | B44: DEF Distribution System | C44: BFA | G44: Emergency Sign Battery Unit
A45: DEHMDFR | B45: Dehumidifier | C45: BFA
A46: DIFSYS | B46: Diesel Fluid System | C46: BFA | F46: Boiler | G46: Glycol Heating
A47: DSLST | B47: Diesel Storage Tank | C47: BFA | G47: High Pressure Steam Heating (>75psig)
A48: DSTTK | B48: Diesel Transfer Tank | C48: BFA | G48: Hot Water Heating
A49: DCSW | B49: Disconnect Switch | C49: BFA | G49: Low Pressure Steam Heating (<15psig)
A50: DMESTRCT | B50: Dome Structure | C50: BFA | G50: Medium Pressure Steam Heating (>16psig)
A51: DOMWDS | B51: Domestic Water Distribution System | C51: BFA
A52: DR | B52: Door | C52: BFA | F52: Bollard | G52: Composite
A53: DRARCRTN | B53: Door Air Curtain | C53: BFA | G53: Concrete
A54: DRNCTCHB | B54: Drainage Catch basin | C54: BFA | G54: Metal
A55: DRNCULV | B55: Drainage Culvert | C55: BFA
A56: DRWOUTBR | B56: Draw - Out Breaker | C56: BFA | F56: Canopy | G56: Exposed Ceiling
A57: DPRS | B57: Drill Press | C57: BFA | G57: Metal Linear Ceiling
A58: DRYARCP | B58: Dryer - Air Compressor | C58: BFA | G58: Prefinish Aluminum Panel Ceiling
A59: ESWS | B59: Eco Structure Web Station | C59: BFA | G59: Pre-finish Aluminum Panel Flashing
A60: ELECHTS | B60: Electric Heat Trace System | C60: BFA
A61: ELVTR | B61: Elevator | C61: BFA | F61: Chiller | G61: Centrifugal
A62: EMRGDFBR | B62: Emergency Defibrillator | C62: BFA | G62: Reciprocating
A63: EMREAS | B63: Emergency Eyewash and Shower | C63: BFA | G63: Screw
A64: EMRGGEN | B64: Emergency Generator | C64: BFA | G64: Scroll
A65: EMS | B65: Energy Management System | C65: BFA
A66: EOILFLS | B66: Engine Oil Fluid System | C66: BFA | F66: Control Panel | G66: Distribution
A67: ENGOTANK | B67: Engine Oil Tank | C67: BFA | G67: Door Control
A68: EXTRWLL | B68: Exterior Wall | C68: BFA | G68: Fire Alarm Annunciation
A69: FLLARSYS | B69: Fall Arrest System | C69: BFA | G69: Fire Alarm Control
A70: FAN | B70: Fan | C70: BFA | G70: Fuel Accuload
A71: FNC | B71: Fence | C71: BFA | G71: Loading
A72: FBFPR | B72: Fire Backflow Preventer | C72: BFA | G72: Other
A73: FREXTNG | B73: Fire Extinguisher | C73: BFA | G73: Relay
A74: FRHSCAB | B74: Fire Hose and Cabinet | C74: BFA | G74: Sand Transfer
A75: FRHYDR | B75: Fire Hydrant | C75: BFA | G75: Unloading
A76: FRPANEL | B76: Fire Panels | C76: BFA | G76: Wayside Power
A77: FRPRTSYS | B77: Fire Protection Devices | C77: BFA
A78: FRPMP | B78: Fire Pump | C78: BFA | F78: Cooling Tower | G78: Mechanical Draft
A79: FRSHTTR | B79: Fire Shutter | C79: BFA | G79: Natural Air Draft
A80: FRSUPPU | B80: Fire Suppression System | C80: BFA
A81: FRWST | B81: Fire Water Storage Tank | C81: BFA | F81: Crane | G81: Bridge
A82: FRSTADKT | B82: First Aid Kit | C82: BFA | G82: Jib
A83: FXFURN | B83: Fixed Furniture | C83: BFA | G83: Monorail
A84: FXGRBG | B84: Fixed Garbage Bin | C84: BFA
A85: FLGPL | B85: Flag Pole | C85: BFA | F85: Crane Remote Control | G85: Fixed
A86: FLTROOF | B86: Flat Roof | C86: BFA | G86: Portable
A87: FLRHSMS | B87: Floor Heating/ Snow Melting System | C87: BFA
A88: GATE | B88: Gate | C88: BFA | F88: Dehumidifier | G88: Disiccant-Liquid
A89: GRSDSY | B89: Grease Distribution System | C89: BFA | G89: Disiccant-Rotary
A90: GRYWTANK | B90: Grey Water Tank | C90: BFA | G90: Refrigerative
A91: GRINDER | B91: Grinder | C91: BFA
A92: GRNDLPS | B92: Grounding and Lightning Protection System | C92: BFA | F92: Diesel Storage Tank | G92: AST
A93: GRDRL | B93: Guard Rail | C93: BFA | G93: UST
A94: HNDDRY | B94: Hand Dryer | C94: BFA
A95: HNDRL | B95: Hand Rail | C95: BFA | F95: Door | G95: Bi-fold
A96: HEATEXCH | B96: Heat Exchanger | C96: BFA | G96: Double
A97: HRU | B97: Heat Recovery Unit | C97: BFA | G97: Revolving
A98: HTTRSYS | B98: Heat Trace System | C98: BFA | G98: Single
A99: HTR | B99: Heater | C99: BFA | G99: Sliding
A100: HCC | B100: Heating and Cooling Coils | C100: BFA | G100: Swing
A101: HTWTRHT | B101: Hot Water Heater | C101: BFA
A102: HMDFR | B102: Humidifier | C102: BFA | F102: Door Air Curtain | G102: Electric-Heating
A103: HYPRS | B103: Hydraulic Press | C103: BFA | G103: Hot Water/Glycol Heating
A104: HYDRSWT | B104: Hydronic System Water Treatment | C104: BFA | G104: Natural Gas (NG) Heating
A105: INGRNHST | B105: In Ground Hoists | C105: BFA | G105: Non-heated
A106: IVAC | B106: Industrial Vacuum | C106: BFA | G106: Propane Gas (LPG) Heating
A107: INSPPIT | B107: Inspection Pit | C107: BFA | G107: Steam Heating
A108: INTRCPT | B108: Interceptor | C108: BFA
A109: IRRIGATON | B109: Irrigation | C109: BFA | F109: Drainage Catch basin | G109: Double
A110: JCKSTND | B110: Jack Stand | C110: BFA | G110: Single
A111: LGHTSTD | B111: Light Standard | C111: BFA
...

Sheet 5.1 List of Manufacturers
A1: List of Manufacturers | C1: INDEX
A8: Manufacturer | B8: Description
A9: AAON | B9: AAON
A10: AARONSCALECO | B10: Aaron Scale Co.
A11: AARPW | B11: AAR POWER BOSS INC.
A12: ABAAM | B12: ABA of America, Inc.
A13: ABB | B13: ABB Ltd.
A14: ABBVG | B14: BYGG, A.B. - OCH - TRANSPORT EKONOMI
A15: ABEXX | B15: Abex Corporation
A16: ABLBD | B16: ABLE BODY CO., INC.
A17: ABSOPULSE | B17: ABSOPULSE Electronics Ltd
A18: AC | B18: AC
A19: ACCCN | B19: Accuride Canada, Inc.
... A3203: ZURN | B3203: ZURN INDUSTRIES CANADA LTD.

Sheet 6.0 Custom Fields
A1: Custom Field (CF) Overview | D1: INDEX
A12: Class Code + Desc | B12: CF Code + Description | C12: Look Up Value
A13: ACCPLTF - Access Platform
B14: ACCSZH - Size Height (feet)
C15: Freeform Text
B16: ACCSZL - Size Length (feet)
C17: Freeform Text
B18: ACCSZW - Size Width (feet)
C19: Freeform Text
B20: ACTFTYPE - Access Platform Type
C21: Concrete and Steel
C22: Galvanized Steel
C23: Painted Metal
C24: Reinforced Fibreglass
B25: GURDRAIL - Guard Rail
C26: No
C27: Yes
A28: ACESRMP - Accessibility Ramp
B29: ACCSZL - Size Length (feet)
C30: Freeform Text
B31: ACCSZW - Size Width (feet)
C32: Freeform Text
B33: RLCCPLMT - RLMN Platform Material
C34: Asphalt
C35: Composite
C36: Concrete
C37: Steel
C38: Wood
B39: RLCCRPMT - RLMN Ramp Material
C40: Asphalt
C41: Composite
C42: Concrete
C43: Steel
C44: Wood
A45: AIRM - Accessibility Ramp
B46: GSYSTYPE - Gas Detection System Type
C47: Propane
C48: Ammonia
C49: CO/NOx
C50: CO2/CO
C51: Carbon Dioxide (CO2)
C52: Carbon Monoxide (CO)
C53: Hydrogen (H2)
C54: Methane (CH4)
C55: Nitrogen Dioxide (NOx)
C56: Oxygen (O2)
C57: Ozone
C58: Refrigerant
A59: ARCMPRS - Air Compressor
B60: AIRFLOW - Airflow (SCFM)
C61: Freeform Text
B62: ARRSTYPE - Air Compressor Type
C63: Centrifugal
C64: Reciprocating
C65: Screw
C66: Scroll
B67: MOTORKW - Motor kW
C68: Freeform Text
B69: PWRSV - Power Supply Voltage
C70: Freeform Text
A71: ARCONC - Air Compressor
B72: ARNCTYPE - AC - Condenser Type
C73: Air-Cooled
C74: Water Cooled
C75: Ground Source
B76: SUPPSTND - Support Stand?
C77: No
C78: Yes
B79: WINDSNOW - Window/Snow Baffles?
C80: No
C81: Yes
B82: ARNCITYP - AC - Condenser Installation Type
C83: Floor Standing
C84: Suspended
C85: Wall
C86: Window
A87: ARCONIE - Air Conditioning Indoor Evaporator
B88: ARIECONT - Controller
C89: BAS
C90: Built-in
C91: Remote Wired
C92: Remote Wireless
B93: CONDPUMP - Condensate Pump?
C94: No
C95: Yes
B96: COOLCAP - Cooling Capacity (BTU/H)
C97: Freeform Text
B98: DUCTED - Ducted?
C99: No
C100: Yes
B101: HEATCAPB - Heating Capacity (BTU/H)
C102: Freeform Text
B103: ARIETYPE - AC - Indoor Evaporator Type
C104: Packaged Terminal (PTAC)
C105: Self-Contained
C106: Split
B107: ARIEITYP - AC - Indoor Evaporator Installation Type
C108: Floor Standing
C109: Suspended
C110: Wall
...

Sheet 7.0 Parts
A1: Parts tracked by Assets | K1: INDEX
M4: part
M5: store
M6: bin
M7: lot
M8: Serial Number
M9: Asset Class
A10: Asset ID | B10: Asset Class | C10: OEM | D10: OEM Part No. | E10: Part Description | F10: Part UOM | G10: Part Price | H10: Preferred Supplier | I10: Expected Obsolescence | J10: Recommended Critical Spare Qty

Sheet 8.0 Work Order Closing Codes
A1: Work Order Closing Codes | D1: INDEX
A11: Asset Class + Description | B11: Closing Code Type | C11: Closing Code + Description
A12: ACCPLTF - Access Platform
B13: Problem
C14: ABNTEMP - Abnormal Temperature
C15: CORROS - Corrosion
C16: ELECTRIP - Electrical Trip Out
C17: EXNOISE - Excessive Noise
C18: EXVIBRTN - Excessive Vibration
C19: JAMMEDEQ - Jammed Equipment
C20: LEAKING - Leaking
C21: LOWPERF - Low Performance
C22: NONOPER - Non-Operational
C23: PHYDMGE - Physical Damage
C24: UNSMELL - Unusual Smell
C25: UNSMOKE - Unusual Smoke
B26: Failure
C27: ACCLSDET - Access Platform Structure Deteriorated
B28: Cause
C29: ACCIDENT - Accident
C30: ACCWEAR - Accelerated Wear
C31: ACTGOD - Weather condition/Forces of nature or Act of God
C32: CONTAM - Contamination
C33: DEFASSET - Defective Asset
C34: EXLOAD - Excessive Load
C35: IMPRMNT - Improper Maintenance
C36: INSLUBR - Insufficient Lubrication
C37: LACKTRN - Lack of/ Inadequate Training
C38: MISSCMP - Loose/ Missing Component
C39: NRMWEAR - Normal Wear
C40: OTHER - Other (specify)
... C45: WORNCMPT - Defective/ Worn Component
B46: Action
C47: ADJUSTD - Adjusted
C48: DECOMM - Decommission
C49: DECONTME - Decontaminate
C50: DONOTHIN - Do Nothing
C51: LUBRCTE - Lubricate
C52: OTHER - Other (specify)
C53: RECALBRT - Recalibrate
C54: REMVOBT - Remove Obstruction
C55: REPCMPT - Repair Component
C56: REPLASS - Replace Asset
C57: REPLCMPT - Replace Component
C58: REPRASS - Repair Asset
C59: UPGRADES - Upgrade
A60: ARCMPRS - Air Compressor
B61: Problem
C62: ABNTEMP - Abnormal Temperature
C63: CORROS - Corrosion
C64: ELECTRIP - Electrical Trip Out
C65: EXNOISE - Excessive Noise
C66: EXVIBRTN - Excessive Vibration
C67: JAMMEDEQ - Jammed Equipment
C68: LEAKING - Leaking
C69: LOWPERF - Low Performance
C70: NONOPER - Non-Operational
C71: UNSMELL - Unusual Smell
C72: UNSMOKE - Unusual Smoke
B73: Failure
C74: ACMCACC - Air compressor condensate accumulation
C75: ACMCDET - Air compressor components deterioration
C76: ACMIFCON - Air compressor intake filter contaminated
C77: ACMODEP - Air compressor oil depleted
C78: ACMPTDET - Air compressor pressure tank deteriorated
C79: ACMPVFL - Air compressor pressure tank pressure relief valve failed
C80: AIRCMPDF - Air Compressor Dryer Failure
C81: AIRCMPOH - Air Compressor Overheating
B82: Cause
C83: CONTAM - Contamination
C84: EXLOAD - Excessive Load
C85: INSLUBR - Insufficient Lubrication
C86: MISSCMP - Loose/ Missing Component
C87: NRMWEAR - Normal Wear
C88: UTLFAIL - Utility Failure
C89: WORNCMPT - Defective/ Worn Component
B90: Action
C91: ADJUSTD - Adjusted
C92: CALLCNTR - Call Contractor
C93: DECONTME - Decontaminate
C94: LUBRCTE - Lubricate
C95: RECALBRT - Recalibrate
C96: REMVOBT - Remove Obstruction
C97: REPAIR - Repair
C98: REPLACE - Replace
A99: ARCONC - Air-Conditioning - Condenser
B100: Problem
C101: ABNTEMP - Abnormal Temperature
C102: CORROS - Corrosion
C103: ELECTRIP - Electrical Trip Out
C104: EXNOISE - Excessive Noise
C105: EXVIBRTN - Excessive Vibration
C106: JAMMEDEQ - Jammed Equipment
C107: LEAKING - Leaking
C108: LOWPERF - Low Performance
C109: NONOPER - Non-Operational
C110: PHYDMGE - Physical Damage
C111: UNSMELL - Unusual Smell
C112: UNSMOKE - Unusual Smoke
B113: Failure
...

Sheet Closing Codes Tbl
B2: Asset Class Closing Codes Table
B5: Asset Class | C5: Class Description | D5: Asset Class + Description | E5: Closing Code | F5: Closing Code Description | G5: Closing Code + Description | H5: Closing Code Type | I5: Class ORG
B6: ACCPLTF | C6: Access Platform | D6: =Table19[[#This Row],[Asset Class]] & " - " & Table19[[#This Row],[Class Description]] -> ACCPLTF - Access Platform | E6: ABNTEMP | F6: Abnormal Temperature | G6: =Table19[[#This Row],[Closing Code]] & " - " & Table19[[#This Row],[Closing Code Description]] -> ABNTEMP - Abnormal Temperature | H6: Problem | I6: BRT
B7: ACCPLTF | C7: Access Platform | D7: =Table19[[#This Row],[Asset Class]] & " - " & Table19[[#This Row],[Class Description]] -> ACCPLTF - Access Platform | E7: CORROS | F7: Corrosion | G7: =Table19[[#This Row],[Closing Code]] & " - " & Table19[[#This Row],[Closing Code Description]] -> CORROS - Corrosion | H7: Problem | I7: BRT
B8: ACCPLTF | C8: Access Platform | D8: =Table19[[#This Row],[Asset Class]] & " - " & Table19[[#This Row],[Class Description]] -> ACCPLTF - Access Platform | E8: ELECTRIP | F8: Electrical Trip Out | G8: =Table19[[#This Row],[Closing Code]] & " - " & Table19[[#This Row],[Closing Code Description]] -> ELECTRIP - Electrical Trip Out | H8: Problem | I8: BRT
B9: ACCPLTF | C9: Access Platform | D9: =Table19[[#This Row],[Asset Class]] & " - " & Table19[[#This Row],[Class Description]] -> ACCPLTF - Access Platform | E9: EXNOISE | F9: Excessive Noise | G9: =Table19[[#This Row],[Closing Code]] & " - " & Table19[[#This Row],[Closing Code Description]] -> EXNOISE - Excessive Noise | H9: Problem | I9: BRT
B10: ACCPLTF | C10: Access Platform | D10: =Table19[[#This Row],[Asset Class]] & " - " & Table19[[#This Row],[Class Description]] -> ACCPLTF - Access Platform | E10: EXVIBRTN | F10: Excessive Vibration | G10: =Table19[[#This Row],[Closing Code]] & " - " & Table19[[#This Row],[Closing Code Description]] -> EXVIBRTN - Excessive Vibration | H10: Problem | I10: BRT
B11: ACCPLTF | C11: Access Platform | D11: =Table19[[#This Row],[Asset Class]] & " - " & Table19[[#This Row],[Class Description]] -> ACCPLTF - Access Platform | E11: JAMMEDEQ | F11: Jammed Equipment | G11: =Table19[[#This Row],[Closing Code]] & " - " & Table19[[#This Row],[Closing Code Description]] -> JAMMEDEQ - Jammed Equipment | H11: Problem | I11: BRT
B12: ACCPLTF | C12: Access Platform | D12: =Table19[[#This Row],[Asset Class]] & " - " & Table19[[#This Row],[Class Description]] -> ACCPLTF - Access Platform | E12: LEAKING | F12: Leaking | G12: =Table19[[#This Row],[Closing Code]] & " - " & Table19[[#This Row],[Closing Code Description]] -> LEAKING - Leaking | H12: Problem | I12: BRT
B13: ACCPLTF | C13: Access Platform | D13: =Table19[[#This Row],[Asset Class]] & " - " & Table19[[#This Row],[Class Description]] -> ACCPLTF - Access Platform | E13: LOWPERF | F13: Low Performance | G13: =Table19[[#This Row],[Closing Code]] & " - " & Table19[[#This Row],[Closing Code Description]] -> LOWPERF - Low Performance | H13: Problem | I13: BRT
B14: ACCPLTF | C14: Access Platform | D14: =Table19[[#This Row],[Asset Class]] & " - " & Table19[[#This Row],[Class Description]] -> ACCPLTF - Access Platform | E14: NONOPER | F14: Non-Operational | G14: =Table19[[#This Row],[Closing Code]] & " - " & Table19[[#This Row],[Closing Code Description]] -> NONOPER - Non-Operational | H14: Problem | I14: BRT
B15: ACCPLTF | C15: Access Platform | D15: =Table19[[#This Row],[Asset Class]] & " - " & Table19[[#This Row],[Class Description]] -> ACCPLTF - Access Platform | E15: PHYDMGE | F15: Physical Damage | G15: =Table19[[#This Row],[Closing Code]] & " - " & Table19[[#This Row],[Closing Code Description]] -> PHYDMGE - Physical Damage | H15: Problem | I15: BRT
B16: ACCPLTF | C16: Access Platform | D16: =Table19[[#This Row],[Asset Class]] & " - " & Table19[[#This Row],[Class Description]] -> ACCPLTF - Access Platform | E16: UNSMELL | F16: Unusual Smell | G16: =Table19[[#This Row],[Closing Code]] & " - " & Table19[[#This Row],[Closing Code Description]] -> UNSMELL - Unusual Smell | H16: Problem | I16: BRT
B17: ACCPLTF | C17: Access Platform | D17: =Table19[[#This Row],[Asset Class]] & " - " & Table19[[#This Row],[Class Description]] -> ACCPLTF - Access Platform | E17: UNSMOKE | F17: Unusual Smoke | G17: =Table19[[#This Row],[Closing Code]] & " - " & Table19[[#This Row],[Closing Code Description]] -> UNSMOKE - Unusual Smoke | H17: Problem | I17: BRT
... B5408: WTRSFNR | C5408: Water Softener | D5408: =Table19[[#This Row],[Asset Class]] & " - " & Table19[[#This Row],[Class Description]] -> WTRSFNR - Water Softener | E5408: UPGRADES | F5408: Upgrade | G5408: =Table19[[#This Row],[Closing Code]] & " - " & Table19[[#This Row],[Closing Code Description]] -> UPGRADES - Upgrade | H5408: Action | I5408: BRT

Sheet 9.0 MAL - Instructions
A1: INDEX
B4: FACILITIES PROJECT
B5: Master Asset List (MAL)
B7: Contract No./ Project No.
B8: Project Name
B9: Project Representative
B10: Asset Class Representatives
B11: Substantial/Estimated Completion Date
B13: BACKGROUND: In line with the Asset Management Policy and Asset Information Handover Procedure, the MAL is a tool to capture the data of new assets, impacts to existing assets or assets that have been decommisioned/withdrawn as part of the project as well as related File Geodatabase information.
B14: INSTRUCTIONS
B15: CPG PROJECT DELIVERY TEAM:
B16: *provide the predefined Asset IDs if tagging/barcoding will be carried out
B17: *carry out data quality assurance checks
... B29: *follow Metrolinx and Business Unit process/standards

Sheet 9.1 MAL-Warranty
A1: INDEX | B1: WARRANTY DETAILS
A3: Fields-> | B3: Warranty Identifier | C3: Project Asset ID | D3: Warranty Start Date | E3: Warranty End Date | F3: Warranty Provider | H3: Parts Coverage | I3: Labour Coverage | J3: Warranty Document Name
A4: Instructions -> | B4: Unique ID for the Warranty | C4: Enter the Asset ID from the MAL tab that is covered under this warranty | D4: MMM-DD-YYYY | E4: MMM-DD-YYYY | F4: Provider Type | G4: Name of Corporation | H4: % | I4: % | J4: Should match to the filename identified in the Asset Document Control List (ADCL) or Master Information Delivery Plan (MIDP)

Sheet 9.2 Surplus Parts
A1: INDEX
B4: Asset | E4: Manufacturer | G4: Part Information | P4: Regulatory
A5: Fields → | B5: Project Asset ID | C5: Asset ID | D5: Asset Class | E5: OEM | F5: OEM Part No. | G5: Part Description | H5: Part UOM | I5: Handover Quantity | J5: Part Price | K5: Recommended Supplier | L5: Expected Obsolescence | M5: Recommended Critical Spare Qty | N5: Serial Number | O5: Lot Number | P5: Hazardous Material Code | Q5: VMRS code
A6: Instructions → | B6: Prepopulated list from MAL sheet | D6: Class the Part is associated with | E6: Original Equipment Manufacturer | F6: Part No. | G6: Describe the part (Ex - Switch Motor) | H6: Unit of Measure part is sold in (For ex - Each) | I6: Number of parts being handed over to maintenance from the project | J6: Price of the part | K6: Name of supplier that provides part | L6: YYYY. Year the part is expected to become obsolete / generaly unavailable for purchase | M6: Number of spares to be held in inventory at all times | N6: Serial number for each part handed over, if serialized | O6: Lot number for the part(s) being handed over | P6: HAZMAT Code | Q6: Vehicle Maintenance Reporting Standards code
C7: #N/A | D7: #N/A
C8: #N/A | D8: #N/A
C9: #N/A | D9: #N/A
C10: #N/A | D10: #N/A
C11: #N/A | D11: #N/A
C12: #N/A | D12: #N/A
C13: #N/A | D13: #N/A
C14: #N/A | D14: #N/A
C15: #N/A | D15: #N/A
C16: #N/A | D16: #N/A
C17: #N/A | D17: #N/A
C18: #N/A | D18: #N/A
... C506: #N/A | D506: #N/A

Sheet 9.3 MAL- Bus Facilities Entry
A1: INDEX | C1: DO NOT INSERT ROWS
A2: Section | B2: Record Management & Notes | C2: Record Management & Notes | G2: Asset Descriptive Data | H2: Asset Descriptive Data | O2: Asset Classification | P2: Asset Classification | T2: Custom Fields | V2: Custom Fields | BI2: Functional Information (System) | BJ2: Functional Hierarchy | BS2: Functional Hierarchy | BZ2: Location & GIS Information | CM2: Asset Identifiers | CN2: Asset Identifiers | CO2: Asset Identifiers | CX2: Maintenance | CY2: Maintenance | DB2: Meters | DC2: Meters | DE2: Asset Life Cycle | DF2: Asset Life Cycle | DK2: Asset Flags | DL2: Asset Flags
A3: Section Description | C3: Defines what will happen to this asset in MX EMMS system (Infor EAM) If a row has to be inserted ,copy an existing row and paste/insert to retain formulas | U3: CFV 1 | V3: Custom Field 1 | Y3: CFV 2 | Z3: Custom Field 2 | AC3: CFV 3 | AD3: Custom Field 3 | AG3: CFV 4 | AH3: Custom Field 4 | AK3: CFV 5 | AL3: Custom Field 5 | AO3: CFV 6 | AP3: Custom Field 6 | AS3: CFV 7 | AT3: Custom Field 7 | AW3: CFV 8 | AX3: Custom Field 8 | BA3: CFV 9 | BB3: Custom Field 9 | BE3: CFV 10 | BF3: Custom Field 10 | CJ3: GIS - HIDE | CN3: FOR NEW AND REPLACED ASSETS ONLY | CO3: FOR NEW AND REPLACED ASSETS ONLY | DL3: To Be Filled In By The Asset Owner in Metrolinx HIDDEN
A4: Instructions | C4: Select from the following: 'NEW' = Create New Asset Record 'UPDATE' = Update existing asset record 'DECOMMISSION'=Existing asset was decommissioned "REPLACE" - Replace with a New Asset | D4: Indicate if the asset is owned and/or maintained by Metrolinx | F4: Indicate additional information | J4: Entry Format example: Aug 01, 2023 Enter Jan 1, 1900 for Commission Dates that are not known | M4: Manufacturer/Contractor | P4: Generally associated with hierarchy NOTE* When Selecting an item from the drop-down List, scroll-up to the top to see the Lis | Q4: Classification codes based on the class selected. DO NOT EDIT | S4: Not Used by Stations. Leave blank. | U4: List of Values Code HIDE Do Not Update | V4: Auto populated | W4: NOTE* When Selecting an item from the drop-down List, scroll-up to the top to see the List | X4: If Field 1 Value is "Freeform" enter data here | Y4: List of Values Code HIDE Do Not Update | Z4: Auto populated | AA4: NOTE* When Selecting an item from the drop-down List, scroll-up to the top to see the List | AB4: If Field 2 Value is "Freeform" enter data here | AC4: List of Values Code HIDE Do Not Update | AD4: Auto populated | AE4: NOTE* When Selecting an item from the drop-down List, scroll-up to the top to see the List | AF4: If Field 3 Value is "Freeform" enter data here | AG4: List of Values Code HIDE Do Not Update | AH4: Auto populated | AI4: NOTE* When Selecting an item from the drop-down List, scroll-up to the top to see the List | AJ4: If Field 4 Value is "Freeform" enter data here | AK4: List of Values Code HIDE Do Not Update | AL4: Auto populated | AM4: NOTE* When Selecting an item from the drop-down List, scroll-up to the top to see the List | AN4: If Field 5 Value is "Freeform" enter data here | AO4: List of Values Code HIDE Do Not Update | AP4: Auto populated | AQ4: NOTE* When Selecting an item from the drop-down List, scroll-up to the top to see the List | AR4: If Field 6 Value is "Freeform" enter data here | AS4: List of Values Code HIDE Do Not Update | AT4: Auto populated | AU4: NOTE* When Selecting an item from the drop-down List, scroll-up to the top to see the List | AV4: If Field 7 Value is "Freeform" enter data here | AW4: List of Values Code HIDE Do Not Update | AX4: Auto populated | AY4: NOTE* When Selecting an item from the drop-down List, scroll-up to the top to see the List | AZ4: If Field 8 Value is "Freeform" enter data here | BA4: List of Values Code HIDE Do Not Update | BB4: Auto populated | BC4: NOTE* When Selecting an item from the drop-down List, scroll-up to the top to see the List | BD4: If Field 9 Value is "Freeform" enter data here | BE4: List of Values Code HIDE Do Not Update | BF4: Auto populated | BG4: NOTE* When Selecting an item from the drop-down List, scroll-up to the top to see the List | BH4: If Field 10 Value is "Freeform" enter data here | BJ4: Facility Code HIDE Do Not Update | BL4: Facility Component Code HIDE Do Not Update | BM4: Component Type Code HIDE Do Not Update | BN4: Component Category Code HIDE Do Not Update | BO4: Sub-Category HIDE Do Not Update | BP4: = Level 5 +Level 6 + Level 7 +Level 8' HIDE Do Not Update | BQ4: System Code HIDE Do Not Update | BR4: Position ID HIDE Do Not Update | BS4: Facility NOTE* When Selecting an item from the drop-down List, scroll-up to the top to see the List | BT4: Facility Component (i.e.. Building, Roads and Grounds) | BU4: Sub-Component Type | BV4: Component Category | BW4: Position / Asset | BX4: Asset | BY4: 4 Character Limit (alias) Unique Identifier (No Duplicate) | CA4: Do Not Update HIDE | CB4: Do Not Update HIDE | CD4: Eg. Floor Level: F1, F2... Basement Level: B1, B2,.. | CE4: Free form or Select from drop-down | CF4: Eg.. Door No. 123 | CG4: READ ONLY- DO NOT EDIT HIDE | CH4: Enter the X Coordinate | CI4: Enter the Y Coordinate | CJ4: Location X (Longitude) OBJ_XLOCATION Do Not Update | CK4: Location Y (Latitude) OBJ_YLOCATION Do Not Update | CL4: Will be auto populated once asset class Do Not Update | CN4: Unique identifier, as assigned by Project Team in MAL Instructions. Used to create the Legacy Identifier code. | CO4: Unique identifier, as assigned by Project Team to link: 1.parent/child relationships and 2. to associated documents in Asset Document Control List Eg. CADD No., File Geo Database Reference | CP4: DO NOT UPDATE | CQ4: Barcode that the asset is tagged with (selected from the predefined asset id range provided) | CR4: DO NOT UPDATE | CS4: Asset Class Description + Facility Description + Room No./ Area Name Description HIDE DO NOT UPDATE | CV4: Enter the Manufacturer's Model | CW4: List Manufacturer's Serial Number | CY4: Is the project delivering maintenance plans separate from OEM instructions? | CZ4: Are Manuals provided? | DA4: Is the project providing surplus parts to Metrolinx? | DC4: Eg. Hour meter, odometer, door cycle,... or 'Not Applicable' | DD4: Meter Unit Of Measure (Eg. KM, Hours) Meter units | DF4: $ CAD | DG4: YYYY | DH4: Indicate condition on a scale of 1-5: 1 = Worst 5 = Best | DI4: Entry Format example: Aug 01, 2023 | DJ4: Eg. No. of Years (2 yrs.) No. of Cycles (3 Cycles) | DM4: Indicates if it is a critical asset (Yes/No) | DN4: Indicates if safety precautions above and beyond normal work is required. (Yes / No) | DO4: Indicates if the asset is governed by a regulatory body (Yes/No) | DQ4: Prevent Non PM WO Completion Default to No
A5: Field | C5: Action Status | D5: Maintenance Responsibility | E5: Replaced/Decommissioned Asset ID | F5: Notes | H5: Asset Status | I5: Operational Status | J5: Commission / In Service Date | K5: Withdrawal / Decommission Date | L5: Parts Associated if Yes provide information in Tab "9.2 Surplus Parts" | M5: Warranty Warranty information MUST be provided in Tab "10.1 MAL-Warranty" for the drop-downs to auto populate | P5: Asset Class (generally associated with hierarchy) | Q5: Class Code | R5: Category | S5: Category Code | U5: Field 1 Code | V5: Custom Field 1 | W5: Custom Field 1 Value | X5: Free Form Entry | Y5: Field 2 Code | Z5: Custom Field 2 | AA5: Custom Field 2 Value | AB5: Free Form Entry | AC5: Field 3 Code | AD5: Custom Field 3 | AE5: Custom Field 3 Value | AF5: Free Form Entry | AG5: Field 4 Code | AH5: Custom Field 4 | AI5: Custom Field 4 Value | AJ5: Free Form Entry | AK5: Field 5 Code | AL5: Custom Field 5 | AM5: Custom Field 5 Value | AN5: Free Form Entry | AO5: Field 6 Code | AP5: Custom Field 6 | AQ5: Custom Field 6 Value | AR5: Free Form Entry | AS5: Field 7 Code | AT5: Custom Field 7 | AU5: Custom Field 7 Value | AV5: Free Form Entry | AW5: Field 8 Code | AX5: Custom Field 8 | AY5: Custom Field 8 Value | AZ5: Free Form Entry | BA5: Field 9 Code | BB5: Custom Field 9 | BC5: Custom Field 9 Value | BD5: Free Form Entry | BE5: Field 10 Code | BF5: Custom Field 10 | BG5: Custom Field 10 Value | BH5: Free Form Entry | BJ5: Level 3 | BK5: Level 4 | BL5: Level_5 Code | BM5: Level_6 Code | BN5: Level_7 Code | BO5: Leve_8 Code | BP5: System Code | BQ5: System Code INCLUDING STATION | BR5: Position ID | BS5: Level_3 | BT5: Level_4 | BU5: Level_5 | BV5: Level_6 | BW5: Level_7 | BX5: Level_8 | BY5: Position/Asset Sequence Tag | CA5: Room No / Area Name | CB5: Location CODE | CD5: Floor / Basement Level | CE5: Room No./Area Name | CF5: Asset Specific Information | CG5: → Asset Location Description | CH5: X Coordinates (Longitude) | CI5: Y Coordinates (Latitude) | CJ5: GIS Details - HIDE | CL5: GIS Layer- HIDE | CN5: Project No. HIDDEN | CO5: CADD Reference | CP5: Legacy CODE - HIDDEN | CQ5: INFOR EAM Unique Asset ID/Barcode ID | CR5: Asset Description | CS5: Position Description HIDE | CT5: Manufacturer | CU5: Manufacturer Code HIDE | CV5: Model | CW5: Serial Number | CY5: Maintenance Plan | CZ5: OEM Maintenance Manuals | DA5: Surplus/Spare Parts | DC5: Type | DD5: Unit | DF5: Replacement Asset Value | DG5: Currency Year | DH5: Condition | DI5: Condition Inspection Date | DJ5: Expected Service Life | DL5: Out of Service | DM5: Criticality | DN5: Safety | DO5: Regulatory | DP5: GL Code | DQ5: Prevent Non PM WO Completion
A6: Mandatory / Optional | C6: Mandatory | F6: Optional | H6: Mandatory | I6: Mandatory | J6: Mandatory | K6: Optional | M6: Mandatory | P6: Mandatory | Q6: Mandatory | R6: Optional | S6: Leave Blank | U6: Do Not Update | V6: Do Not Update | Y6: Do Not Update | Z6: Do Not Update | AC6: Do Not Update | AD6: Do Not Update | AG6: Do Not Update | AH6: Do Not Update | AK6: Do Not Update | AL6: Do Not Update | AO6: Do Not Update | AP6: Do Not Update | AS6: Do Not Update | AT6: Do Not Update | AW6: Do Not Update | AX6: Do Not Update | BA6: Do Not Update | BB6: Do Not Update | BE6: Do Not Update | BF6: Do Not Update | BS6: Mandatory | BT6: Mandatory | BU6: Mandatory | BV6: Mandatory | BW6: Mandatory | BX6: Mandatory | BY6: Mandatory | CD6: Optional | CE6: Optional | CF6: Optional | CG6: Mandatory | CH6: Mandatory | CI6: Mandatory | CN6: Mandatory/Optional | CO6: Mandatory | CQ6: Optional | CR6: Mandatory | CT6: Mandatory | CV6: Mandatory | CW6: Optional | CY6: Mandatory | CZ6: Mandatory | DA6: Mandatory | DC6: Mandatory
A7: Field Type | C7: nvarchar | F7: n/a | I7: nvarchar | J7: Date | K7: Date | Q7: nvarchar | S7: nvarchar | U7: Do Not Update | V7: Do Not Update | Y7: Do Not Update | Z7: Do Not Update | AC7: Do Not Update | AD7: Do Not Update | AG7: Do Not Update | AH7: Do Not Update | AK7: Do Not Update | AL7: Do Not Update | AO7: Do Not Update | AP7: Do Not Update | AS7: Do Not Update | AT7: Do Not Update | AW7: Do Not Update | AX7: Do Not Update | BA7: Do Not Update | BB7: Do Not Update | BE7: Do Not Update | BF7: Do Not Update | BJ7: n/a | CQ7: nvarchar | CT7: nvarchar | CV7: nvarchar | CW7: nvarchar
A8: Field Length | C8: 20 | F8: n/a | Q8: 8 | S8: 30 | U8: Do Not Update | V8: Do Not Update | Y8: Do Not Update | Z8: Do Not Update | AC8: Do Not Update | AD8: Do Not Update | AG8: Do Not Update | AH8: Do Not Update | AK8: Do Not Update | AL8: Do Not Update | AO8: Do Not Update | AP8: Do Not Update | AS8: Do Not Update | AT8: Do Not Update | AW8: Do Not Update | AX8: Do Not Update | BA8: Do Not Update | BB8: Do Not Update | BE8: Do Not Update | BF8: Do Not Update | BJ8: n/a | BR8: 30 | CQ8: 30 | CR8: 80 character limit | CT8: 45 | CV8: 30 | CW8: 30
A9: Formula / Reference | C9: ACTIONCODE / MAL-OTHERLOOKUPS | E9: = if ( Action Code = "REPLACE - NEW", hIghlight cell) | F9: n/a | L9: yes / No dropdown | P9: CLASSLOOKUP | Q9: =INDEX(AssetClass[Class Code],MATCH('MAL-Stations Entry'!AA Cell on the left,AssetClass[Asset Class],0))' | U9: =VLOOKUP($V12,CLASSLOOKUP!$A$2:$P$107,3,FALSE) | V9: =VLOOKUP($V12,CLASSLOOKUP!$A$2:$P$107,4,FALSE) | Y9: =VLOOKUP($V12,CLASSLOOKUP!$A$2:$P$107,5,FALSE) | Z9: =VLOOKUP($V12,CLASSLOOKUP!$A$2:$P$107,6,FALSE) | AC9: =VLOOKUP($V12,CLASSLOOKUP!$A$2:$P$107,7,FALSE) | AD9: =VLOOKUP($V11,CLASSLOOKUP!$A$2:$P$107,8,FALSE) | AG9: =VLOOKUP($V11,CLASSLOOKUP!$A$2:$P$107,9,FALSE) | AH9: =VLOOKUP($V11,CLASSLOOKUP!$A$2:$P$107,10,FALSE) | AK9: =VLOOKUP($V11,CLASSLOOKUP!$A$2:$P$107,11,FALSE) | AL9: =VLOOKUP($V11,CLASSLOOKUP!$A$2:$P$107,12,FALSE) | AO9: =VLOOKUP($V11,CLASSLOOKUP!$A$2:$P$107,13,FALSE) | AP9: =VLOOKUP($V11,CLASSLOOKUP!$A$2:$P$107,14,FALSE) | AS9: =VLOOKUP($V11,CLASSLOOKUP!$A$2:$P$107,15,FALSE) | AT9: =VLOOKUP($V11,CLASSLOOKUP!$A$2:$P$107,16,FALSE) | AW9: =VLOOKUP($V11,CLASSLOOKUP!$A$2:$P$107,13,FALSE) | AX9: =VLOOKUP($V11,CLASSLOOKUP!$A$2:$P$107,14,FALSE) | BA9: =VLOOKUP($V11,CLASSLOOKUP!$A$2:$P$107,15,FALSE) | BB9: =VLOOKUP($V11,CLASSLOOKUP!$A$2:$P$107,16,FALSE) | BE9: =VLOOKUP($V11,CLASSLOOKUP!$A$2:$P$107,13,FALSE) | BF9: =VLOOKUP($V11,CLASSLOOKUP!$A$2:$P$107,14,FALSE) | BJ9: n/a | BP9: unifies codes from Level 5, 6,7 and 8, into one string | CP9: = "Project No.' + 'Project Asset ID' =$CC10&"-"&$CD10 | CT9: Stores the manufacturer name of the asset | CV9: Stores the model name of the asset
Q10: =INDEX(AssetClass[Asset Class], MATCH('9.3 MAL- Bus Facilities Entry'!P10, AssetClass[Class Description], 0)) -> #N/A | S10: =INDEX(Table15[Category Code], MATCH('9.3 MAL- Bus Facilities Entry'!R10, Table15[Category Description], 0)) -> #N/A | U10: {=INDEX('Custom Field Tbl'!$N$5:$N$446, MATCH('9.3 MAL- Bus Facilities Entry'!$Q10 & '9.3 MAL- Bus Facilities Entry'!U$3, 'Custom Field Tbl'!$M$5:$M$446 & 'Custom Field Tbl'!$O$5:$O$446, 0 ))} -> #N/A | V10: =IF(ISNA(INDEX(CFV_Tbl[CF Description], MATCH('9.3 MAL- Bus Facilities Entry'!U10, CFV_Tbl[CF Code], 0)) ), "Field Not Required", INDEX(CFV_Tbl[CF Description], MATCH('9.3 MAL- Bus Facilities Entry'!U10, CFV_Tbl[CF Code], 0)) ) -> Field Not Required | Y10: {=INDEX('Custom Field Tbl'!$N$5:$N$446, MATCH('9.3 MAL- Bus Facilities Entry'!$Q10 & '9.3 MAL- Bus Facilities Entry'!Y3, 'Custom Field Tbl'!$M$5:$M$446 & 'Custom Field Tbl'!$O$5:$O$446, 0 ))} -> #N/A | Z10: =IF(ISNA(INDEX(CFV_Tbl[CF Description], MATCH('9.3 MAL- Bus Facilities Entry'!Y10, CFV_Tbl[CF Code], 0)) ), "Field Not Required", INDEX(CFV_Tbl[CF Description], MATCH('9.3 MAL- Bus Facilities Entry'!Y10, CFV_Tbl[CF Code], 0)) ) -> Field Not Required | AC10: {=INDEX('Custom Field Tbl'!$N$5:$N$446, MATCH('9.3 MAL- Bus Facilities Entry'!$Q10 & '9.3 MAL- Bus Facilities Entry'!AC$3, 'Custom Field Tbl'!$M$5:$M$446 & 'Custom Field Tbl'!$O$5:$O$446, 0 ))} -> #N/A | AD10: =IF(ISNA(INDEX(CFV_Tbl[CF Description], MATCH('9.3 MAL- Bus Facilities Entry'!AC10, CFV_Tbl[CF Code], 0)) ), "Field Not Required", INDEX(CFV_Tbl[CF Description], MATCH('9.3 MAL- Bus Facilities Entry'!AC10, CFV_Tbl[CF Code], 0)) ) -> Field Not Required | AG10: {=INDEX('Custom Field Tbl'!$N$5:$N$446, MATCH('9.3 MAL- Bus Facilities Entry'!$Q10 & '9.3 MAL- Bus Facilities Entry'!AG$3, 'Custom Field Tbl'!$M$5:$M$446 & 'Custom Field Tbl'!$O$5:$O$446, 0 ))} -> #N/A | AH10: =IF(ISNA(INDEX(CFV_Tbl[CF Description], MATCH('9.3 MAL- Bus Facilities Entry'!AG10, CFV_Tbl[CF Code], 0)) ), "Field Not Required", INDEX(CFV_Tbl[CF Description], MATCH('9.3 MAL- Bus Facilities Entry'!AG10, CFV_Tbl[CF Code], 0)) ) -> Field Not Required | AK10: {=INDEX('Custom Field Tbl'!$N$5:$N$446, MATCH('9.3 MAL- Bus Facilities Entry'!$Q10 & '9.3 MAL- Bus Facilities Entry'!AK$3, 'Custom Field Tbl'!$M$5:$M$446 & 'Custom Field Tbl'!$O$5:$O$446, 0 ))} -> #N/A | AL10: =IF(ISNA(INDEX(CFV_Tbl[CF Description], MATCH('9.3 MAL- Bus Facilities Entry'!AK10, CFV_Tbl[CF Code], 0)) ), "Field Not Required", INDEX(CFV_Tbl[CF Description], MATCH('9.3 MAL- Bus Facilities Entry'!AK10, CFV_Tbl[CF Code], 0)) ) -> Field Not Required | AO10: {=INDEX('Custom Field Tbl'!$N$5:$N$446, MATCH('9.3 MAL- Bus Facilities Entry'!$Q10 & '9.3 MAL- Bus Facilities Entry'!AO$3, 'Custom Field Tbl'!$M$5:$M$446 & 'Custom Field Tbl'!$O$5:$O$446, 0 ))} -> #N/A | AP10: Field Not Required | AT10: =IF(ISNA(INDEX(CFV_Tbl[CF Description], MATCH('9.3 MAL- Bus Facilities Entry'!AS10, CFV_Tbl[CF Code], 0)) ), "Field Not Required", INDEX(CFV_Tbl[CF Description], MATCH('9.3 MAL- Bus Facilities Entry'!AS10, CFV_Tbl[CF Code], 0)) ) -> Field Not Required | AW10: {=INDEX('Custom Field Tbl'!$N$5:$N$446, MATCH('9.3 MAL- Bus Facilities Entry'!$Q10 & '9.3 MAL- Bus Facilities Entry'!AW$3, 'Custom Field Tbl'!$M$5:$M$446 & 'Custom Field Tbl'!$O$5:$O$446, 0 ))} -> #N/A | AX10: Field Not Required | BA10: {=INDEX('Custom Field Tbl'!$N$5:$N$446, MATCH('9.3 MAL- Bus Facilities Entry'!$Q10 & '9.3 MAL- Bus Facilities Entry'!BA$3, 'Custom Field Tbl'!$M$5:$M$446 & 'Custom Field Tbl'!$O$5:$O$446, 0 ))} -> #N/A | BB10: Field Not Required | BE10: {=INDEX('Custom Field Tbl'!$N$5:$N$446, MATCH('9.3 MAL- Bus Facilities Entry'!$Q10 & '9.3 MAL- Bus Facilities Entry'!BE$3, 'Custom Field Tbl'!$M$5:$M$446 & 'Custom Field Tbl'!$O$5:$O$446, 0 ))} -> #N/A | BF10: Field Not Required | BJ10: =INDEX(Mnemonic[Code], MATCH('9.3 MAL- Bus Facilities Entry'!BS10, Mnemonic[Description], 0)) -> #N/A | BK10: =INDEX(Mnemonic[Code], MATCH('9.3 MAL- Bus Facilities Entry'!BT10, Mnemonic[Description], 0)) -> #N/A | BL10: =IF(ISNA(INDEX(Mnemonic[Code], MATCH( '9.3 MAL- Bus Facilities Entry'!BU10, Mnemonic[Description], 0)) ), INDEX(Mnemonic[Code], MATCH( LEFT('9.3 MAL- Bus Facilities Entry'!BU10, LEN(BU10)-2), Mnemonic[Description], 0)), INDEX(Mnemonic[Code], MATCH( '9.3 MAL- Bus Facilities Entry'!BU10, Mnemonic[Description], 0)) ) -> #VALUE! | BM10: =IF(ISNA(INDEX(Mnemonic[Code], MATCH( '9.3 MAL- Bus Facilities Entry'!BV10, Mnemonic[Description], 0)) ), INDEX(Mnemonic[Code], MATCH( LEFT('9.3 MAL- Bus Facilities Entry'!BV10, LEN(BV10)-2), Mnemonic[Description], 0)), INDEX(Mnemonic[Code], MATCH( '9.3 MAL- Bus Facilities Entry'!BV10, Mnemonic[Description], 0)) ) -> #VALUE! | BN10: =IF(ISNA(INDEX(Mnemonic[Code], MATCH( '9.3 MAL- Bus Facilities Entry'!BW10, Mnemonic[Description], 0)) ), INDEX(Mnemonic[Code], MATCH( LEFT('9.3 MAL- Bus Facilities Entry'!BW10, LEN(BW10)-1), Mnemonic[Description], 0)), INDEX(Mnemonic[Code], MATCH( '9.3 MAL- Bus Facilities Entry'!BW10, Mnemonic[Description], 0)) ) -> #VALUE! | BO10: =IF(ISNA(INDEX(Mnemonic[Code], MATCH( '9.3 MAL- Bus Facilities Entry'!BX10, Mnemonic[Description], 0)) ), INDEX(Mnemonic[Code], MATCH( LEFT('9.3 MAL- Bus Facilities Entry'!BX10, LEN(BX10)-1), Mnemonic[Description], 0)), INDEX(Mnemonic[Code], MATCH( '9.3 MAL- Bus Facilities Entry'!BX10, Mnemonic[Description], 0)) ) -> #VALUE! | BP10: =IF(ISBLANK(BX10), BK10 &"-"&BL10, BK10 &"-"&BL10 & "-" & BM10) -> #N/A | BQ10: =CONCATENATE(BJ10,"-",BP10) -> #N/A | BR10: =IF(BM10=BN10,CONCATENATE(BQ10,"-",BM10,"-",BY10),CONCATENATE(BQ10,"-",BO10,"-",BY10)) -> #VALUE! | CA10: =INDEX('MAL-OTHERLOOKUPS'!$ES$4:$ES$56, MATCH('9.3 MAL- Bus Facilities Entry'!CE10, 'MAL-OTHERLOOKUPS'!$ET$4:$ET$56, 0)) -> #N/A | CB10: =CONCATENATE("L","-",IF(ISNA($BJ10),"", BJ10&"MF"),IF(ISNA($CD10),"","-"&$CD10),IF(ISNA($CA10),"","-"&$CA10)) -> L-- | CJ10: =INDEX('Default X, Y'!$D$6:$D$13,MATCH('9.3 MAL- Bus Facilities Entry'!BJ10&"MF",'Default X, Y'!$B$6:$B$13,0)) -> #N/A | CK10: =INDEX('Default X, Y'!$E$6:$E$13,MATCH('9.3 MAL- Bus Facilities Entry'!BJ10&"MF",'Default X, Y'!$B$6:$B$13,0)) -> #N/A | CL10: ="MX_Common_BRT" -> MX_Common_BRT | CN10: 0 | CP10: =$CL10&"-"&$CM10 -> MX_Common_BRT- | CR10: =CONCATENATE($P11,"; ",$CG10,"; ", $BY13) -> ; ; | CS10: =CONCATENATE($P11,"; ",$BS10,"; ",$CE10) -> ; ; | CU10: #REF!
Q11: =INDEX(AssetClass[Asset Class], MATCH('9.3 MAL- Bus Facilities Entry'!P11, AssetClass[Class Description], 0)) -> #N/A | S11: =INDEX(Table15[Category Code], MATCH('9.3 MAL- Bus Facilities Entry'!R11, Table15[Category Description], 0)) -> #N/A | U11: {=INDEX('Custom Field Tbl'!$N$5:$N$446, MATCH('9.3 MAL- Bus Facilities Entry'!$Q11 & '9.3 MAL- Bus Facilities Entry'!U$3, 'Custom Field Tbl'!$M$5:$M$446 & 'Custom Field Tbl'!$O$5:$O$446, 0 ))} -> #N/A | V11: =IF(ISNA(INDEX(CFV_Tbl[CF Description], MATCH('9.3 MAL- Bus Facilities Entry'!U11, CFV_Tbl[CF Code], 0)) ), "Field Not Required", INDEX(CFV_Tbl[CF Description], MATCH('9.3 MAL- Bus Facilities Entry'!U11, CFV_Tbl[CF Code], 0)) ) -> Field Not Required | Y11: {=INDEX('Custom Field Tbl'!$N$5:$N$446, MATCH('9.3 MAL- Bus Facilities Entry'!$Q11 & '9.3 MAL- Bus Facilities Entry'!Y$3, 'Custom Field Tbl'!$M$5:$M$446 & 'Custom Field Tbl'!$O$5:$O$446, 0 ))} -> #N/A | Z11: =IF(ISNA(INDEX(CFV_Tbl[CF Description], MATCH('9.3 MAL- Bus Facilities Entry'!Y11, CFV_Tbl[CF Code], 0)) ), "Field Not Required", INDEX(CFV_Tbl[CF Description], MATCH('9.3 MAL- Bus Facilities Entry'!Y11, CFV_Tbl[CF Code], 0)) ) -> Field Not Required | AC11: {=INDEX('Custom Field Tbl'!$N$5:$N$446, MATCH('9.3 MAL- Bus Facilities Entry'!$Q11 & '9.3 MAL- Bus Facilities Entry'!AC$3, 'Custom Field Tbl'!$M$5:$M$446 & 'Custom Field Tbl'!$O$5:$O$446, 0 ))} -> #N/A | AD11: =IF(ISNA(INDEX(CFV_Tbl[CF Description], MATCH('9.3 MAL- Bus Facilities Entry'!AC11, CFV_Tbl[CF Code], 0)) ), "Field Not Required", INDEX(CFV_Tbl[CF Description], MATCH('9.3 MAL- Bus Facilities Entry'!AC11, CFV_Tbl[CF Code], 0)) ) -> Field Not Required | AG11: {=INDEX('Custom Field Tbl'!$N$5:$N$446, MATCH('9.3 MAL- Bus Facilities Entry'!$Q11 & '9.3 MAL- Bus Facilities Entry'!AG$3, 'Custom Field Tbl'!$M$5:$M$446 & 'Custom Field Tbl'!$O$5:$O$446, 0 ))} -> #N/A | AH11: =IF(ISNA(INDEX(CFV_Tbl[CF Description], MATCH('9.3 MAL- Bus Facilities Entry'!AG11, CFV_Tbl[CF Code], 0)) ), "Field Not Required", INDEX(CFV_Tbl[CF Description], MATCH('9.3 MAL- Bus Facilities Entry'!AG11, CFV_Tbl[CF Code], 0)) ) -> Field Not Required | AK11: {=INDEX('Custom Field Tbl'!$N$5:$N$446, MATCH('9.3 MAL- Bus Facilities Entry'!$Q11 & '9.3 MAL- Bus Facilities Entry'!AK$3, 'Custom Field Tbl'!$M$5:$M$446 & 'Custom Field Tbl'!$O$5:$O$446, 0 ))} -> #N/A | AL11: =IF(ISNA(INDEX(CFV_Tbl[CF Description], MATCH('9.3 MAL- Bus Facilities Entry'!AK11, CFV_Tbl[CF Code], 0)) ), "Field Not Required", INDEX(CFV_Tbl[CF Description], MATCH('9.3 MAL- Bus Facilities Entry'!AK11, CFV_Tbl[CF Code], 0)) ) -> Field Not Required | AO11: {=INDEX('Custom Field Tbl'!$N$5:$N$446, MATCH('9.3 MAL- Bus Facilities Entry'!$Q11 & '9.3 MAL- Bus Facilities Entry'!AO$3, 'Custom Field Tbl'!$M$5:$M$446 & 'Custom Field Tbl'!$O$5:$O$446, 0 ))} -> #N/A | AP11: Field Not Required | AT11: =IF(ISNA(INDEX(CFV_Tbl[CF Description], MATCH('9.3 MAL- Bus Facilities Entry'!AS11, CFV_Tbl[CF Code], 0)) ), "Field Not Required", INDEX(CFV_Tbl[CF Description], MATCH('9.3 MAL- Bus Facilities Entry'!AS11, CFV_Tbl[CF Code], 0)) ) -> Field Not Required | AW11: {=INDEX('Custom Field Tbl'!$N$5:$N$446, MATCH('9.3 MAL- Bus Facilities Entry'!$Q11 & '9.3 MAL- Bus Facilities Entry'!AW$3, 'Custom Field Tbl'!$M$5:$M$446 & 'Custom Field Tbl'!$O$5:$O$446, 0 ))} -> #N/A | AX11: Field Not Required | BA11: {=INDEX('Custom Field Tbl'!$N$5:$N$446, MATCH('9.3 MAL- Bus Facilities Entry'!$Q11 & '9.3 MAL- Bus Facilities Entry'!BA$3, 'Custom Field Tbl'!$M$5:$M$446 & 'Custom Field Tbl'!$O$5:$O$446, 0 ))} -> #N/A | BB11: Field Not Required | BE11: {=INDEX('Custom Field Tbl'!$N$5:$N$446, MATCH('9.3 MAL- Bus Facilities Entry'!$Q11 & '9.3 MAL- Bus Facilities Entry'!BE$3, 'Custom Field Tbl'!$M$5:$M$446 & 'Custom Field Tbl'!$O$5:$O$446, 0 ))} -> #N/A | BF11: Field Not Required | BJ11: =INDEX(Mnemonic[Code], MATCH('9.3 MAL- Bus Facilities Entry'!BS11, Mnemonic[Description], 0)) -> #N/A | BK11: =INDEX(Mnemonic[Code], MATCH('9.3 MAL- Bus Facilities Entry'!BT11, Mnemonic[Description], 0)) -> #N/A | BL11: =IF(ISNA(INDEX(Mnemonic[Code], MATCH( '9.3 MAL- Bus Facilities Entry'!BU11, Mnemonic[Description], 0)) ), INDEX(Mnemonic[Code], MATCH( LEFT('9.3 MAL- Bus Facilities Entry'!BU11, LEN(BU11)-2), Mnemonic[Description], 0)), INDEX(Mnemonic[Code], MATCH( '9.3 MAL- Bus Facilities Entry'!BU11, Mnemonic[Description], 0)) ) -> #VALUE! | BM11: =IF(ISNA(INDEX(Mnemonic[Code], MATCH( '9.3 MAL- Bus Facilities Entry'!BV11, Mnemonic[Description], 0)) ), INDEX(Mnemonic[Code], MATCH( LEFT('9.3 MAL- Bus Facilities Entry'!BV11, LEN(BV11)-2), Mnemonic[Description], 0)), INDEX(Mnemonic[Code], MATCH( '9.3 MAL- Bus Facilities Entry'!BV11, Mnemonic[Description], 0)) ) -> #VALUE! | BN11: =IF(ISNA(INDEX(Mnemonic[Code], MATCH( '9.3 MAL- Bus Facilities Entry'!BW11, Mnemonic[Description], 0)) ), INDEX(Mnemonic[Code], MATCH( LEFT('9.3 MAL- Bus Facilities Entry'!BW11, LEN(BW11)-1), Mnemonic[Description], 0)), INDEX(Mnemonic[Code], MATCH( '9.3 MAL- Bus Facilities Entry'!BW11, Mnemonic[Description], 0)) ) -> #VALUE! | BO11: =IF(ISNA(INDEX(Mnemonic[Code], MATCH( '9.3 MAL- Bus Facilities Entry'!BX11, Mnemonic[Description], 0)) ), INDEX(Mnemonic[Code], MATCH( LEFT('9.3 MAL- Bus Facilities Entry'!BX11, LEN(BX11)-1), Mnemonic[Description], 0)), INDEX(Mnemonic[Code], MATCH( '9.3 MAL- Bus Facilities Entry'!BX11, Mnemonic[Description], 0)) ) -> #VALUE! | BP11: =IF(ISBLANK(BX11), BK11 &"-"&BL11, BK11 &"-"&BL11 & "-" & BM11) -> #N/A | BQ11: =CONCATENATE(BJ11,"-",BP11) -> #N/A | BR11: =IF(BM11=BN11,CONCATENATE(BQ11,"-",BM11,"-",BY11),CONCATENATE(BQ11,"-",BO11,"-",BY11)) -> #VALUE! | CA11: =INDEX('MAL-OTHERLOOKUPS'!$ES$4:$ES$56, MATCH('9.3 MAL- Bus Facilities Entry'!CE11, 'MAL-OTHERLOOKUPS'!$ET$4:$ET$56, 0)) -> #N/A | CB11: =CONCATENATE("L","-",IF(ISNA($BJ11),"", BJ11&"MF"),IF(ISNA($CD11),"","-"&$CD11),IF(ISNA($CA11),"","-"&$CA11)) -> L-- | CJ11: =INDEX('Default X, Y'!$D$6:$D$13,MATCH('9.3 MAL- Bus Facilities Entry'!BJ11&"MF",'Default X, Y'!$B$6:$B$13,0)) -> #N/A | CK11: =INDEX('Default X, Y'!$E$6:$E$13,MATCH('9.3 MAL- Bus Facilities Entry'!BJ11&"MF",'Default X, Y'!$B$6:$B$13,0)) -> #N/A | CL11: ="MX_Common_BRT" -> MX_Common_BRT | CN11: 0 | CP11: =$CL11&"-"&$CM11 -> MX_Common_BRT- | CR11: =CONCATENATE($P12,"; ",$CG11,"; ", $BY14) -> ; ; | CS11: =CONCATENATE($P12,"; ",$BS11,"; ",$CE11) -> ; ; | CU11: #REF!
Q12: =INDEX(AssetClass[Asset Class], MATCH('9.3 MAL- Bus Facilities Entry'!P12, AssetClass[Class Description], 0)) -> #N/A | S12: =INDEX(Table15[Category Code], MATCH('9.3 MAL- Bus Facilities Entry'!R12, Table15[Category Description], 0)) -> #N/A | U12: {=INDEX('Custom Field Tbl'!$N$5:$N$446, MATCH('9.3 MAL- Bus Facilities Entry'!$Q12 & '9.3 MAL- Bus Facilities Entry'!U$3, 'Custom Field Tbl'!$M$5:$M$446 & 'Custom Field Tbl'!$O$5:$O$446, 0 ))} -> #N/A | V12: =IF(ISNA(INDEX(CFV_Tbl[CF Description], MATCH('9.3 MAL- Bus Facilities Entry'!U12, CFV_Tbl[CF Code], 0)) ), "Field Not Required", INDEX(CFV_Tbl[CF Description], MATCH('9.3 MAL- Bus Facilities Entry'!U12, CFV_Tbl[CF Code], 0)) ) -> Field Not Required | Y12: {=INDEX('Custom Field Tbl'!$N$5:$N$446, MATCH('9.3 MAL- Bus Facilities Entry'!$Q12 & '9.3 MAL- Bus Facilities Entry'!Y$3, 'Custom Field Tbl'!$M$5:$M$446 & 'Custom Field Tbl'!$O$5:$O$446, 0 ))} -> #N/A | Z12: =IF(ISNA(INDEX(CFV_Tbl[CF Description], MATCH('9.3 MAL- Bus Facilities Entry'!Y12, CFV_Tbl[CF Code], 0)) ), "Field Not Required", INDEX(CFV_Tbl[CF Description], MATCH('9.3 MAL- Bus Facilities Entry'!Y12, CFV_Tbl[CF Code], 0)) ) -> Field Not Required | AC12: {=INDEX('Custom Field Tbl'!$N$5:$N$446, MATCH('9.3 MAL- Bus Facilities Entry'!$Q12 & '9.3 MAL- Bus Facilities Entry'!AC$3, 'Custom Field Tbl'!$M$5:$M$446 & 'Custom Field Tbl'!$O$5:$O$446, 0 ))} -> #N/A | AD12: =IF(ISNA(INDEX(CFV_Tbl[CF Description], MATCH('9.3 MAL- Bus Facilities Entry'!AC12, CFV_Tbl[CF Code], 0)) ), "Field Not Required", INDEX(CFV_Tbl[CF Description], MATCH('9.3 MAL- Bus Facilities Entry'!AC12, CFV_Tbl[CF Code], 0)) ) -> Field Not Required | AG12: {=INDEX('Custom Field Tbl'!$N$5:$N$446, MATCH('9.3 MAL- Bus Facilities Entry'!$Q12 & '9.3 MAL- Bus Facilities Entry'!AG$3, 'Custom Field Tbl'!$M$5:$M$446 & 'Custom Field Tbl'!$O$5:$O$446, 0 ))} -> #N/A | AH12: =IF(ISNA(INDEX(CFV_Tbl[CF Description], MATCH('9.3 MAL- Bus Facilities Entry'!AG12, CFV_Tbl[CF Code], 0)) ), "Field Not Required", INDEX(CFV_Tbl[CF Description], MATCH('9.3 MAL- Bus Facilities Entry'!AG12, CFV_Tbl[CF Code], 0)) ) -> Field Not Required | AK12: {=INDEX('Custom Field Tbl'!$N$5:$N$446, MATCH('9.3 MAL- Bus Facilities Entry'!$Q12 & '9.3 MAL- Bus Facilities Entry'!AK$3, 'Custom Field Tbl'!$M$5:$M$446 & 'Custom Field Tbl'!$O$5:$O$446, 0 ))} -> #N/A | AL12: =IF(ISNA(INDEX(CFV_Tbl[CF Description], MATCH('9.3 MAL- Bus Facilities Entry'!AK12, CFV_Tbl[CF Code], 0)) ), "Field Not Required", INDEX(CFV_Tbl[CF Description], MATCH('9.3 MAL- Bus Facilities Entry'!AK12, CFV_Tbl[CF Code], 0)) ) -> Field Not Required | AO12: {=INDEX('Custom Field Tbl'!$N$5:$N$446, MATCH('9.3 MAL- Bus Facilities Entry'!$Q12 & '9.3 MAL- Bus Facilities Entry'!AO$3, 'Custom Field Tbl'!$M$5:$M$446 & 'Custom Field Tbl'!$O$5:$O$446, 0 ))} -> #N/A | AP12: Field Not Required | AT12: =IF(ISNA(INDEX(CFV_Tbl[CF Description], MATCH('9.3 MAL- Bus Facilities Entry'!AS12, CFV_Tbl[CF Code], 0)) ), "Field Not Required", INDEX(CFV_Tbl[CF Description], MATCH('9.3 MAL- Bus Facilities Entry'!AS12, CFV_Tbl[CF Code], 0)) ) -> Field Not Required | AW12: {=INDEX('Custom Field Tbl'!$N$5:$N$446, MATCH('9.3 MAL- Bus Facilities Entry'!$Q12 & '9.3 MAL- Bus Facilities Entry'!AW$3, 'Custom Field Tbl'!$M$5:$M$446 & 'Custom Field Tbl'!$O$5:$O$446, 0 ))} -> #N/A | AX12: Field Not Required | BA12: {=INDEX('Custom Field Tbl'!$N$5:$N$446, MATCH('9.3 MAL- Bus Facilities Entry'!$Q12 & '9.3 MAL- Bus Facilities Entry'!BA$3, 'Custom Field Tbl'!$M$5:$M$446 & 'Custom Field Tbl'!$O$5:$O$446, 0 ))} -> #N/A | BB12: Field Not Required | BE12: {=INDEX('Custom Field Tbl'!$N$5:$N$446, MATCH('9.3 MAL- Bus Facilities Entry'!$Q12 & '9.3 MAL- Bus Facilities Entry'!BE$3, 'Custom Field Tbl'!$M$5:$M$446 & 'Custom Field Tbl'!$O$5:$O$446, 0 ))} -> #N/A | BF12: Field Not Required | BJ12: =INDEX(Mnemonic[Code], MATCH('9.3 MAL- Bus Facilities Entry'!BS12, Mnemonic[Description], 0)) -> #N/A | BK12: =INDEX(Mnemonic[Code], MATCH('9.3 MAL- Bus Facilities Entry'!BT12, Mnemonic[Description], 0)) -> #N/A | BL12: =IF(ISNA(INDEX(Mnemonic[Code], MATCH( '9.3 MAL- Bus Facilities Entry'!BU12, Mnemonic[Description], 0)) ), INDEX(Mnemonic[Code], MATCH( LEFT('9.3 MAL- Bus Facilities Entry'!BU12, LEN(BU12)-2), Mnemonic[Description], 0)), INDEX(Mnemonic[Code], MATCH( '9.3 MAL- Bus Facilities Entry'!BU12, Mnemonic[Description], 0)) ) -> #VALUE! | BM12: =IF(ISNA(INDEX(Mnemonic[Code], MATCH( '9.3 MAL- Bus Facilities Entry'!BV12, Mnemonic[Description], 0)) ), INDEX(Mnemonic[Code], MATCH( LEFT('9.3 MAL- Bus Facilities Entry'!BV12, LEN(BV12)-2), Mnemonic[Description], 0)), INDEX(Mnemonic[Code], MATCH( '9.3 MAL- Bus Facilities Entry'!BV12, Mnemonic[Description], 0)) ) -> #VALUE! | BN12: =IF(ISNA(INDEX(Mnemonic[Code], MATCH( '9.3 MAL- Bus Facilities Entry'!BW12, Mnemonic[Description], 0)) ), INDEX(Mnemonic[Code], MATCH( LEFT('9.3 MAL- Bus Facilities Entry'!BW12, LEN(BW12)-1), Mnemonic[Description], 0)), INDEX(Mnemonic[Code], MATCH( '9.3 MAL- Bus Facilities Entry'!BW12, Mnemonic[Description], 0)) ) -> #VALUE! | BO12: =IF(ISNA(INDEX(Mnemonic[Code], MATCH( '9.3 MAL- Bus Facilities Entry'!BX12, Mnemonic[Description], 0)) ), INDEX(Mnemonic[Code], MATCH( LEFT('9.3 MAL- Bus Facilities Entry'!BX12, LEN(BX12)-1), Mnemonic[Description], 0)), INDEX(Mnemonic[Code], MATCH( '9.3 MAL- Bus Facilities Entry'!BX12, Mnemonic[Description], 0)) ) -> #VALUE! | BP12: =IF(ISBLANK(BX12), BK12 &"-"&BL12, BK12 &"-"&BL12 & "-" & BM12) -> #N/A | BQ12: =CONCATENATE(BJ12,"-",BP12) -> #N/A | BR12: =IF(BM12=BN12,CONCATENATE(BQ12,"-",BM12,"-",BY12),CONCATENATE(BQ12,"-",BO12,"-",BY12)) -> #VALUE! | CA12: =INDEX('MAL-OTHERLOOKUPS'!$ES$4:$ES$56, MATCH('9.3 MAL- Bus Facilities Entry'!CE12, 'MAL-OTHERLOOKUPS'!$ET$4:$ET$56, 0)) -> #N/A | CB12: =CONCATENATE("L","-",IF(ISNA($BJ12),"", BJ12&"MF"),IF(ISNA($CD12),"","-"&$CD12),IF(ISNA($CA12),"","-"&$CA12)) -> L-- | CJ12: =INDEX('Default X, Y'!$D$6:$D$13,MATCH('9.3 MAL- Bus Facilities Entry'!BJ12&"MF",'Default X, Y'!$B$6:$B$13,0)) -> #N/A | CK12: =INDEX('Default X, Y'!$E$6:$E$13,MATCH('9.3 MAL- Bus Facilities Entry'!BJ12&"MF",'Default X, Y'!$B$6:$B$13,0)) -> #N/A | CL12: ="MX_Common_BRT" -> MX_Common_BRT | CN12: 0 | CP12: =$CL12&"-"&$CM12 -> MX_Common_BRT- | CR12: =CONCATENATE($P12,"; ",$CG12,"; ", $BY12) -> ; ; | CS12: =CONCATENATE($P12,"; ",$BS12,"; ",$CE12) -> ; ; | CU12: #REF!
Q13: =INDEX(AssetClass[Asset Class], MATCH('9.3 MAL- Bus Facilities Entry'!P13, AssetClass[Class Description], 0)) -> #N/A | S13: =INDEX(Table15[Category Code], MATCH('9.3 MAL- Bus Facilities Entry'!R13, Table15[Category Description], 0)) -> #N/A | U13: {=INDEX('Custom Field Tbl'!$N$5:$N$446, MATCH('9.3 MAL- Bus Facilities Entry'!$Q13 & '9.3 MAL- Bus Facilities Entry'!U$3, 'Custom Field Tbl'!$M$5:$M$446 & 'Custom Field Tbl'!$O$5:$O$446, 0 ))} -> #N/A | V13: =IF(ISNA(INDEX(CFV_Tbl[CF Description], MATCH('9.3 MAL- Bus Facilities Entry'!U13, CFV_Tbl[CF Code], 0)) ), "Field Not Required", INDEX(CFV_Tbl[CF Description], MATCH('9.3 MAL- Bus Facilities Entry'!U13, CFV_Tbl[CF Code], 0)) ) -> Field Not Required | Y13: {=INDEX('Custom Field Tbl'!$N$5:$N$446, MATCH('9.3 MAL- Bus Facilities Entry'!$Q13 & '9.3 MAL- Bus Facilities Entry'!Y$3, 'Custom Field Tbl'!$M$5:$M$446 & 'Custom Field Tbl'!$O$5:$O$446, 0 ))} -> #N/A | Z13: =IF(ISNA(INDEX(CFV_Tbl[CF Description], MATCH('9.3 MAL- Bus Facilities Entry'!Y13, CFV_Tbl[CF Code], 0)) ), "Field Not Required", INDEX(CFV_Tbl[CF Description], MATCH('9.3 MAL- Bus Facilities Entry'!Y13, CFV_Tbl[CF Code], 0)) ) -> Field Not Required | AC13: {=INDEX('Custom Field Tbl'!$N$5:$N$446, MATCH('9.3 MAL- Bus Facilities Entry'!$Q13 & '9.3 MAL- Bus Facilities Entry'!AC$3, 'Custom Field Tbl'!$M$5:$M$446 & 'Custom Field Tbl'!$O$5:$O$446, 0 ))} -> #N/A | AD13: =IF(ISNA(INDEX(CFV_Tbl[CF Description], MATCH('9.3 MAL- Bus Facilities Entry'!AC13, CFV_Tbl[CF Code], 0)) ), "Field Not Required", INDEX(CFV_Tbl[CF Description], MATCH('9.3 MAL- Bus Facilities Entry'!AC13, CFV_Tbl[CF Code], 0)) ) -> Field Not Required | AG13: {=INDEX('Custom Field Tbl'!$N$5:$N$446, MATCH('9.3 MAL- Bus Facilities Entry'!$Q13 & '9.3 MAL- Bus Facilities Entry'!AG$3, 'Custom Field Tbl'!$M$5:$M$446 & 'Custom Field Tbl'!$O$5:$O$446, 0 ))} -> #N/A | AH13: =IF(ISNA(INDEX(CFV_Tbl[CF Description], MATCH('9.3 MAL- Bus Facilities Entry'!AG13, CFV_Tbl[CF Code], 0)) ), "Field Not Required", INDEX(CFV_Tbl[CF Description], MATCH('9.3 MAL- Bus Facilities Entry'!AG13, CFV_Tbl[CF Code], 0)) ) -> Field Not Required | AK13: {=INDEX('Custom Field Tbl'!$N$5:$N$446, MATCH('9.3 MAL- Bus Facilities Entry'!$Q13 & '9.3 MAL- Bus Facilities Entry'!AK$3, 'Custom Field Tbl'!$M$5:$M$446 & 'Custom Field Tbl'!$O$5:$O$446, 0 ))} -> #N/A | AL13: =IF(ISNA(INDEX(CFV_Tbl[CF Description], MATCH('9.3 MAL- Bus Facilities Entry'!AK13, CFV_Tbl[CF Code], 0)) ), "Field Not Required", INDEX(CFV_Tbl[CF Description], MATCH('9.3 MAL- Bus Facilities Entry'!AK13, CFV_Tbl[CF Code], 0)) ) -> Field Not Required | AO13: {=INDEX('Custom Field Tbl'!$N$5:$N$446, MATCH('9.3 MAL- Bus Facilities Entry'!$Q13 & '9.3 MAL- Bus Facilities Entry'!AO$3, 'Custom Field Tbl'!$M$5:$M$446 & 'Custom Field Tbl'!$O$5:$O$446, 0 ))} -> #N/A | AP13: =IF(ISNA(INDEX(CFV_Tbl[CF Description], MATCH('9.3 MAL- Bus Facilities Entry'!AO13, CFV_Tbl[CF Code], 0)) ), "Field Not Required", INDEX(CFV_Tbl[CF Description], MATCH('9.3 MAL- Bus Facilities Entry'!AO13, CFV_Tbl[CF Code], 0)) ) -> Field Not Required | AT13: =IF(ISNA(INDEX(CFV_Tbl[CF Description], MATCH('9.3 MAL- Bus Facilities Entry'!AS13, CFV_Tbl[CF Code], 0)) ), "Field Not Required", INDEX(CFV_Tbl[CF Description], MATCH('9.3 MAL- Bus Facilities Entry'!AS13, CFV_Tbl[CF Code], 0)) ) -> Field Not Required | AW13: {=INDEX('Custom Field Tbl'!$N$5:$N$446, MATCH('9.3 MAL- Bus Facilities Entry'!$Q13 & '9.3 MAL- Bus Facilities Entry'!AW$3, 'Custom Field Tbl'!$M$5:$M$446 & 'Custom Field Tbl'!$O$5:$O$446, 0 ))} -> #N/A | AX13: Field Not Required | BA13: {=INDEX('Custom Field Tbl'!$N$5:$N$446, MATCH('9.3 MAL- Bus Facilities Entry'!$Q13 & '9.3 MAL- Bus Facilities Entry'!BA$3, 'Custom Field Tbl'!$M$5:$M$446 & 'Custom Field Tbl'!$O$5:$O$446, 0 ))} -> #N/A | BB13: =IF(ISNA(INDEX(CFV_Tbl[CF Description], MATCH('9.3 MAL- Bus Facilities Entry'!BA13, CFV_Tbl[CF Code], 0)) ), "Field Not Required", INDEX(CFV_Tbl[CF Description], MATCH('9.3 MAL- Bus Facilities Entry'!BA13, CFV_Tbl[CF Code], 0)) ) -> Field Not Required | BE13: {=INDEX('Custom Field Tbl'!$N$5:$N$446, MATCH('9.3 MAL- Bus Facilities Entry'!$Q13 & '9.3 MAL- Bus Facilities Entry'!BE$3, 'Custom Field Tbl'!$M$5:$M$446 & 'Custom Field Tbl'!$O$5:$O$446, 0 ))} -> #N/A | BF13: =IF(ISNA(INDEX(CFV_Tbl[CF Description], MATCH('9.3 MAL- Bus Facilities Entry'!BE13, CFV_Tbl[CF Code], 0)) ), "Field Not Required", INDEX(CFV_Tbl[CF Description], MATCH('9.3 MAL- Bus Facilities Entry'!BE13, CFV_Tbl[CF Code], 0)) ) -> Field Not Required | BJ13: =INDEX(Mnemonic[Code], MATCH('9.3 MAL- Bus Facilities Entry'!BS13, Mnemonic[Description], 0)) -> #N/A | BK13: =INDEX(Mnemonic[Code], MATCH('9.3 MAL- Bus Facilities Entry'!BT13, Mnemonic[Description], 0)) -> #N/A | BL13: =IF(ISNA(INDEX(Mnemonic[Code], MATCH( '9.3 MAL- Bus Facilities Entry'!BU13, Mnemonic[Description], 0)) ), INDEX(Mnemonic[Code], MATCH( LEFT('9.3 MAL- Bus Facilities Entry'!BU13, LEN(BU13)-2), Mnemonic[Description], 0)), INDEX(Mnemonic[Code], MATCH( '9.3 MAL- Bus Facilities Entry'!BU13, Mnemonic[Description], 0)) ) -> #VALUE! | BM13: =IF(ISNA(INDEX(Mnemonic[Code], MATCH( '9.3 MAL- Bus Facilities Entry'!BV13, Mnemonic[Description], 0)) ), INDEX(Mnemonic[Code], MATCH( LEFT('9.3 MAL- Bus Facilities Entry'!BV13, LEN(BV13)-2), Mnemonic[Description], 0)), INDEX(Mnemonic[Code], MATCH( '9.3 MAL- Bus Facilities Entry'!BV13, Mnemonic[Description], 0)) ) -> #VALUE! | BN13: =IF(ISNA(INDEX(Mnemonic[Code], MATCH( '9.3 MAL- Bus Facilities Entry'!BW13, Mnemonic[Description], 0)) ), INDEX(Mnemonic[Code], MATCH( LEFT('9.3 MAL- Bus Facilities Entry'!BW13, LEN(BW13)-1), Mnemonic[Description], 0)), INDEX(Mnemonic[Code], MATCH( '9.3 MAL- Bus Facilities Entry'!BW13, Mnemonic[Description], 0)) ) -> #VALUE! | BO13: =IF(ISNA(INDEX(Mnemonic[Code], MATCH( '9.3 MAL- Bus Facilities Entry'!BX13, Mnemonic[Description], 0)) ), INDEX(Mnemonic[Code], MATCH( LEFT('9.3 MAL- Bus Facilities Entry'!BX13, LEN(BX13)-1), Mnemonic[Description], 0)), INDEX(Mnemonic[Code], MATCH( '9.3 MAL- Bus Facilities Entry'!BX13, Mnemonic[Description], 0)) ) -> #VALUE! | BP13: =IF(ISBLANK(BX13), BK13 &"-"&BL13, BK13 &"-"&BL13 & "-" & BM13) -> #N/A | BQ13: =CONCATENATE(BJ13,"-",BP13) -> #N/A | BR13: =IF(BM13=BN13,CONCATENATE(BQ13,"-",BM13,"-",BY13),CONCATENATE(BQ13,"-",BO13,"-",BY13)) -> #VALUE! | CA13: =INDEX('MAL-OTHERLOOKUPS'!$ES$4:$ES$56, MATCH('9.3 MAL- Bus Facilities Entry'!CE13, 'MAL-OTHERLOOKUPS'!$ET$4:$ET$56, 0)) -> #N/A | CB13: =CONCATENATE("L","-",IF(ISNA($BJ13),"", BJ13&"MF"),IF(ISNA($CD13),"","-"&$CD13),IF(ISNA($CA13),"","-"&$CA13)) -> L-- | CJ13: =INDEX('Default X, Y'!$D$6:$D$13,MATCH('9.3 MAL- Bus Facilities Entry'!BJ13&"MF",'Default X, Y'!$B$6:$B$13,0)) -> #N/A | CK13: =INDEX('Default X, Y'!$E$6:$E$13,MATCH('9.3 MAL- Bus Facilities Entry'!BJ13&"MF",'Default X, Y'!$B$6:$B$13,0)) -> #N/A | CL13: ="MX_Common_BRT" -> MX_Common_BRT | CN13: 0 | CP13: =$CL13&"-"&$CM13 -> MX_Common_BRT- | CR13: =CONCATENATE($P13,"; ",$CG13,"; ", $BY13) -> ; ; | CS13: =CONCATENATE($P13,"; ",$BS13,"; ",$CE13) -> ; ; | CU13: #REF!
Q14: =INDEX(AssetClass[Asset Class], MATCH('9.3 MAL- Bus Facilities Entry'!P14, AssetClass[Class Description], 0)) -> #N/A | S14: =INDEX(Table15[Category Code], MATCH('9.3 MAL- Bus Facilities Entry'!R14, Table15[Category Description], 0)) -> #N/A | U14: {=INDEX('Custom Field Tbl'!$N$5:$N$446, MATCH('9.3 MAL- Bus Facilities Entry'!$Q14 & '9.3 MAL- Bus Facilities Entry'!U$3, 'Custom Field Tbl'!$M$5:$M$446 & 'Custom Field Tbl'!$O$5:$O$446, 0 ))} -> #N/A | V14: =IF(ISNA(INDEX(CFV_Tbl[CF Description], MATCH('9.3 MAL- Bus Facilities Entry'!U14, CFV_Tbl[CF Code], 0)) ), "Field Not Required", INDEX(CFV_Tbl[CF Description], MATCH('9.3 MAL- Bus Facilities Entry'!U14, CFV_Tbl[CF Code], 0)) ) -> Field Not Required | Y14: {=INDEX('Custom Field Tbl'!$N$5:$N$446, MATCH('9.3 MAL- Bus Facilities Entry'!$Q14 & '9.3 MAL- Bus Facilities Entry'!Y$3, 'Custom Field Tbl'!$M$5:$M$446 & 'Custom Field Tbl'!$O$5:$O$446, 0 ))} -> #N/A | Z14: =IF(ISNA(INDEX(CFV_Tbl[CF Description], MATCH('9.3 MAL- Bus Facilities Entry'!Y14, CFV_Tbl[CF Code], 0)) ), "Field Not Required", INDEX(CFV_Tbl[CF Description], MATCH('9.3 MAL- Bus Facilities Entry'!Y14, CFV_Tbl[CF Code], 0)) ) -> Field Not Required | AC14: {=INDEX('Custom Field Tbl'!$N$5:$N$446, MATCH('9.3 MAL- Bus Facilities Entry'!$Q14 & '9.3 MAL- Bus Facilities Entry'!AC$3, 'Custom Field Tbl'!$M$5:$M$446 & 'Custom Field Tbl'!$O$5:$O$446, 0 ))} -> #N/A | AD14: =IF(ISNA(INDEX(CFV_Tbl[CF Description], MATCH('9.3 MAL- Bus Facilities Entry'!AC14, CFV_Tbl[CF Code], 0)) ), "Field Not Required", INDEX(CFV_Tbl[CF Description], MATCH('9.3 MAL- Bus Facilities Entry'!AC14, CFV_Tbl[CF Code], 0)) ) -> Field Not Required | AG14: {=INDEX('Custom Field Tbl'!$N$5:$N$446, MATCH('9.3 MAL- Bus Facilities Entry'!$Q14 & '9.3 MAL- Bus Facilities Entry'!AG$3, 'Custom Field Tbl'!$M$5:$M$446 & 'Custom Field Tbl'!$O$5:$O$446, 0 ))} -> #N/A | AH14: =IF(ISNA(INDEX(CFV_Tbl[CF Description], MATCH('9.3 MAL- Bus Facilities Entry'!AG14, CFV_Tbl[CF Code], 0)) ), "Field Not Required", INDEX(CFV_Tbl[CF Description], MATCH('9.3 MAL- Bus Facilities Entry'!AG14, CFV_Tbl[CF Code], 0)) ) -> Field Not Required | AK14: {=INDEX('Custom Field Tbl'!$N$5:$N$446, MATCH('9.3 MAL- Bus Facilities Entry'!$Q14 & '9.3 MAL- Bus Facilities Entry'!AK$3, 'Custom Field Tbl'!$M$5:$M$446 & 'Custom Field Tbl'!$O$5:$O$446, 0 ))} -> #N/A | AL14: =IF(ISNA(INDEX(CFV_Tbl[CF Description], MATCH('9.3 MAL- Bus Facilities Entry'!AK14, CFV_Tbl[CF Code], 0)) ), "Field Not Required", INDEX(CFV_Tbl[CF Description], MATCH('9.3 MAL- Bus Facilities Entry'!AK14, CFV_Tbl[CF Code], 0)) ) -> Field Not Required | AO14: {=INDEX('Custom Field Tbl'!$N$5:$N$446, MATCH('9.3 MAL- Bus Facilities Entry'!$Q14 & '9.3 MAL- Bus Facilities Entry'!AO$3, 'Custom Field Tbl'!$M$5:$M$446 & 'Custom Field Tbl'!$O$5:$O$446, 0 ))} -> #N/A | AP14: =IF(ISNA(INDEX(CFV_Tbl[CF Description], MATCH('9.3 MAL- Bus Facilities Entry'!AO14, CFV_Tbl[CF Code], 0)) ), "Field Not Required", INDEX(CFV_Tbl[CF Description], MATCH('9.3 MAL- Bus Facilities Entry'!AO14, CFV_Tbl[CF Code], 0)) ) -> Field Not Required | AT14: =IF(ISNA(INDEX(CFV_Tbl[CF Description], MATCH('9.3 MAL- Bus Facilities Entry'!AS14, CFV_Tbl[CF Code], 0)) ), "Field Not Required", INDEX(CFV_Tbl[CF Description], MATCH('9.3 MAL- Bus Facilities Entry'!AS14, CFV_Tbl[CF Code], 0)) ) -> Field Not Required | AW14: {=INDEX('Custom Field Tbl'!$N$5:$N$446, MATCH('9.3 MAL- Bus Facilities Entry'!$Q14 & '9.3 MAL- Bus Facilities Entry'!AW$3, 'Custom Field Tbl'!$M$5:$M$446 & 'Custom Field Tbl'!$O$5:$O$446, 0 ))} -> #N/A | AX14: =IF(ISNA(INDEX(CFV_Tbl[CF Description], MATCH('9.3 MAL- Bus Facilities Entry'!AW14, CFV_Tbl[CF Code], 0)) ), "Field Not Required", INDEX(CFV_Tbl[CF Description], MATCH('9.3 MAL- Bus Facilities Entry'!AW14, CFV_Tbl[CF Code], 0)) ) -> Field Not Required | BA14: {=INDEX('Custom Field Tbl'!$N$5:$N$446, MATCH('9.3 MAL- Bus Facilities Entry'!$Q14 & '9.3 MAL- Bus Facilities Entry'!BA$3, 'Custom Field Tbl'!$M$5:$M$446 & 'Custom Field Tbl'!$O$5:$O$446, 0 ))} -> #N/A | BB14: =IF(ISNA(INDEX(CFV_Tbl[CF Description], MATCH('9.3 MAL- Bus Facilities Entry'!BA14, CFV_Tbl[CF Code], 0)) ), "Field Not Required", INDEX(CFV_Tbl[CF Description], MATCH('9.3 MAL- Bus Facilities Entry'!BA14, CFV_Tbl[CF Code], 0)) ) -> Field Not Required | BE14: {=INDEX('Custom Field Tbl'!$N$5:$N$446, MATCH('9.3 MAL- Bus Facilities Entry'!$Q14 & '9.3 MAL- Bus Facilities Entry'!BE$3, 'Custom Field Tbl'!$M$5:$M$446 & 'Custom Field Tbl'!$O$5:$O$446, 0 ))} -> #N/A | BF14: =IF(ISNA(INDEX(CFV_Tbl[CF Description], MATCH('9.3 MAL- Bus Facilities Entry'!BE14, CFV_Tbl[CF Code], 0)) ), "Field Not Required", INDEX(CFV_Tbl[CF Description], MATCH('9.3 MAL- Bus Facilities Entry'!BE14, CFV_Tbl[CF Code], 0)) ) -> Field Not Required | BJ14: =INDEX(Mnemonic[Code], MATCH('9.3 MAL- Bus Facilities Entry'!BS14, Mnemonic[Description], 0)) -> #N/A | BK14: =INDEX(Mnemonic[Code], MATCH('9.3 MAL- Bus Facilities Entry'!BT14, Mnemonic[Description], 0)) -> #N/A | BL14: =IF(ISNA(INDEX(Mnemonic[Code], MATCH( '9.3 MAL- Bus Facilities Entry'!BU14, Mnemonic[Description], 0)) ), INDEX(Mnemonic[Code], MATCH( LEFT('9.3 MAL- Bus Facilities Entry'!BU14, LEN(BU14)-2), Mnemonic[Description], 0)), INDEX(Mnemonic[Code], MATCH( '9.3 MAL- Bus Facilities Entry'!BU14, Mnemonic[Description], 0)) ) -> #VALUE! | BM14: =IF(ISNA(INDEX(Mnemonic[Code], MATCH( '9.3 MAL- Bus Facilities Entry'!BV14, Mnemonic[Description], 0)) ), INDEX(Mnemonic[Code], MATCH( LEFT('9.3 MAL- Bus Facilities Entry'!BV14, LEN(BV14)-2), Mnemonic[Description], 0)), INDEX(Mnemonic[Code], MATCH( '9.3 MAL- Bus Facilities Entry'!BV14, Mnemonic[Description], 0)) ) -> #VALUE! | BN14: =IF(ISNA(INDEX(Mnemonic[Code], MATCH( '9.3 MAL- Bus Facilities Entry'!BW14, Mnemonic[Description], 0)) ), INDEX(Mnemonic[Code], MATCH( LEFT('9.3 MAL- Bus Facilities Entry'!BW14, LEN(BW14)-1), Mnemonic[Description], 0)), INDEX(Mnemonic[Code], MATCH( '9.3 MAL- Bus Facilities Entry'!BW14, Mnemonic[Description], 0)) ) -> #VALUE! | BO14: =IF(ISNA(INDEX(Mnemonic[Code], MATCH( '9.3 MAL- Bus Facilities Entry'!BX14, Mnemonic[Description], 0)) ), INDEX(Mnemonic[Code], MATCH( LEFT('9.3 MAL- Bus Facilities Entry'!BX14, LEN(BX14)-1), Mnemonic[Description], 0)), INDEX(Mnemonic[Code], MATCH( '9.3 MAL- Bus Facilities Entry'!BX14, Mnemonic[Description], 0)) ) -> #VALUE! | BP14: =IF(ISBLANK(BX14), BK14 &"-"&BL14, BK14 &"-"&BL14 & "-" & BM14) -> #N/A | BQ14: =CONCATENATE(BJ14,"-",BP14) -> #N/A | BR14: =IF(BM14=BN14,CONCATENATE(BQ14,"-",BM14,"-",BY14),CONCATENATE(BQ14,"-",BO14,"-",BY14)) -> #VALUE! | CA14: =INDEX('MAL-OTHERLOOKUPS'!$ES$4:$ES$56, MATCH('9.3 MAL- Bus Facilities Entry'!CE14, 'MAL-OTHERLOOKUPS'!$ET$4:$ET$56, 0)) -> #N/A | CB14: =CONCATENATE("L","-",IF(ISNA($BJ14),"", BJ14&"MF"),IF(ISNA($CD14),"","-"&$CD14),IF(ISNA($CA14),"","-"&$CA14)) -> L-- | CJ14: =INDEX('Default X, Y'!$D$6:$D$13,MATCH('9.3 MAL- Bus Facilities Entry'!BJ14&"MF",'Default X, Y'!$B$6:$B$13,0)) -> #N/A | CK14: =INDEX('Default X, Y'!$E$6:$E$13,MATCH('9.3 MAL- Bus Facilities Entry'!BJ14&"MF",'Default X, Y'!$B$6:$B$13,0)) -> #N/A | CL14: ="MX_Common_BRT" -> MX_Common_BRT | CN14: 0 | CP14: =$CL14&"-"&$CM14 -> MX_Common_BRT- | CR14: =CONCATENATE($P14,"; ",$CG14,"; ", $BY14) -> ; ; | CS14: =CONCATENATE($P14,"; ",$BS15,"; ",$CE14) -> ; ; | CU14: #REF!
Q15: =INDEX(AssetClass[Asset Class], MATCH('9.3 MAL- Bus Facilities Entry'!P15, AssetClass[Class Description], 0)) -> #N/A | S15: =INDEX(Table15[Category Code], MATCH('9.3 MAL- Bus Facilities Entry'!R15, Table15[Category Description], 0)) -> #N/A | U15: {=INDEX('Custom Field Tbl'!$N$5:$N$446, MATCH('9.3 MAL- Bus Facilities Entry'!$Q15 & '9.3 MAL- Bus Facilities Entry'!U$3, 'Custom Field Tbl'!$M$5:$M$446 & 'Custom Field Tbl'!$O$5:$O$446, 0 ))} -> #N/A | V15: =IF(ISNA(INDEX(CFV_Tbl[CF Description], MATCH('9.3 MAL- Bus Facilities Entry'!U15, CFV_Tbl[CF Code], 0)) ), "Field Not Required", INDEX(CFV_Tbl[CF Description], MATCH('9.3 MAL- Bus Facilities Entry'!U15, CFV_Tbl[CF Code], 0)) ) -> Field Not Required | Y15: {=INDEX('Custom Field Tbl'!$N$5:$N$446, MATCH('9.3 MAL- Bus Facilities Entry'!$Q15 & '9.3 MAL- Bus Facilities Entry'!Y$3, 'Custom Field Tbl'!$M$5:$M$446 & 'Custom Field Tbl'!$O$5:$O$446, 0 ))} -> #N/A | Z15: =IF(ISNA(INDEX(CFV_Tbl[CF Description], MATCH('9.3 MAL- Bus Facilities Entry'!Y15, CFV_Tbl[CF Code], 0)) ), "Field Not Required", INDEX(CFV_Tbl[CF Description], MATCH('9.3 MAL- Bus Facilities Entry'!Y15, CFV_Tbl[CF Code], 0)) ) -> Field Not Required | AC15: {=INDEX('Custom Field Tbl'!$N$5:$N$446, MATCH('9.3 MAL- Bus Facilities Entry'!$Q15 & '9.3 MAL- Bus Facilities Entry'!AC$3, 'Custom Field Tbl'!$M$5:$M$446 & 'Custom Field Tbl'!$O$5:$O$446, 0 ))} -> #N/A | AD15: =IF(ISNA(INDEX(CFV_Tbl[CF Description], MATCH('9.3 MAL- Bus Facilities Entry'!AC15, CFV_Tbl[CF Code], 0)) ), "Field Not Required", INDEX(CFV_Tbl[CF Description], MATCH('9.3 MAL- Bus Facilities Entry'!AC15, CFV_Tbl[CF Code], 0)) ) -> Field Not Required | AG15: {=INDEX('Custom Field Tbl'!$N$5:$N$446, MATCH('9.3 MAL- Bus Facilities Entry'!$Q15 & '9.3 MAL- Bus Facilities Entry'!AG$3, 'Custom Field Tbl'!$M$5:$M$446 & 'Custom Field Tbl'!$O$5:$O$446, 0 ))} -> #N/A | AH15: =IF(ISNA(INDEX(CFV_Tbl[CF Description], MATCH('9.3 MAL- Bus Facilities Entry'!AG15, CFV_Tbl[CF Code], 0)) ), "Field Not Required", INDEX(CFV_Tbl[CF Description], MATCH('9.3 MAL- Bus Facilities Entry'!AG15, CFV_Tbl[CF Code], 0)) ) -> Field Not Required | AK15: {=INDEX('Custom Field Tbl'!$N$5:$N$446, MATCH('9.3 MAL- Bus Facilities Entry'!$Q15 & '9.3 MAL- Bus Facilities Entry'!AK$3, 'Custom Field Tbl'!$M$5:$M$446 & 'Custom Field Tbl'!$O$5:$O$446, 0 ))} -> #N/A | AL15: =IF(ISNA(INDEX(CFV_Tbl[CF Description], MATCH('9.3 MAL- Bus Facilities Entry'!AK15, CFV_Tbl[CF Code], 0)) ), "Field Not Required", INDEX(CFV_Tbl[CF Description], MATCH('9.3 MAL- Bus Facilities Entry'!AK15, CFV_Tbl[CF Code], 0)) ) -> Field Not Required | AO15: {=INDEX('Custom Field Tbl'!$N$5:$N$446, MATCH('9.3 MAL- Bus Facilities Entry'!$Q15 & '9.3 MAL- Bus Facilities Entry'!AO$3, 'Custom Field Tbl'!$M$5:$M$446 & 'Custom Field Tbl'!$O$5:$O$446, 0 ))} -> #N/A | AP15: =IF(ISNA(INDEX(CFV_Tbl[CF Description], MATCH('9.3 MAL- Bus Facilities Entry'!AO15, CFV_Tbl[CF Code], 0)) ), "Field Not Required", INDEX(CFV_Tbl[CF Description], MATCH('9.3 MAL- Bus Facilities Entry'!AO15, CFV_Tbl[CF Code], 0)) ) -> Field Not Required | AT15: =IF(ISNA(INDEX(CFV_Tbl[CF Description], MATCH('9.3 MAL- Bus Facilities Entry'!AS15, CFV_Tbl[CF Code], 0)) ), "Field Not Required", INDEX(CFV_Tbl[CF Description], MATCH('9.3 MAL- Bus Facilities Entry'!AS15, CFV_Tbl[CF Code], 0)) ) -> Field Not Required | AW15: {=INDEX('Custom Field Tbl'!$N$5:$N$446, MATCH('9.3 MAL- Bus Facilities Entry'!$Q15 & '9.3 MAL- Bus Facilities Entry'!AW$3, 'Custom Field Tbl'!$M$5:$M$446 & 'Custom Field Tbl'!$O$5:$O$446, 0 ))} -> #N/A | AX15: =IF(ISNA(INDEX(CFV_Tbl[CF Description], MATCH('9.3 MAL- Bus Facilities Entry'!AW15, CFV_Tbl[CF Code], 0)) ), "Field Not Required", INDEX(CFV_Tbl[CF Description], MATCH('9.3 MAL- Bus Facilities Entry'!AW15, CFV_Tbl[CF Code], 0)) ) -> Field Not Required | BA15: {=INDEX('Custom Field Tbl'!$N$5:$N$446, MATCH('9.3 MAL- Bus Facilities Entry'!$Q15 & '9.3 MAL- Bus Facilities Entry'!BA$3, 'Custom Field Tbl'!$M$5:$M$446 & 'Custom Field Tbl'!$O$5:$O$446, 0 ))} -> #N/A | BB15: =IF(ISNA(INDEX(CFV_Tbl[CF Description], MATCH('9.3 MAL- Bus Facilities Entry'!BA15, CFV_Tbl[CF Code], 0)) ), "Field Not Required", INDEX(CFV_Tbl[CF Description], MATCH('9.3 MAL- Bus Facilities Entry'!BA15, CFV_Tbl[CF Code], 0)) ) -> Field Not Required | BE15: {=INDEX('Custom Field Tbl'!$N$5:$N$446, MATCH('9.3 MAL- Bus Facilities Entry'!$Q15 & '9.3 MAL- Bus Facilities Entry'!BE$3, 'Custom Field Tbl'!$M$5:$M$446 & 'Custom Field Tbl'!$O$5:$O$446, 0 ))} -> #N/A | BF15: =IF(ISNA(INDEX(CFV_Tbl[CF Description], MATCH('9.3 MAL- Bus Facilities Entry'!BE15, CFV_Tbl[CF Code], 0)) ), "Field Not Required", INDEX(CFV_Tbl[CF Description], MATCH('9.3 MAL- Bus Facilities Entry'!BE15, CFV_Tbl[CF Code], 0)) ) -> Field Not Required | BJ15: =INDEX(Mnemonic[Code], MATCH('9.3 MAL- Bus Facilities Entry'!BS15, Mnemonic[Description], 0)) -> #N/A | BK15: =INDEX(Mnemonic[Code], MATCH('9.3 MAL- Bus Facilities Entry'!BT15, Mnemonic[Description], 0)) -> #N/A | BL15: =IF(ISNA(INDEX(Mnemonic[Code], MATCH( '9.3 MAL- Bus Facilities Entry'!BU15, Mnemonic[Description], 0)) ), INDEX(Mnemonic[Code], MATCH( LEFT('9.3 MAL- Bus Facilities Entry'!BU15, LEN(BU15)-2), Mnemonic[Description], 0)), INDEX(Mnemonic[Code], MATCH( '9.3 MAL- Bus Facilities Entry'!BU15, Mnemonic[Description], 0)) ) -> #VALUE! | BM15: =IF(ISNA(INDEX(Mnemonic[Code], MATCH( '9.3 MAL- Bus Facilities Entry'!BV15, Mnemonic[Description], 0)) ), INDEX(Mnemonic[Code], MATCH( LEFT('9.3 MAL- Bus Facilities Entry'!BV15, LEN(BV15)-2), Mnemonic[Description], 0)), INDEX(Mnemonic[Code], MATCH( '9.3 MAL- Bus Facilities Entry'!BV15, Mnemonic[Description], 0)) ) -> #VALUE! | BN15: =IF(ISNA(INDEX(Mnemonic[Code], MATCH( '9.3 MAL- Bus Facilities Entry'!BW15, Mnemonic[Description], 0)) ), INDEX(Mnemonic[Code], MATCH( LEFT('9.3 MAL- Bus Facilities Entry'!BW15, LEN(BW15)-1), Mnemonic[Description], 0)), INDEX(Mnemonic[Code], MATCH( '9.3 MAL- Bus Facilities Entry'!BW15, Mnemonic[Description], 0)) ) -> #VALUE! | BO15: =IF(ISNA(INDEX(Mnemonic[Code], MATCH( '9.3 MAL- Bus Facilities Entry'!BX15, Mnemonic[Description], 0)) ), INDEX(Mnemonic[Code], MATCH( LEFT('9.3 MAL- Bus Facilities Entry'!BX15, LEN(BX15)-1), Mnemonic[Description], 0)), INDEX(Mnemonic[Code], MATCH( '9.3 MAL- Bus Facilities Entry'!BX15, Mnemonic[Description], 0)) ) -> #VALUE! | BP15: =IF(ISBLANK(BX15), BK15 &"-"&BL15, BK15 &"-"&BL15 & "-" & BM15) -> #N/A | BQ15: =CONCATENATE(BJ15,"-",BP15) -> #N/A | BR15: =IF(BM15=BN15,CONCATENATE(BQ15,"-",BM15,"-",BY15),CONCATENATE(BQ15,"-",BO15,"-",BY15)) -> #VALUE! | CA15: =INDEX('MAL-OTHERLOOKUPS'!$ES$4:$ES$56, MATCH('9.3 MAL- Bus Facilities Entry'!CE15, 'MAL-OTHERLOOKUPS'!$ET$4:$ET$56, 0)) -> #N/A | CB15: =CONCATENATE("L","-",IF(ISNA($BJ15),"", BJ15&"MF"),IF(ISNA($CD15),"","-"&$CD15),IF(ISNA($CA15),"","-"&$CA15)) -> L-- | CJ15: =INDEX('Default X, Y'!$D$6:$D$13,MATCH('9.3 MAL- Bus Facilities Entry'!BJ15&"MF",'Default X, Y'!$B$6:$B$13,0)) -> #N/A | CK15: =INDEX('Default X, Y'!$E$6:$E$13,MATCH('9.3 MAL- Bus Facilities Entry'!BJ15&"MF",'Default X, Y'!$B$6:$B$13,0)) -> #N/A | CL15: ="MX_Common_BRT" -> MX_Common_BRT | CN15: 0 | CP15: =$CL15&"-"&$CM15 -> MX_Common_BRT- | CR15: =CONCATENATE($P15,"; ",$CG15,"; ", $BY15) -> ; ; | CS15: =CONCATENATE($P15,"; ",$BS16,"; ",$CE15) -> ; ; | CU15: #REF!
Q16: =INDEX(AssetClass[Asset Class], MATCH('9.3 MAL- Bus Facilities Entry'!P16, AssetClass[Class Description], 0)) -> #N/A | S16: =INDEX(Table15[Category Code], MATCH('9.3 MAL- Bus Facilities Entry'!R16, Table15[Category Description], 0)) -> #N/A | U16: {=INDEX('Custom Field Tbl'!$N$5:$N$446, MATCH('9.3 MAL- Bus Facilities Entry'!$Q16 & '9.3 MAL- Bus Facilities Entry'!U$3, 'Custom Field Tbl'!$M$5:$M$446 & 'Custom Field Tbl'!$O$5:$O$446, 0 ))} -> #N/A | V16: =IF(ISNA(INDEX(CFV_Tbl[CF Description], MATCH('9.3 MAL- Bus Facilities Entry'!U16, CFV_Tbl[CF Code], 0)) ), "Field Not Required", INDEX(CFV_Tbl[CF Description], MATCH('9.3 MAL- Bus Facilities Entry'!U16, CFV_Tbl[CF Code], 0)) ) -> Field Not Required | Y16: {=INDEX('Custom Field Tbl'!$N$5:$N$446, MATCH('9.3 MAL- Bus Facilities Entry'!$Q16 & '9.3 MAL- Bus Facilities Entry'!Y$3, 'Custom Field Tbl'!$M$5:$M$446 & 'Custom Field Tbl'!$O$5:$O$446, 0 ))} -> #N/A | Z16: =IF(ISNA(INDEX(CFV_Tbl[CF Description], MATCH('9.3 MAL- Bus Facilities Entry'!Y16, CFV_Tbl[CF Code], 0)) ), "Field Not Required", INDEX(CFV_Tbl[CF Description], MATCH('9.3 MAL- Bus Facilities Entry'!Y16, CFV_Tbl[CF Code], 0)) ) -> Field Not Required | AC16: {=INDEX('Custom Field Tbl'!$N$5:$N$446, MATCH('9.3 MAL- Bus Facilities Entry'!$Q16 & '9.3 MAL- Bus Facilities Entry'!AC$3, 'Custom Field Tbl'!$M$5:$M$446 & 'Custom Field Tbl'!$O$5:$O$446, 0 ))} -> #N/A | AD16: =IF(ISNA(INDEX(CFV_Tbl[CF Description], MATCH('9.3 MAL- Bus Facilities Entry'!AC16, CFV_Tbl[CF Code], 0)) ), "Field Not Required", INDEX(CFV_Tbl[CF Description], MATCH('9.3 MAL- Bus Facilities Entry'!AC16, CFV_Tbl[CF Code], 0)) ) -> Field Not Required | AG16: {=INDEX('Custom Field Tbl'!$N$5:$N$446, MATCH('9.3 MAL- Bus Facilities Entry'!$Q16 & '9.3 MAL- Bus Facilities Entry'!AG$3, 'Custom Field Tbl'!$M$5:$M$446 & 'Custom Field Tbl'!$O$5:$O$446, 0 ))} -> #N/A | AH16: =IF(ISNA(INDEX(CFV_Tbl[CF Description], MATCH('9.3 MAL- Bus Facilities Entry'!AG16, CFV_Tbl[CF Code], 0)) ), "Field Not Required", INDEX(CFV_Tbl[CF Description], MATCH('9.3 MAL- Bus Facilities Entry'!AG16, CFV_Tbl[CF Code], 0)) ) -> Field Not Required | AK16: {=INDEX('Custom Field Tbl'!$N$5:$N$446, MATCH('9.3 MAL- Bus Facilities Entry'!$Q16 & '9.3 MAL- Bus Facilities Entry'!AK$3, 'Custom Field Tbl'!$M$5:$M$446 & 'Custom Field Tbl'!$O$5:$O$446, 0 ))} -> #N/A | AL16: =IF(ISNA(INDEX(CFV_Tbl[CF Description], MATCH('9.3 MAL- Bus Facilities Entry'!AK16, CFV_Tbl[CF Code], 0)) ), "Field Not Required", INDEX(CFV_Tbl[CF Description], MATCH('9.3 MAL- Bus Facilities Entry'!AK16, CFV_Tbl[CF Code], 0)) ) -> Field Not Required | AO16: {=INDEX('Custom Field Tbl'!$N$5:$N$446, MATCH('9.3 MAL- Bus Facilities Entry'!$Q16 & '9.3 MAL- Bus Facilities Entry'!AO$3, 'Custom Field Tbl'!$M$5:$M$446 & 'Custom Field Tbl'!$O$5:$O$446, 0 ))} -> #N/A | AP16: =IF(ISNA(INDEX(CFV_Tbl[CF Description], MATCH('9.3 MAL- Bus Facilities Entry'!AO16, CFV_Tbl[CF Code], 0)) ), "Field Not Required", INDEX(CFV_Tbl[CF Description], MATCH('9.3 MAL- Bus Facilities Entry'!AO16, CFV_Tbl[CF Code], 0)) ) -> Field Not Required | AT16: =IF(ISNA(INDEX(CFV_Tbl[CF Description], MATCH('9.3 MAL- Bus Facilities Entry'!AS16, CFV_Tbl[CF Code], 0)) ), "Field Not Required", INDEX(CFV_Tbl[CF Description], MATCH('9.3 MAL- Bus Facilities Entry'!AS16, CFV_Tbl[CF Code], 0)) ) -> Field Not Required | AW16: {=INDEX('Custom Field Tbl'!$N$5:$N$446, MATCH('9.3 MAL- Bus Facilities Entry'!$Q16 & '9.3 MAL- Bus Facilities Entry'!AW$3, 'Custom Field Tbl'!$M$5:$M$446 & 'Custom Field Tbl'!$O$5:$O$446, 0 ))} -> #N/A | AX16: =IF(ISNA(INDEX(CFV_Tbl[CF Description], MATCH('9.3 MAL- Bus Facilities Entry'!AW16, CFV_Tbl[CF Code], 0)) ), "Field Not Required", INDEX(CFV_Tbl[CF Description], MATCH('9.3 MAL- Bus Facilities Entry'!AW16, CFV_Tbl[CF Code], 0)) ) -> Field Not Required | BA16: {=INDEX('Custom Field Tbl'!$N$5:$N$446, MATCH('9.3 MAL- Bus Facilities Entry'!$Q16 & '9.3 MAL- Bus Facilities Entry'!BA$3, 'Custom Field Tbl'!$M$5:$M$446 & 'Custom Field Tbl'!$O$5:$O$446, 0 ))} -> #N/A | BB16: =IF(ISNA(INDEX(CFV_Tbl[CF Description], MATCH('9.3 MAL- Bus Facilities Entry'!BA16, CFV_Tbl[CF Code], 0)) ), "Field Not Required", INDEX(CFV_Tbl[CF Description], MATCH('9.3 MAL- Bus Facilities Entry'!BA16, CFV_Tbl[CF Code], 0)) ) -> Field Not Required | BE16: {=INDEX('Custom Field Tbl'!$N$5:$N$446, MATCH('9.3 MAL- Bus Facilities Entry'!$Q16 & '9.3 MAL- Bus Facilities Entry'!BE$3, 'Custom Field Tbl'!$M$5:$M$446 & 'Custom Field Tbl'!$O$5:$O$446, 0 ))} -> #N/A | BF16: =IF(ISNA(INDEX(CFV_Tbl[CF Description], MATCH('9.3 MAL- Bus Facilities Entry'!BE16, CFV_Tbl[CF Code], 0)) ), "Field Not Required", INDEX(CFV_Tbl[CF Description], MATCH('9.3 MAL- Bus Facilities Entry'!BE16, CFV_Tbl[CF Code], 0)) ) -> Field Not Required | BJ16: =INDEX(Mnemonic[Code], MATCH('9.3 MAL- Bus Facilities Entry'!BS16, Mnemonic[Description], 0)) -> #N/A | BK16: =INDEX(Mnemonic[Code], MATCH('9.3 MAL- Bus Facilities Entry'!BT16, Mnemonic[Description], 0)) -> #N/A | BL16: =IF(ISNA(INDEX(Mnemonic[Code], MATCH( '9.3 MAL- Bus Facilities Entry'!BU16, Mnemonic[Description], 0)) ), INDEX(Mnemonic[Code], MATCH( LEFT('9.3 MAL- Bus Facilities Entry'!BU16, LEN(BU16)-2), Mnemonic[Description], 0)), INDEX(Mnemonic[Code], MATCH( '9.3 MAL- Bus Facilities Entry'!BU16, Mnemonic[Description], 0)) ) -> #VALUE! | BM16: =IF(ISNA(INDEX(Mnemonic[Code], MATCH( '9.3 MAL- Bus Facilities Entry'!BV16, Mnemonic[Description], 0)) ), INDEX(Mnemonic[Code], MATCH( LEFT('9.3 MAL- Bus Facilities Entry'!BV16, LEN(BV16)-2), Mnemonic[Description], 0)), INDEX(Mnemonic[Code], MATCH( '9.3 MAL- Bus Facilities Entry'!BV16, Mnemonic[Description], 0)) ) -> #VALUE! | BN16: =IF(ISNA(INDEX(Mnemonic[Code], MATCH( '9.3 MAL- Bus Facilities Entry'!BW16, Mnemonic[Description], 0)) ), INDEX(Mnemonic[Code], MATCH( LEFT('9.3 MAL- Bus Facilities Entry'!BW16, LEN(BW16)-1), Mnemonic[Description], 0)), INDEX(Mnemonic[Code], MATCH( '9.3 MAL- Bus Facilities Entry'!BW16, Mnemonic[Description], 0)) ) -> #VALUE! | BO16: =IF(ISNA(INDEX(Mnemonic[Code], MATCH( '9.3 MAL- Bus Facilities Entry'!BX16, Mnemonic[Description], 0)) ), INDEX(Mnemonic[Code], MATCH( LEFT('9.3 MAL- Bus Facilities Entry'!BX16, LEN(BX16)-1), Mnemonic[Description], 0)), INDEX(Mnemonic[Code], MATCH( '9.3 MAL- Bus Facilities Entry'!BX16, Mnemonic[Description], 0)) ) -> #VALUE! | BP16: =IF(ISBLANK(BX16), BK16 &"-"&BL16, BK16 &"-"&BL16 & "-" & BM16) -> #N/A | BQ16: =CONCATENATE(BJ16,"-",BP16) -> #N/A | BR16: =IF(BM16=BN16,CONCATENATE(BQ16,"-",BM16,"-",BY16),CONCATENATE(BQ16,"-",BN16,"-",BY16)) -> #VALUE! | CA16: =INDEX('MAL-OTHERLOOKUPS'!$ES$4:$ES$56, MATCH('9.3 MAL- Bus Facilities Entry'!CE16, 'MAL-OTHERLOOKUPS'!$ET$4:$ET$56, 0)) -> #N/A | CB16: =CONCATENATE("L","-",IF(ISNA($BJ16),"", BJ16&"MF"),IF(ISNA($CD16),"","-"&$CD16),IF(ISNA($CA16),"","-"&$CA16)) -> L-- | CJ16: =INDEX('Default X, Y'!$D$6:$D$13,MATCH('9.3 MAL- Bus Facilities Entry'!BJ16&"MF",'Default X, Y'!$B$6:$B$13,0)) -> #N/A | CK16: =INDEX('Default X, Y'!$E$6:$E$13,MATCH('9.3 MAL- Bus Facilities Entry'!BJ16&"MF",'Default X, Y'!$B$6:$B$13,0)) -> #N/A | CL16: ="MX_Common_BRT" -> MX_Common_BRT | CN16: 0 | CP16: =$CL16&"-"&$CM16 -> MX_Common_BRT- | CR16: =CONCATENATE($P16,"; ",$CG16,"; ", $BY16) -> ; ; | CS16: =CONCATENATE($P16,"; ",$BS16,"; ",$CE16) -> ; ; | CU16: #REF!
Q17: =INDEX(AssetClass[Asset Class], MATCH('9.3 MAL- Bus Facilities Entry'!P17, AssetClass[Class Description], 0)) -> #N/A | S17: =INDEX(Table15[Category Code], MATCH('9.3 MAL- Bus Facilities Entry'!R17, Table15[Category Description], 0)) -> #N/A | U17: {=INDEX('Custom Field Tbl'!$N$5:$N$446, MATCH('9.3 MAL- Bus Facilities Entry'!$Q17 & '9.3 MAL- Bus Facilities Entry'!U$3, 'Custom Field Tbl'!$M$5:$M$446 & 'Custom Field Tbl'!$O$5:$O$446, 0 ))} -> #N/A | V17: =IF(ISNA(INDEX(CFV_Tbl[CF Description], MATCH('9.3 MAL- Bus Facilities Entry'!U17, CFV_Tbl[CF Code], 0)) ), "Field Not Required", INDEX(CFV_Tbl[CF Description], MATCH('9.3 MAL- Bus Facilities Entry'!U17, CFV_Tbl[CF Code], 0)) ) -> Field Not Required | Y17: {=INDEX('Custom Field Tbl'!$N$5:$N$446, MATCH('9.3 MAL- Bus Facilities Entry'!$Q17 & '9.3 MAL- Bus Facilities Entry'!Y$3, 'Custom Field Tbl'!$M$5:$M$446 & 'Custom Field Tbl'!$O$5:$O$446, 0 ))} -> #N/A | Z17: =IF(ISNA(INDEX(CFV_Tbl[CF Description], MATCH('9.3 MAL- Bus Facilities Entry'!Y17, CFV_Tbl[CF Code], 0)) ), "Field Not Required", INDEX(CFV_Tbl[CF Description], MATCH('9.3 MAL- Bus Facilities Entry'!Y17, CFV_Tbl[CF Code], 0)) ) -> Field Not Required | AC17: {=INDEX('Custom Field Tbl'!$N$5:$N$446, MATCH('9.3 MAL- Bus Facilities Entry'!$Q17 & '9.3 MAL- Bus Facilities Entry'!AC$3, 'Custom Field Tbl'!$M$5:$M$446 & 'Custom Field Tbl'!$O$5:$O$446, 0 ))} -> #N/A | AD17: =IF(ISNA(INDEX(CFV_Tbl[CF Description], MATCH('9.3 MAL- Bus Facilities Entry'!AC17, CFV_Tbl[CF Code], 0)) ), "Field Not Required", INDEX(CFV_Tbl[CF Description], MATCH('9.3 MAL- Bus Facilities Entry'!AC17, CFV_Tbl[CF Code], 0)) ) -> Field Not Required | AG17: {=INDEX('Custom Field Tbl'!$N$5:$N$446, MATCH('9.3 MAL- Bus Facilities Entry'!$Q17 & '9.3 MAL- Bus Facilities Entry'!AG$3, 'Custom Field Tbl'!$M$5:$M$446 & 'Custom Field Tbl'!$O$5:$O$446, 0 ))} -> #N/A | AH17: =IF(ISNA(INDEX(CFV_Tbl[CF Description], MATCH('9.3 MAL- Bus Facilities Entry'!AG17, CFV_Tbl[CF Code], 0)) ), "Field Not Required", INDEX(CFV_Tbl[CF Description], MATCH('9.3 MAL- Bus Facilities Entry'!AG17, CFV_Tbl[CF Code], 0)) ) -> Field Not Required | AK17: {=INDEX('Custom Field Tbl'!$N$5:$N$446, MATCH('9.3 MAL- Bus Facilities Entry'!$Q17 & '9.3 MAL- Bus Facilities Entry'!AK$3, 'Custom Field Tbl'!$M$5:$M$446 & 'Custom Field Tbl'!$O$5:$O$446, 0 ))} -> #N/A | AL17: =IF(ISNA(INDEX(CFV_Tbl[CF Description], MATCH('9.3 MAL- Bus Facilities Entry'!AK17, CFV_Tbl[CF Code], 0)) ), "Field Not Required", INDEX(CFV_Tbl[CF Description], MATCH('9.3 MAL- Bus Facilities Entry'!AK17, CFV_Tbl[CF Code], 0)) ) -> Field Not Required | AO17: {=INDEX('Custom Field Tbl'!$N$5:$N$446, MATCH('9.3 MAL- Bus Facilities Entry'!$Q17 & '9.3 MAL- Bus Facilities Entry'!AO$3, 'Custom Field Tbl'!$M$5:$M$446 & 'Custom Field Tbl'!$O$5:$O$446, 0 ))} -> #N/A | AP17: =IF(ISNA(INDEX(CFV_Tbl[CF Description], MATCH('9.3 MAL- Bus Facilities Entry'!AO17, CFV_Tbl[CF Code], 0)) ), "Field Not Required", INDEX(CFV_Tbl[CF Description], MATCH('9.3 MAL- Bus Facilities Entry'!AO17, CFV_Tbl[CF Code], 0)) ) -> Field Not Required | AT17: =IF(ISNA(INDEX(CFV_Tbl[CF Description], MATCH('9.3 MAL- Bus Facilities Entry'!AS17, CFV_Tbl[CF Code], 0)) ), "Field Not Required", INDEX(CFV_Tbl[CF Description], MATCH('9.3 MAL- Bus Facilities Entry'!AS17, CFV_Tbl[CF Code], 0)) ) -> Field Not Required | AW17: {=INDEX('Custom Field Tbl'!$N$5:$N$446, MATCH('9.3 MAL- Bus Facilities Entry'!$Q17 & '9.3 MAL- Bus Facilities Entry'!AW$3, 'Custom Field Tbl'!$M$5:$M$446 & 'Custom Field Tbl'!$O$5:$O$446, 0 ))} -> #N/A | AX17: =IF(ISNA(INDEX(CFV_Tbl[CF Description], MATCH('9.3 MAL- Bus Facilities Entry'!AW17, CFV_Tbl[CF Code], 0)) ), "Field Not Required", INDEX(CFV_Tbl[CF Description], MATCH('9.3 MAL- Bus Facilities Entry'!AW17, CFV_Tbl[CF Code], 0)) ) -> Field Not Required | BA17: {=INDEX('Custom Field Tbl'!$N$5:$N$446, MATCH('9.3 MAL- Bus Facilities Entry'!$Q17 & '9.3 MAL- Bus Facilities Entry'!BA$3, 'Custom Field Tbl'!$M$5:$M$446 & 'Custom Field Tbl'!$O$5:$O$446, 0 ))} -> #N/A | BB17: =IF(ISNA(INDEX(CFV_Tbl[CF Description], MATCH('9.3 MAL- Bus Facilities Entry'!BA17, CFV_Tbl[CF Code], 0)) ), "Field Not Required", INDEX(CFV_Tbl[CF Description], MATCH('9.3 MAL- Bus Facilities Entry'!BA17, CFV_Tbl[CF Code], 0)) ) -> Field Not Required | BE17: {=INDEX('Custom Field Tbl'!$N$5:$N$446, MATCH('9.3 MAL- Bus Facilities Entry'!$Q17 & '9.3 MAL- Bus Facilities Entry'!BE$3, 'Custom Field Tbl'!$M$5:$M$446 & 'Custom Field Tbl'!$O$5:$O$446, 0 ))} -> #N/A | BF17: =IF(ISNA(INDEX(CFV_Tbl[CF Description], MATCH('9.3 MAL- Bus Facilities Entry'!BE17, CFV_Tbl[CF Code], 0)) ), "Field Not Required", INDEX(CFV_Tbl[CF Description], MATCH('9.3 MAL- Bus Facilities Entry'!BE17, CFV_Tbl[CF Code], 0)) ) -> Field Not Required | BJ17: =INDEX(Mnemonic[Code], MATCH('9.3 MAL- Bus Facilities Entry'!BS17, Mnemonic[Description], 0)) -> #N/A | BK17: =INDEX(Mnemonic[Code], MATCH('9.3 MAL- Bus Facilities Entry'!BT17, Mnemonic[Description], 0)) -> #N/A | BL17: =IF(ISNA(INDEX(Mnemonic[Code], MATCH( '9.3 MAL- Bus Facilities Entry'!BU17, Mnemonic[Description], 0)) ), INDEX(Mnemonic[Code], MATCH( LEFT('9.3 MAL- Bus Facilities Entry'!BU17, LEN(BU17)-2), Mnemonic[Description], 0)), INDEX(Mnemonic[Code], MATCH( '9.3 MAL- Bus Facilities Entry'!BU17, Mnemonic[Description], 0)) ) -> #VALUE! | BM17: =IF(ISNA(INDEX(Mnemonic[Code], MATCH( '9.3 MAL- Bus Facilities Entry'!BV17, Mnemonic[Description], 0)) ), INDEX(Mnemonic[Code], MATCH( LEFT('9.3 MAL- Bus Facilities Entry'!BV17, LEN(BV17)-2), Mnemonic[Description], 0)), INDEX(Mnemonic[Code], MATCH( '9.3 MAL- Bus Facilities Entry'!BV17, Mnemonic[Description], 0)) ) -> #VALUE! | BN17: =IF(ISNA(INDEX(Mnemonic[Code], MATCH( '9.3 MAL- Bus Facilities Entry'!BW17, Mnemonic[Description], 0)) ), INDEX(Mnemonic[Code], MATCH( LEFT('9.3 MAL- Bus Facilities Entry'!BW17, LEN(BW17)-1), Mnemonic[Description], 0)), INDEX(Mnemonic[Code], MATCH( '9.3 MAL- Bus Facilities Entry'!BW17, Mnemonic[Description], 0)) ) -> #VALUE! | BO17: =IF(ISNA(INDEX(Mnemonic[Code], MATCH( '9.3 MAL- Bus Facilities Entry'!BX17, Mnemonic[Description], 0)) ), INDEX(Mnemonic[Code], MATCH( LEFT('9.3 MAL- Bus Facilities Entry'!BX17, LEN(BX17)-1), Mnemonic[Description], 0)), INDEX(Mnemonic[Code], MATCH( '9.3 MAL- Bus Facilities Entry'!BX17, Mnemonic[Description], 0)) ) -> #VALUE! | BP17: =IF(ISBLANK(BX17), BK17 &"-"&BL17, BK17 &"-"&BL17 & "-" & BM17) -> #N/A | BQ17: =CONCATENATE(BJ17,"-",BP17) -> #N/A | BR17: =IF(BM17=BN17,CONCATENATE(BQ17,"-",BM17,"-",BY17),CONCATENATE(BQ17,"-",BN17,"-",BY17)) -> #VALUE! | CA17: =INDEX('MAL-OTHERLOOKUPS'!$ES$4:$ES$56, MATCH('9.3 MAL- Bus Facilities Entry'!CE17, 'MAL-OTHERLOOKUPS'!$ET$4:$ET$56, 0)) -> #N/A | CB17: =CONCATENATE("L","-",IF(ISNA($BJ17),"", BJ17&"MF"),IF(ISNA($CD17),"","-"&$CD17),IF(ISNA($CA17),"","-"&$CA17)) -> L-- | CJ17: =INDEX('Default X, Y'!$D$6:$D$13,MATCH('9.3 MAL- Bus Facilities Entry'!BJ17&"MF",'Default X, Y'!$B$6:$B$13,0)) -> #N/A | CK17: =INDEX('Default X, Y'!$E$6:$E$13,MATCH('9.3 MAL- Bus Facilities Entry'!BJ17&"MF",'Default X, Y'!$B$6:$B$13,0)) -> #N/A | CL17: ="MX_Common_BRT" -> MX_Common_BRT | CN17: 0 | CP17: =$CL17&"-"&$CM17 -> MX_Common_BRT- | CR17: =CONCATENATE($P17,"; ",$CG17,"; ", $BY17) -> ; ; | CS17: =CONCATENATE($P17,"; ",$BS17,"; ",$CE17) -> ; ; | CU17: #REF!
Q18: =INDEX(AssetClass[Asset Class], MATCH('9.3 MAL- Bus Facilities Entry'!P18, AssetClass[Class Description], 0)) -> #N/A | S18: =INDEX(Table15[Category Code], MATCH('9.3 MAL- Bus Facilities Entry'!R18, Table15[Category Description], 0)) -> #N/A | U18: {=INDEX('Custom Field Tbl'!$N$5:$N$446, MATCH('9.3 MAL- Bus Facilities Entry'!$Q18 & '9.3 MAL- Bus Facilities Entry'!U$3, 'Custom Field Tbl'!$M$5:$M$446 & 'Custom Field Tbl'!$O$5:$O$446, 0 ))} -> #N/A | V18: =IF(ISNA(INDEX(CFV_Tbl[CF Description], MATCH('9.3 MAL- Bus Facilities Entry'!U18, CFV_Tbl[CF Code], 0)) ), "Field Not Required", INDEX(CFV_Tbl[CF Description], MATCH('9.3 MAL- Bus Facilities Entry'!U18, CFV_Tbl[CF Code], 0)) ) -> Field Not Required | Y18: {=INDEX('Custom Field Tbl'!$N$5:$N$446, MATCH('9.3 MAL- Bus Facilities Entry'!$Q18 & '9.3 MAL- Bus Facilities Entry'!Y$3, 'Custom Field Tbl'!$M$5:$M$446 & 'Custom Field Tbl'!$O$5:$O$446, 0 ))} -> #N/A | Z18: =IF(ISNA(INDEX(CFV_Tbl[CF Description], MATCH('9.3 MAL- Bus Facilities Entry'!Y18, CFV_Tbl[CF Code], 0)) ), "Field Not Required", INDEX(CFV_Tbl[CF Description], MATCH('9.3 MAL- Bus Facilities Entry'!Y18, CFV_Tbl[CF Code], 0)) ) -> Field Not Required | AC18: {=INDEX('Custom Field Tbl'!$N$5:$N$446, MATCH('9.3 MAL- Bus Facilities Entry'!$Q18 & '9.3 MAL- Bus Facilities Entry'!AC$3, 'Custom Field Tbl'!$M$5:$M$446 & 'Custom Field Tbl'!$O$5:$O$446, 0 ))} -> #N/A | AD18: =IF(ISNA(INDEX(CFV_Tbl[CF Description], MATCH('9.3 MAL- Bus Facilities Entry'!AC18, CFV_Tbl[CF Code], 0)) ), "Field Not Required", INDEX(CFV_Tbl[CF Description], MATCH('9.3 MAL- Bus Facilities Entry'!AC18, CFV_Tbl[CF Code], 0)) ) -> Field Not Required | AG18: {=INDEX('Custom Field Tbl'!$N$5:$N$446, MATCH('9.3 MAL- Bus Facilities Entry'!$Q18 & '9.3 MAL- Bus Facilities Entry'!AG$3, 'Custom Field Tbl'!$M$5:$M$446 & 'Custom Field Tbl'!$O$5:$O$446, 0 ))} -> #N/A | AH18: =IF(ISNA(INDEX(CFV_Tbl[CF Description], MATCH('9.3 MAL- Bus Facilities Entry'!AG18, CFV_Tbl[CF Code], 0)) ), "Field Not Required", INDEX(CFV_Tbl[CF Description], MATCH('9.3 MAL- Bus Facilities Entry'!AG18, CFV_Tbl[CF Code], 0)) ) -> Field Not Required | AK18: {=INDEX('Custom Field Tbl'!$N$5:$N$446, MATCH('9.3 MAL- Bus Facilities Entry'!$Q18 & '9.3 MAL- Bus Facilities Entry'!AK$3, 'Custom Field Tbl'!$M$5:$M$446 & 'Custom Field Tbl'!$O$5:$O$446, 0 ))} -> #N/A | AL18: =IF(ISNA(INDEX(CFV_Tbl[CF Description], MATCH('9.3 MAL- Bus Facilities Entry'!AK18, CFV_Tbl[CF Code], 0)) ), "Field Not Required", INDEX(CFV_Tbl[CF Description], MATCH('9.3 MAL- Bus Facilities Entry'!AK18, CFV_Tbl[CF Code], 0)) ) -> Field Not Required | AO18: {=INDEX('Custom Field Tbl'!$N$5:$N$446, MATCH('9.3 MAL- Bus Facilities Entry'!$Q18 & '9.3 MAL- Bus Facilities Entry'!AO$3, 'Custom Field Tbl'!$M$5:$M$446 & 'Custom Field Tbl'!$O$5:$O$446, 0 ))} -> #N/A | AP18: =IF(ISNA(INDEX(CFV_Tbl[CF Description], MATCH('9.3 MAL- Bus Facilities Entry'!AO18, CFV_Tbl[CF Code], 0)) ), "Field Not Required", INDEX(CFV_Tbl[CF Description], MATCH('9.3 MAL- Bus Facilities Entry'!AO18, CFV_Tbl[CF Code], 0)) ) -> Field Not Required | AT18: =IF(ISNA(INDEX(CFV_Tbl[CF Description], MATCH('9.3 MAL- Bus Facilities Entry'!AS18, CFV_Tbl[CF Code], 0)) ), "Field Not Required", INDEX(CFV_Tbl[CF Description], MATCH('9.3 MAL- Bus Facilities Entry'!AS18, CFV_Tbl[CF Code], 0)) ) -> Field Not Required | AW18: {=INDEX('Custom Field Tbl'!$N$5:$N$446, MATCH('9.3 MAL- Bus Facilities Entry'!$Q18 & '9.3 MAL- Bus Facilities Entry'!AW$3, 'Custom Field Tbl'!$M$5:$M$446 & 'Custom Field Tbl'!$O$5:$O$446, 0 ))} -> #N/A | AX18: =IF(ISNA(INDEX(CFV_Tbl[CF Description], MATCH('9.3 MAL- Bus Facilities Entry'!AW18, CFV_Tbl[CF Code], 0)) ), "Field Not Required", INDEX(CFV_Tbl[CF Description], MATCH('9.3 MAL- Bus Facilities Entry'!AW18, CFV_Tbl[CF Code], 0)) ) -> Field Not Required | BA18: {=INDEX('Custom Field Tbl'!$N$5:$N$446, MATCH('9.3 MAL- Bus Facilities Entry'!$Q18 & '9.3 MAL- Bus Facilities Entry'!BA$3, 'Custom Field Tbl'!$M$5:$M$446 & 'Custom Field Tbl'!$O$5:$O$446, 0 ))} -> #N/A | BB18: =IF(ISNA(INDEX(CFV_Tbl[CF Description], MATCH('9.3 MAL- Bus Facilities Entry'!BA18, CFV_Tbl[CF Code], 0)) ), "Field Not Required", INDEX(CFV_Tbl[CF Description], MATCH('9.3 MAL- Bus Facilities Entry'!BA18, CFV_Tbl[CF Code], 0)) ) -> Field Not Required | BE18: {=INDEX('Custom Field Tbl'!$N$5:$N$446, MATCH('9.3 MAL- Bus Facilities Entry'!$Q18 & '9.3 MAL- Bus Facilities Entry'!BE$3, 'Custom Field Tbl'!$M$5:$M$446 & 'Custom Field Tbl'!$O$5:$O$446, 0 ))} -> #N/A | BF18: =IF(ISNA(INDEX(CFV_Tbl[CF Description], MATCH('9.3 MAL- Bus Facilities Entry'!BE18, CFV_Tbl[CF Code], 0)) ), "Field Not Required", INDEX(CFV_Tbl[CF Description], MATCH('9.3 MAL- Bus Facilities Entry'!BE18, CFV_Tbl[CF Code], 0)) ) -> Field Not Required | BJ18: =INDEX(Mnemonic[Code], MATCH('9.3 MAL- Bus Facilities Entry'!BS18, Mnemonic[Description], 0)) -> #N/A | BK18: =INDEX(Mnemonic[Code], MATCH('9.3 MAL- Bus Facilities Entry'!BT18, Mnemonic[Description], 0)) -> #N/A | BL18: =IF(ISNA(INDEX(Mnemonic[Code], MATCH( '9.3 MAL- Bus Facilities Entry'!BU18, Mnemonic[Description], 0)) ), INDEX(Mnemonic[Code], MATCH( LEFT('9.3 MAL- Bus Facilities Entry'!BU18, LEN(BU18)-2), Mnemonic[Description], 0)), INDEX(Mnemonic[Code], MATCH( '9.3 MAL- Bus Facilities Entry'!BU18, Mnemonic[Description], 0)) ) -> #VALUE! | BM18: =IF(ISNA(INDEX(Mnemonic[Code], MATCH( '9.3 MAL- Bus Facilities Entry'!BV18, Mnemonic[Description], 0)) ), INDEX(Mnemonic[Code], MATCH( LEFT('9.3 MAL- Bus Facilities Entry'!BV18, LEN(BV18)-2), Mnemonic[Description], 0)), INDEX(Mnemonic[Code], MATCH( '9.3 MAL- Bus Facilities Entry'!BV18, Mnemonic[Description], 0)) ) -> #VALUE! | BN18: =IF(ISNA(INDEX(Mnemonic[Code], MATCH( '9.3 MAL- Bus Facilities Entry'!BW18, Mnemonic[Description], 0)) ), INDEX(Mnemonic[Code], MATCH( LEFT('9.3 MAL- Bus Facilities Entry'!BW18, LEN(BW18)-1), Mnemonic[Description], 0)), INDEX(Mnemonic[Code], MATCH( '9.3 MAL- Bus Facilities Entry'!BW18, Mnemonic[Description], 0)) ) -> #VALUE! | BO18: =IF(ISNA(INDEX(Mnemonic[Code], MATCH( '9.3 MAL- Bus Facilities Entry'!BX18, Mnemonic[Description], 0)) ), INDEX(Mnemonic[Code], MATCH( LEFT('9.3 MAL- Bus Facilities Entry'!BX18, LEN(BX18)-1), Mnemonic[Description], 0)), INDEX(Mnemonic[Code], MATCH( '9.3 MAL- Bus Facilities Entry'!BX18, Mnemonic[Description], 0)) ) -> #VALUE! | BP18: =IF(ISBLANK(BX18), BK18 &"-"&BL18, BK18 &"-"&BL18 & "-" & BM18) -> #N/A | BQ18: =CONCATENATE(BJ18,"-",BP18) -> #N/A | BR18: =IF(BM18=BN18,CONCATENATE(BQ18,"-",BM18,"-",BY18),CONCATENATE(BQ18,"-",BN18,"-",BY18)) -> #VALUE! | CA18: =INDEX('MAL-OTHERLOOKUPS'!$ES$4:$ES$56, MATCH('9.3 MAL- Bus Facilities Entry'!CE18, 'MAL-OTHERLOOKUPS'!$ET$4:$ET$56, 0)) -> #N/A | CB18: =CONCATENATE("L","-",IF(ISNA($BJ18),"", BJ18&"MF"),IF(ISNA($CD18),"","-"&$CD18),IF(ISNA($CA18),"","-"&$CA18)) -> L-- | CJ18: =INDEX('Default X, Y'!$D$6:$D$13,MATCH('9.3 MAL- Bus Facilities Entry'!BJ18&"MF",'Default X, Y'!$B$6:$B$13,0)) -> #N/A | CK18: =INDEX('Default X, Y'!$E$6:$E$13,MATCH('9.3 MAL- Bus Facilities Entry'!BJ18&"MF",'Default X, Y'!$B$6:$B$13,0)) -> #N/A | CL18: ="MX_Common_BRT" -> MX_Common_BRT | CN18: 0 | CP18: =$CL18&"-"&$CM18 -> MX_Common_BRT- | CR18: =CONCATENATE($P18,"; ",$CG18,"; ", $BY18) -> ; ; | CS18: =CONCATENATE($P18,"; ",$BS18,"; ",$CE18) -> ; ; | CU18: #REF!
Q19: =INDEX(AssetClass[Asset Class], MATCH('9.3 MAL- Bus Facilities Entry'!P19, AssetClass[Class Description], 0)) -> #N/A | S19: =INDEX(Table15[Category Code], MATCH('9.3 MAL- Bus Facilities Entry'!R19, Table15[Category Description], 0)) -> #N/A | U19: {=INDEX('Custom Field Tbl'!$N$5:$N$446, MATCH('9.3 MAL- Bus Facilities Entry'!$Q19 & '9.3 MAL- Bus Facilities Entry'!U$3, 'Custom Field Tbl'!$M$5:$M$446 & 'Custom Field Tbl'!$O$5:$O$446, 0 ))} -> #N/A | V19: =IF(ISNA(INDEX(CFV_Tbl[CF Description], MATCH('9.3 MAL- Bus Facilities Entry'!U19, CFV_Tbl[CF Code], 0)) ), "Field Not Required", INDEX(CFV_Tbl[CF Description], MATCH('9.3 MAL- Bus Facilities Entry'!U19, CFV_Tbl[CF Code], 0)) ) -> Field Not Required | Y19: {=INDEX('Custom Field Tbl'!$N$5:$N$446, MATCH('9.3 MAL- Bus Facilities Entry'!$Q19 & '9.3 MAL- Bus Facilities Entry'!Y$3, 'Custom Field Tbl'!$M$5:$M$446 & 'Custom Field Tbl'!$O$5:$O$446, 0 ))} -> #N/A | Z19: =IF(ISNA(INDEX(CFV_Tbl[CF Description], MATCH('9.3 MAL- Bus Facilities Entry'!Y19, CFV_Tbl[CF Code], 0)) ), "Field Not Required", INDEX(CFV_Tbl[CF Description], MATCH('9.3 MAL- Bus Facilities Entry'!Y19, CFV_Tbl[CF Code], 0)) ) -> Field Not Required | AC19: {=INDEX('Custom Field Tbl'!$N$5:$N$446, MATCH('9.3 MAL- Bus Facilities Entry'!$Q19 & '9.3 MAL- Bus Facilities Entry'!AC$3, 'Custom Field Tbl'!$M$5:$M$446 & 'Custom Field Tbl'!$O$5:$O$446, 0 ))} -> #N/A | AD19: =IF(ISNA(INDEX(CFV_Tbl[CF Description], MATCH('9.3 MAL- Bus Facilities Entry'!AC19, CFV_Tbl[CF Code], 0)) ), "Field Not Required", INDEX(CFV_Tbl[CF Description], MATCH('9.3 MAL- Bus Facilities Entry'!AC19, CFV_Tbl[CF Code], 0)) ) -> Field Not Required | AG19: {=INDEX('Custom Field Tbl'!$N$5:$N$446, MATCH('9.3 MAL- Bus Facilities Entry'!$Q19 & '9.3 MAL- Bus Facilities Entry'!AG$3, 'Custom Field Tbl'!$M$5:$M$446 & 'Custom Field Tbl'!$O$5:$O$446, 0 ))} -> #N/A | AH19: =IF(ISNA(INDEX(CFV_Tbl[CF Description], MATCH('9.3 MAL- Bus Facilities Entry'!AG19, CFV_Tbl[CF Code], 0)) ), "Field Not Required", INDEX(CFV_Tbl[CF Description], MATCH('9.3 MAL- Bus Facilities Entry'!AG19, CFV_Tbl[CF Code], 0)) ) -> Field Not Required | AK19: {=INDEX('Custom Field Tbl'!$N$5:$N$446, MATCH('9.3 MAL- Bus Facilities Entry'!$Q19 & '9.3 MAL- Bus Facilities Entry'!AK$3, 'Custom Field Tbl'!$M$5:$M$446 & 'Custom Field Tbl'!$O$5:$O$446, 0 ))} -> #N/A | AL19: =IF(ISNA(INDEX(CFV_Tbl[CF Description], MATCH('9.3 MAL- Bus Facilities Entry'!AK19, CFV_Tbl[CF Code], 0)) ), "Field Not Required", INDEX(CFV_Tbl[CF Description], MATCH('9.3 MAL- Bus Facilities Entry'!AK19, CFV_Tbl[CF Code], 0)) ) -> Field Not Required | AO19: {=INDEX('Custom Field Tbl'!$N$5:$N$446, MATCH('9.3 MAL- Bus Facilities Entry'!$Q19 & '9.3 MAL- Bus Facilities Entry'!AO$3, 'Custom Field Tbl'!$M$5:$M$446 & 'Custom Field Tbl'!$O$5:$O$446, 0 ))} -> #N/A | AP19: =IF(ISNA(INDEX(CFV_Tbl[CF Description], MATCH('9.3 MAL- Bus Facilities Entry'!AO19, CFV_Tbl[CF Code], 0)) ), "Field Not Required", INDEX(CFV_Tbl[CF Description], MATCH('9.3 MAL- Bus Facilities Entry'!AO19, CFV_Tbl[CF Code], 0)) ) -> Field Not Required | AT19: =IF(ISNA(INDEX(CFV_Tbl[CF Description], MATCH('9.3 MAL- Bus Facilities Entry'!AS19, CFV_Tbl[CF Code], 0)) ), "Field Not Required", INDEX(CFV_Tbl[CF Description], MATCH('9.3 MAL- Bus Facilities Entry'!AS19, CFV_Tbl[CF Code], 0)) ) -> Field Not Required | AW19: {=INDEX('Custom Field Tbl'!$N$5:$N$446, MATCH('9.3 MAL- Bus Facilities Entry'!$Q19 & '9.3 MAL- Bus Facilities Entry'!AW$3, 'Custom Field Tbl'!$M$5:$M$446 & 'Custom Field Tbl'!$O$5:$O$446, 0 ))} -> #N/A | AX19: =IF(ISNA(INDEX(CFV_Tbl[CF Description], MATCH('9.3 MAL- Bus Facilities Entry'!AW19, CFV_Tbl[CF Code], 0)) ), "Field Not Required", INDEX(CFV_Tbl[CF Description], MATCH('9.3 MAL- Bus Facilities Entry'!AW19, CFV_Tbl[CF Code], 0)) ) -> Field Not Required | BA19: {=INDEX('Custom Field Tbl'!$N$5:$N$446, MATCH('9.3 MAL- Bus Facilities Entry'!$Q19 & '9.3 MAL- Bus Facilities Entry'!BA$3, 'Custom Field Tbl'!$M$5:$M$446 & 'Custom Field Tbl'!$O$5:$O$446, 0 ))} -> #N/A | BB19: =IF(ISNA(INDEX(CFV_Tbl[CF Description], MATCH('9.3 MAL- Bus Facilities Entry'!BA19, CFV_Tbl[CF Code], 0)) ), "Field Not Required", INDEX(CFV_Tbl[CF Description], MATCH('9.3 MAL- Bus Facilities Entry'!BA19, CFV_Tbl[CF Code], 0)) ) -> Field Not Required | BE19: {=INDEX('Custom Field Tbl'!$N$5:$N$446, MATCH('9.3 MAL- Bus Facilities Entry'!$Q19 & '9.3 MAL- Bus Facilities Entry'!BE$3, 'Custom Field Tbl'!$M$5:$M$446 & 'Custom Field Tbl'!$O$5:$O$446, 0 ))} -> #N/A | BF19: =IF(ISNA(INDEX(CFV_Tbl[CF Description], MATCH('9.3 MAL- Bus Facilities Entry'!BE19, CFV_Tbl[CF Code], 0)) ), "Field Not Required", INDEX(CFV_Tbl[CF Description], MATCH('9.3 MAL- Bus Facilities Entry'!BE19, CFV_Tbl[CF Code], 0)) ) -> Field Not Required | BJ19: =INDEX(Mnemonic[Code], MATCH('9.3 MAL- Bus Facilities Entry'!BS19, Mnemonic[Description], 0)) -> #N/A | BK19: =INDEX(Mnemonic[Code], MATCH('9.3 MAL- Bus Facilities Entry'!BT19, Mnemonic[Description], 0)) -> #N/A | BL19: =IF(ISNA(INDEX(Mnemonic[Code], MATCH( '9.3 MAL- Bus Facilities Entry'!BU19, Mnemonic[Description], 0)) ), INDEX(Mnemonic[Code], MATCH( LEFT('9.3 MAL- Bus Facilities Entry'!BU19, LEN(BU19)-2), Mnemonic[Description], 0)), INDEX(Mnemonic[Code], MATCH( '9.3 MAL- Bus Facilities Entry'!BU19, Mnemonic[Description], 0)) ) -> #VALUE! | BM19: =IF(ISNA(INDEX(Mnemonic[Code], MATCH( '9.3 MAL- Bus Facilities Entry'!BV19, Mnemonic[Description], 0)) ), INDEX(Mnemonic[Code], MATCH( LEFT('9.3 MAL- Bus Facilities Entry'!BV19, LEN(BV19)-2), Mnemonic[Description], 0)), INDEX(Mnemonic[Code], MATCH( '9.3 MAL- Bus Facilities Entry'!BV19, Mnemonic[Description], 0)) ) -> #VALUE! | BN19: =IF(ISNA(INDEX(Mnemonic[Code], MATCH( '9.3 MAL- Bus Facilities Entry'!BW19, Mnemonic[Description], 0)) ), INDEX(Mnemonic[Code], MATCH( LEFT('9.3 MAL- Bus Facilities Entry'!BW19, LEN(BW19)-1), Mnemonic[Description], 0)), INDEX(Mnemonic[Code], MATCH( '9.3 MAL- Bus Facilities Entry'!BW19, Mnemonic[Description], 0)) ) -> #VALUE! | BO19: =IF(ISNA(INDEX(Mnemonic[Code], MATCH( '9.3 MAL- Bus Facilities Entry'!BX19, Mnemonic[Description], 0)) ), INDEX(Mnemonic[Code], MATCH( LEFT('9.3 MAL- Bus Facilities Entry'!BX19, LEN(BX19)-1), Mnemonic[Description], 0)), INDEX(Mnemonic[Code], MATCH( '9.3 MAL- Bus Facilities Entry'!BX19, Mnemonic[Description], 0)) ) -> #VALUE! | BP19: =IF(ISBLANK(BX19), BK19 &"-"&BL19, BK19 &"-"&BL19 & "-" & BM19) -> #N/A | BQ19: =CONCATENATE(BJ19,"-",BP19) -> #N/A | BR19: =IF(BM19=BN19,CONCATENATE(BQ19,"-",BM19,"-",BY19),CONCATENATE(BQ19,"-",BN19,"-",BY19)) -> #VALUE! | CA19: =INDEX('MAL-OTHERLOOKUPS'!$ES$4:$ES$56, MATCH('9.3 MAL- Bus Facilities Entry'!CE19, 'MAL-OTHERLOOKUPS'!$ET$4:$ET$56, 0)) -> #N/A | CB19: =CONCATENATE("L","-",IF(ISNA($BJ19),"", BJ19&"MF"),IF(ISNA($CD19),"","-"&$CD19),IF(ISNA($CA19),"","-"&$CA19)) -> L-- | CJ19: =INDEX('Default X, Y'!$D$6:$D$13,MATCH('9.3 MAL- Bus Facilities Entry'!BJ19&"MF",'Default X, Y'!$B$6:$B$13,0)) -> #N/A | CK19: =INDEX('Default X, Y'!$E$6:$E$13,MATCH('9.3 MAL- Bus Facilities Entry'!BJ19&"MF",'Default X, Y'!$B$6:$B$13,0)) -> #N/A | CL19: ="MX_Common_BRT" -> MX_Common_BRT | CN19: 0 | CP19: =$CN19&"-"&$CQ19 -> 0- | CR19: =CONCATENATE($P19,"; ",$CG19,"; ", $BY19) -> ; ; | CS19: =CONCATENATE($P19,"; ",$BS19,"; ",$CE19) -> ; ; | CU19: #REF!
Q20: =INDEX(AssetClass[Asset Class], MATCH('9.3 MAL- Bus Facilities Entry'!P20, AssetClass[Class Description], 0)) -> #N/A | S20: =INDEX(Table15[Category Code], MATCH('9.3 MAL- Bus Facilities Entry'!R20, Table15[Category Description], 0)) -> #N/A | U20: {=INDEX('Custom Field Tbl'!$N$5:$N$446, MATCH('9.3 MAL- Bus Facilities Entry'!$Q20 & '9.3 MAL- Bus Facilities Entry'!U$3, 'Custom Field Tbl'!$M$5:$M$446 & 'Custom Field Tbl'!$O$5:$O$446, 0 ))} -> #N/A | V20: =IF(ISNA(INDEX(CFV_Tbl[CF Description], MATCH('9.3 MAL- Bus Facilities Entry'!U20, CFV_Tbl[CF Code], 0)) ), "Field Not Required", INDEX(CFV_Tbl[CF Description], MATCH('9.3 MAL- Bus Facilities Entry'!U20, CFV_Tbl[CF Code], 0)) ) -> Field Not Required | Y20: {=INDEX('Custom Field Tbl'!$N$5:$N$446, MATCH('9.3 MAL- Bus Facilities Entry'!$Q20 & '9.3 MAL- Bus Facilities Entry'!Y$3, 'Custom Field Tbl'!$M$5:$M$446 & 'Custom Field Tbl'!$O$5:$O$446, 0 ))} -> #N/A | Z20: =IF(ISNA(INDEX(CFV_Tbl[CF Description], MATCH('9.3 MAL- Bus Facilities Entry'!Y20, CFV_Tbl[CF Code], 0)) ), "Field Not Required", INDEX(CFV_Tbl[CF Description], MATCH('9.3 MAL- Bus Facilities Entry'!Y20, CFV_Tbl[CF Code], 0)) ) -> Field Not Required | AC20: {=INDEX('Custom Field Tbl'!$N$5:$N$446, MATCH('9.3 MAL- Bus Facilities Entry'!$Q20 & '9.3 MAL- Bus Facilities Entry'!AC$3, 'Custom Field Tbl'!$M$5:$M$446 & 'Custom Field Tbl'!$O$5:$O$446, 0 ))} -> #N/A | AD20: =IF(ISNA(INDEX(CFV_Tbl[CF Description], MATCH('9.3 MAL- Bus Facilities Entry'!AC20, CFV_Tbl[CF Code], 0)) ), "Field Not Required", INDEX(CFV_Tbl[CF Description], MATCH('9.3 MAL- Bus Facilities Entry'!AC20, CFV_Tbl[CF Code], 0)) ) -> Field Not Required | AG20: {=INDEX('Custom Field Tbl'!$N$5:$N$446, MATCH('9.3 MAL- Bus Facilities Entry'!$Q20 & '9.3 MAL- Bus Facilities Entry'!AG$3, 'Custom Field Tbl'!$M$5:$M$446 & 'Custom Field Tbl'!$O$5:$O$446, 0 ))} -> #N/A | AH20: =IF(ISNA(INDEX(CFV_Tbl[CF Description], MATCH('9.3 MAL- Bus Facilities Entry'!AG20, CFV_Tbl[CF Code], 0)) ), "Field Not Required", INDEX(CFV_Tbl[CF Description], MATCH('9.3 MAL- Bus Facilities Entry'!AG20, CFV_Tbl[CF Code], 0)) ) -> Field Not Required | AK20: {=INDEX('Custom Field Tbl'!$N$5:$N$446, MATCH('9.3 MAL- Bus Facilities Entry'!$Q20 & '9.3 MAL- Bus Facilities Entry'!AK$3, 'Custom Field Tbl'!$M$5:$M$446 & 'Custom Field Tbl'!$O$5:$O$446, 0 ))} -> #N/A | AL20: =IF(ISNA(INDEX(CFV_Tbl[CF Description], MATCH('9.3 MAL- Bus Facilities Entry'!AK20, CFV_Tbl[CF Code], 0)) ), "Field Not Required", INDEX(CFV_Tbl[CF Description], MATCH('9.3 MAL- Bus Facilities Entry'!AK20, CFV_Tbl[CF Code], 0)) ) -> Field Not Required | AO20: {=INDEX('Custom Field Tbl'!$N$5:$N$446, MATCH('9.3 MAL- Bus Facilities Entry'!$Q20 & '9.3 MAL- Bus Facilities Entry'!AO$3, 'Custom Field Tbl'!$M$5:$M$446 & 'Custom Field Tbl'!$O$5:$O$446, 0 ))} -> #N/A | AP20: =IF(ISNA(INDEX(CFV_Tbl[CF Description], MATCH('9.3 MAL- Bus Facilities Entry'!AO20, CFV_Tbl[CF Code], 0)) ), "Field Not Required", INDEX(CFV_Tbl[CF Description], MATCH('9.3 MAL- Bus Facilities Entry'!AO20, CFV_Tbl[CF Code], 0)) ) -> Field Not Required | AS20: {=INDEX('Custom Field Tbl'!$N$5:$N$446, MATCH('9.3 MAL- Bus Facilities Entry'!$Q20 & '9.3 MAL- Bus Facilities Entry'!AS$3, 'Custom Field Tbl'!$M$5:$M$446 & 'Custom Field Tbl'!$O$5:$O$446, 0 ))} -> #N/A | AT20: =IF(ISNA(INDEX(CFV_Tbl[CF Description], MATCH('9.3 MAL- Bus Facilities Entry'!AS20, CFV_Tbl[CF Code], 0)) ), "Field Not Required", INDEX(CFV_Tbl[CF Description], MATCH('9.3 MAL- Bus Facilities Entry'!AS20, CFV_Tbl[CF Code], 0)) ) -> Field Not Required | AW20: {=INDEX('Custom Field Tbl'!$N$5:$N$446, MATCH('9.3 MAL- Bus Facilities Entry'!$Q20 & '9.3 MAL- Bus Facilities Entry'!AW$3, 'Custom Field Tbl'!$M$5:$M$446 & 'Custom Field Tbl'!$O$5:$O$446, 0 ))} -> #N/A | AX20: =IF(ISNA(INDEX(CFV_Tbl[CF Description], MATCH('9.3 MAL- Bus Facilities Entry'!AW20, CFV_Tbl[CF Code], 0)) ), "Field Not Required", INDEX(CFV_Tbl[CF Description], MATCH('9.3 MAL- Bus Facilities Entry'!AW20, CFV_Tbl[CF Code], 0)) ) -> Field Not Required | BA20: {=INDEX('Custom Field Tbl'!$N$5:$N$446, MATCH('9.3 MAL- Bus Facilities Entry'!$Q20 & '9.3 MAL- Bus Facilities Entry'!BA$3, 'Custom Field Tbl'!$M$5:$M$446 & 'Custom Field Tbl'!$O$5:$O$446, 0 ))} -> #N/A | BB20: =IF(ISNA(INDEX(CFV_Tbl[CF Description], MATCH('9.3 MAL- Bus Facilities Entry'!BA20, CFV_Tbl[CF Code], 0)) ), "Field Not Required", INDEX(CFV_Tbl[CF Description], MATCH('9.3 MAL- Bus Facilities Entry'!BA20, CFV_Tbl[CF Code], 0)) ) -> Field Not Required | BE20: {=INDEX('Custom Field Tbl'!$N$5:$N$446, MATCH('9.3 MAL- Bus Facilities Entry'!$Q20 & '9.3 MAL- Bus Facilities Entry'!BE$3, 'Custom Field Tbl'!$M$5:$M$446 & 'Custom Field Tbl'!$O$5:$O$446, 0 ))} -> #N/A | BF20: =IF(ISNA(INDEX(CFV_Tbl[CF Description], MATCH('9.3 MAL- Bus Facilities Entry'!BE20, CFV_Tbl[CF Code], 0)) ), "Field Not Required", INDEX(CFV_Tbl[CF Description], MATCH('9.3 MAL- Bus Facilities Entry'!BE20, CFV_Tbl[CF Code], 0)) ) -> Field Not Required | BJ20: =INDEX(Mnemonic[Code], MATCH('9.3 MAL- Bus Facilities Entry'!BS20, Mnemonic[Description], 0)) -> #N/A | BK20: =INDEX(Mnemonic[Code], MATCH('9.3 MAL- Bus Facilities Entry'!BT20, Mnemonic[Description], 0)) -> #N/A | BL20: =IF(ISNA(INDEX(Mnemonic[Code], MATCH( '9.3 MAL- Bus Facilities Entry'!BU20, Mnemonic[Description], 0)) ), INDEX(Mnemonic[Code], MATCH( LEFT('9.3 MAL- Bus Facilities Entry'!BU20, LEN(BU20)-2), Mnemonic[Description], 0)), INDEX(Mnemonic[Code], MATCH( '9.3 MAL- Bus Facilities Entry'!BU20, Mnemonic[Description], 0)) ) -> #VALUE! | BM20: =IF(ISNA(INDEX(Mnemonic[Code], MATCH( '9.3 MAL- Bus Facilities Entry'!BV20, Mnemonic[Description], 0)) ), INDEX(Mnemonic[Code], MATCH( LEFT('9.3 MAL- Bus Facilities Entry'!BV20, LEN(BV20)-2), Mnemonic[Description], 0)), INDEX(Mnemonic[Code], MATCH( '9.3 MAL- Bus Facilities Entry'!BV20, Mnemonic[Description], 0)) ) -> #VALUE! | BN20: =IF(ISNA(INDEX(Mnemonic[Code], MATCH( '9.3 MAL- Bus Facilities Entry'!BW20, Mnemonic[Description], 0)) ), INDEX(Mnemonic[Code], MATCH( LEFT('9.3 MAL- Bus Facilities Entry'!BW20, LEN(BW20)-1), Mnemonic[Description], 0)), INDEX(Mnemonic[Code], MATCH( '9.3 MAL- Bus Facilities Entry'!BW20, Mnemonic[Description], 0)) ) -> #VALUE! | BO20: =IF(ISNA(INDEX(Mnemonic[Code], MATCH( '9.3 MAL- Bus Facilities Entry'!BX20, Mnemonic[Description], 0)) ), INDEX(Mnemonic[Code], MATCH( LEFT('9.3 MAL- Bus Facilities Entry'!BX20, LEN(BX20)-1), Mnemonic[Description], 0)), INDEX(Mnemonic[Code], MATCH( '9.3 MAL- Bus Facilities Entry'!BX20, Mnemonic[Description], 0)) ) -> #VALUE! | BP20: =IF(ISBLANK(BX20), BK20 &"-"&BL20, BK20 &"-"&BL20 & "-" & BM20) -> #N/A | BQ20: =CONCATENATE(BJ20,"-",BP20) -> #N/A | BR20: =IF(BM20=BN20,CONCATENATE(BQ20,"-",BM20,"-",BY20),CONCATENATE(BQ20,"-",BN20,"-",BY20)) -> #VALUE! | CA20: =INDEX('MAL-OTHERLOOKUPS'!$ES$4:$ES$56, MATCH('9.3 MAL- Bus Facilities Entry'!CE20, 'MAL-OTHERLOOKUPS'!$ET$4:$ET$56, 0)) -> #N/A | CB20: =CONCATENATE("L","-",IF(ISNA($BJ20),"", BJ20&"MF"),IF(ISNA($CD20),"","-"&$CD20),IF(ISNA($CA20),"","-"&$CA20)) -> L-- | CJ20: =INDEX('Default X, Y'!$D$6:$D$13,MATCH('9.3 MAL- Bus Facilities Entry'!BJ20&"MF",'Default X, Y'!$B$6:$B$13,0)) -> #N/A | CK20: =INDEX('Default X, Y'!$E$6:$E$13,MATCH('9.3 MAL- Bus Facilities Entry'!BJ20&"MF",'Default X, Y'!$B$6:$B$13,0)) -> #N/A | CL20: ="MX_Common_BRT" -> MX_Common_BRT | CN20: 0 | CP20: =$CN20&"-"&$CO20 -> 0- | CR20: =CONCATENATE($P20,"; ",$CG20,"; ", $BY20) -> ; ; | CS20: =CONCATENATE($P20,"; ",$BS20,"; ",$CE20) -> ; ; | CU20: #REF!
Q21: =INDEX(AssetClass[Asset Class], MATCH('9.3 MAL- Bus Facilities Entry'!P21, AssetClass[Class Description], 0)) -> #N/A | S21: =INDEX(Table15[Category Code], MATCH('9.3 MAL- Bus Facilities Entry'!R21, Table15[Category Description], 0)) -> #N/A | U21: {=INDEX('Custom Field Tbl'!$N$5:$N$446, MATCH('9.3 MAL- Bus Facilities Entry'!$Q21 & '9.3 MAL- Bus Facilities Entry'!U$3, 'Custom Field Tbl'!$M$5:$M$446 & 'Custom Field Tbl'!$O$5:$O$446, 0 ))} -> #N/A | V21: =IF(ISNA(INDEX(CFV_Tbl[CF Description], MATCH('9.3 MAL- Bus Facilities Entry'!U21, CFV_Tbl[CF Code], 0)) ), "Field Not Required", INDEX(CFV_Tbl[CF Description], MATCH('9.3 MAL- Bus Facilities Entry'!U21, CFV_Tbl[CF Code], 0)) ) -> Field Not Required | Y21: {=INDEX('Custom Field Tbl'!$N$5:$N$446, MATCH('9.3 MAL- Bus Facilities Entry'!$Q21 & '9.3 MAL- Bus Facilities Entry'!Y$3, 'Custom Field Tbl'!$M$5:$M$446 & 'Custom Field Tbl'!$O$5:$O$446, 0 ))} -> #N/A | Z21: =IF(ISNA(INDEX(CFV_Tbl[CF Description], MATCH('9.3 MAL- Bus Facilities Entry'!Y21, CFV_Tbl[CF Code], 0)) ), "Field Not Required", INDEX(CFV_Tbl[CF Description], MATCH('9.3 MAL- Bus Facilities Entry'!Y21, CFV_Tbl[CF Code], 0)) ) -> Field Not Required | AC21: {=INDEX('Custom Field Tbl'!$N$5:$N$446, MATCH('9.3 MAL- Bus Facilities Entry'!$Q21 & '9.3 MAL- Bus Facilities Entry'!AC$3, 'Custom Field Tbl'!$M$5:$M$446 & 'Custom Field Tbl'!$O$5:$O$446, 0 ))} -> #N/A | AD21: =IF(ISNA(INDEX(CFV_Tbl[CF Description], MATCH('9.3 MAL- Bus Facilities Entry'!AC21, CFV_Tbl[CF Code], 0)) ), "Field Not Required", INDEX(CFV_Tbl[CF Description], MATCH('9.3 MAL- Bus Facilities Entry'!AC21, CFV_Tbl[CF Code], 0)) ) -> Field Not Required | AG21: {=INDEX('Custom Field Tbl'!$N$5:$N$446, MATCH('9.3 MAL- Bus Facilities Entry'!$Q21 & '9.3 MAL- Bus Facilities Entry'!AG$3, 'Custom Field Tbl'!$M$5:$M$446 & 'Custom Field Tbl'!$O$5:$O$446, 0 ))} -> #N/A | AH21: =IF(ISNA(INDEX(CFV_Tbl[CF Description], MATCH('9.3 MAL- Bus Facilities Entry'!AG21, CFV_Tbl[CF Code], 0)) ), "Field Not Required", INDEX(CFV_Tbl[CF Description], MATCH('9.3 MAL- Bus Facilities Entry'!AG21, CFV_Tbl[CF Code], 0)) ) -> Field Not Required | AK21: {=INDEX('Custom Field Tbl'!$N$5:$N$446, MATCH('9.3 MAL- Bus Facilities Entry'!$Q21 & '9.3 MAL- Bus Facilities Entry'!AK$3, 'Custom Field Tbl'!$M$5:$M$446 & 'Custom Field Tbl'!$O$5:$O$446, 0 ))} -> #N/A | AL21: =IF(ISNA(INDEX(CFV_Tbl[CF Description], MATCH('9.3 MAL- Bus Facilities Entry'!AK21, CFV_Tbl[CF Code], 0)) ), "Field Not Required", INDEX(CFV_Tbl[CF Description], MATCH('9.3 MAL- Bus Facilities Entry'!AK21, CFV_Tbl[CF Code], 0)) ) -> Field Not Required | AO21: {=INDEX('Custom Field Tbl'!$N$5:$N$446, MATCH('9.3 MAL- Bus Facilities Entry'!$Q21 & '9.3 MAL- Bus Facilities Entry'!AO$3, 'Custom Field Tbl'!$M$5:$M$446 & 'Custom Field Tbl'!$O$5:$O$446, 0 ))} -> #N/A | AP21: =IF(ISNA(INDEX(CFV_Tbl[CF Description], MATCH('9.3 MAL- Bus Facilities Entry'!AO21, CFV_Tbl[CF Code], 0)) ), "Field Not Required", INDEX(CFV_Tbl[CF Description], MATCH('9.3 MAL- Bus Facilities Entry'!AO21, CFV_Tbl[CF Code], 0)) ) -> Field Not Required | AS21: {=INDEX('Custom Field Tbl'!$N$5:$N$446, MATCH('9.3 MAL- Bus Facilities Entry'!$Q21 & '9.3 MAL- Bus Facilities Entry'!AS$3, 'Custom Field Tbl'!$M$5:$M$446 & 'Custom Field Tbl'!$O$5:$O$446, 0 ))} -> #N/A | AT21: =IF(ISNA(INDEX(CFV_Tbl[CF Description], MATCH('9.3 MAL- Bus Facilities Entry'!AS21, CFV_Tbl[CF Code], 0)) ), "Field Not Required", INDEX(CFV_Tbl[CF Description], MATCH('9.3 MAL- Bus Facilities Entry'!AS21, CFV_Tbl[CF Code], 0)) ) -> Field Not Required | AW21: {=INDEX('Custom Field Tbl'!$N$5:$N$446, MATCH('9.3 MAL- Bus Facilities Entry'!$Q21 & '9.3 MAL- Bus Facilities Entry'!AW$3, 'Custom Field Tbl'!$M$5:$M$446 & 'Custom Field Tbl'!$O$5:$O$446, 0 ))} -> #N/A | AX21: =IF(ISNA(INDEX(CFV_Tbl[CF Description], MATCH('9.3 MAL- Bus Facilities Entry'!AW21, CFV_Tbl[CF Code], 0)) ), "Field Not Required", INDEX(CFV_Tbl[CF Description], MATCH('9.3 MAL- Bus Facilities Entry'!AW21, CFV_Tbl[CF Code], 0)) ) -> Field Not Required | BA21: {=INDEX('Custom Field Tbl'!$N$5:$N$446, MATCH('9.3 MAL- Bus Facilities Entry'!$Q21 & '9.3 MAL- Bus Facilities Entry'!BA$3, 'Custom Field Tbl'!$M$5:$M$446 & 'Custom Field Tbl'!$O$5:$O$446, 0 ))} -> #N/A | BB21: =IF(ISNA(INDEX(CFV_Tbl[CF Description], MATCH('9.3 MAL- Bus Facilities Entry'!BA21, CFV_Tbl[CF Code], 0)) ), "Field Not Required", INDEX(CFV_Tbl[CF Description], MATCH('9.3 MAL- Bus Facilities Entry'!BA21, CFV_Tbl[CF Code], 0)) ) -> Field Not Required | BE21: {=INDEX('Custom Field Tbl'!$N$5:$N$446, MATCH('9.3 MAL- Bus Facilities Entry'!$Q21 & '9.3 MAL- Bus Facilities Entry'!BE$3, 'Custom Field Tbl'!$M$5:$M$446 & 'Custom Field Tbl'!$O$5:$O$446, 0 ))} -> #N/A | BF21: =IF(ISNA(INDEX(CFV_Tbl[CF Description], MATCH('9.3 MAL- Bus Facilities Entry'!BE21, CFV_Tbl[CF Code], 0)) ), "Field Not Required", INDEX(CFV_Tbl[CF Description], MATCH('9.3 MAL- Bus Facilities Entry'!BE21, CFV_Tbl[CF Code], 0)) ) -> Field Not Required | BJ21: =INDEX(Mnemonic[Code], MATCH('9.3 MAL- Bus Facilities Entry'!BS21, Mnemonic[Description], 0)) -> #N/A | BK21: =INDEX(Mnemonic[Code], MATCH('9.3 MAL- Bus Facilities Entry'!BT21, Mnemonic[Description], 0)) -> #N/A | BL21: =IF(ISNA(INDEX(Mnemonic[Code], MATCH( '9.3 MAL- Bus Facilities Entry'!BU21, Mnemonic[Description], 0)) ), INDEX(Mnemonic[Code], MATCH( LEFT('9.3 MAL- Bus Facilities Entry'!BU21, LEN(BU21)-2), Mnemonic[Description], 0)), INDEX(Mnemonic[Code], MATCH( '9.3 MAL- Bus Facilities Entry'!BU21, Mnemonic[Description], 0)) ) -> #VALUE! | BM21: =IF(ISNA(INDEX(Mnemonic[Code], MATCH( '9.3 MAL- Bus Facilities Entry'!BV21, Mnemonic[Description], 0)) ), INDEX(Mnemonic[Code], MATCH( LEFT('9.3 MAL- Bus Facilities Entry'!BV21, LEN(BV21)-2), Mnemonic[Description], 0)), INDEX(Mnemonic[Code], MATCH( '9.3 MAL- Bus Facilities Entry'!BV21, Mnemonic[Description], 0)) ) -> #VALUE! | BN21: =IF(ISNA(INDEX(Mnemonic[Code], MATCH( '9.3 MAL- Bus Facilities Entry'!BW21, Mnemonic[Description], 0)) ), INDEX(Mnemonic[Code], MATCH( LEFT('9.3 MAL- Bus Facilities Entry'!BW21, LEN(BW21)-1), Mnemonic[Description], 0)), INDEX(Mnemonic[Code], MATCH( '9.3 MAL- Bus Facilities Entry'!BW21, Mnemonic[Description], 0)) ) -> #VALUE! | BO21: =IF(ISNA(INDEX(Mnemonic[Code], MATCH( '9.3 MAL- Bus Facilities Entry'!BX21, Mnemonic[Description], 0)) ), INDEX(Mnemonic[Code], MATCH( LEFT('9.3 MAL- Bus Facilities Entry'!BX21, LEN(BX21)-1), Mnemonic[Description], 0)), INDEX(Mnemonic[Code], MATCH( '9.3 MAL- Bus Facilities Entry'!BX21, Mnemonic[Description], 0)) ) -> #VALUE! | BP21: =IF(ISBLANK(BX21), BK21 &"-"&BL21, BK21 &"-"&BL21 & "-" & BM21) -> #N/A | BQ21: =CONCATENATE(BJ21,"-",BP21) -> #N/A | BR21: =IF(BM21=BN21,CONCATENATE(BQ21,"-",BM21,"-",BY21),CONCATENATE(BQ21,"-",BN21,"-",BY21)) -> #VALUE! | CA21: =INDEX('MAL-OTHERLOOKUPS'!$ES$4:$ES$56, MATCH('9.3 MAL- Bus Facilities Entry'!CE21, 'MAL-OTHERLOOKUPS'!$ET$4:$ET$56, 0)) -> #N/A | CB21: =CONCATENATE("L","-",IF(ISNA($BJ21),"", BJ21&"MF"),IF(ISNA($CD21),"","-"&$CD21),IF(ISNA($CA21),"","-"&$CA21)) -> L-- | CJ21: =INDEX('Default X, Y'!$D$6:$D$13,MATCH('9.3 MAL- Bus Facilities Entry'!BJ21&"MF",'Default X, Y'!$B$6:$B$13,0)) -> #N/A | CK21: =INDEX('Default X, Y'!$E$6:$E$13,MATCH('9.3 MAL- Bus Facilities Entry'!BJ21&"MF",'Default X, Y'!$B$6:$B$13,0)) -> #N/A | CL21: ="MX_Common_BRT" -> MX_Common_BRT | CN21: 0 | CP21: =$CN21&"-"&$CO21 -> 0- | CR21: =CONCATENATE($P21,"; ",$CG21,"; ", $BY21) -> ; ; | CS21: =CONCATENATE($P21,"; ",$BS21,"; ",$CE21) -> ; ; | CU21: #REF!
Q22: =INDEX(AssetClass[Asset Class], MATCH('9.3 MAL- Bus Facilities Entry'!P22, AssetClass[Class Description], 0)) -> #N/A | S22: =INDEX(Table15[Category Code], MATCH('9.3 MAL- Bus Facilities Entry'!R22, Table15[Category Description], 0)) -> #N/A | U22: {=INDEX('Custom Field Tbl'!$N$5:$N$446, MATCH('9.3 MAL- Bus Facilities Entry'!$Q22 & '9.3 MAL- Bus Facilities Entry'!U$3, 'Custom Field Tbl'!$M$5:$M$446 & 'Custom Field Tbl'!$O$5:$O$446, 0 ))} -> #N/A | V22: =IF(ISNA(INDEX(CFV_Tbl[CF Description], MATCH('9.3 MAL- Bus Facilities Entry'!U22, CFV_Tbl[CF Code], 0)) ), "Field Not Required", INDEX(CFV_Tbl[CF Description], MATCH('9.3 MAL- Bus Facilities Entry'!U22, CFV_Tbl[CF Code], 0)) ) -> Field Not Required | Y22: {=INDEX('Custom Field Tbl'!$N$5:$N$446, MATCH('9.3 MAL- Bus Facilities Entry'!$Q22 & '9.3 MAL- Bus Facilities Entry'!Y$3, 'Custom Field Tbl'!$M$5:$M$446 & 'Custom Field Tbl'!$O$5:$O$446, 0 ))} -> #N/A | Z22: =IF(ISNA(INDEX(CFV_Tbl[CF Description], MATCH('9.3 MAL- Bus Facilities Entry'!Y22, CFV_Tbl[CF Code], 0)) ), "Field Not Required", INDEX(CFV_Tbl[CF Description], MATCH('9.3 MAL- Bus Facilities Entry'!Y22, CFV_Tbl[CF Code], 0)) ) -> Field Not Required | AC22: {=INDEX('Custom Field Tbl'!$N$5:$N$446, MATCH('9.3 MAL- Bus Facilities Entry'!$Q22 & '9.3 MAL- Bus Facilities Entry'!AC$3, 'Custom Field Tbl'!$M$5:$M$446 & 'Custom Field Tbl'!$O$5:$O$446, 0 ))} -> #N/A | AD22: =IF(ISNA(INDEX(CFV_Tbl[CF Description], MATCH('9.3 MAL- Bus Facilities Entry'!AC22, CFV_Tbl[CF Code], 0)) ), "Field Not Required", INDEX(CFV_Tbl[CF Description], MATCH('9.3 MAL- Bus Facilities Entry'!AC22, CFV_Tbl[CF Code], 0)) ) -> Field Not Required | AG22: {=INDEX('Custom Field Tbl'!$N$5:$N$446, MATCH('9.3 MAL- Bus Facilities Entry'!$Q22 & '9.3 MAL- Bus Facilities Entry'!AG$3, 'Custom Field Tbl'!$M$5:$M$446 & 'Custom Field Tbl'!$O$5:$O$446, 0 ))} -> #N/A | AH22: =IF(ISNA(INDEX(CFV_Tbl[CF Description], MATCH('9.3 MAL- Bus Facilities Entry'!AG22, CFV_Tbl[CF Code], 0)) ), "Field Not Required", INDEX(CFV_Tbl[CF Description], MATCH('9.3 MAL- Bus Facilities Entry'!AG22, CFV_Tbl[CF Code], 0)) ) -> Field Not Required | AK22: {=INDEX('Custom Field Tbl'!$N$5:$N$446, MATCH('9.3 MAL- Bus Facilities Entry'!$Q22 & '9.3 MAL- Bus Facilities Entry'!AK$3, 'Custom Field Tbl'!$M$5:$M$446 & 'Custom Field Tbl'!$O$5:$O$446, 0 ))} -> #N/A | AL22: =IF(ISNA(INDEX(CFV_Tbl[CF Description], MATCH('9.3 MAL- Bus Facilities Entry'!AK22, CFV_Tbl[CF Code], 0)) ), "Field Not Required", INDEX(CFV_Tbl[CF Description], MATCH('9.3 MAL- Bus Facilities Entry'!AK22, CFV_Tbl[CF Code], 0)) ) -> Field Not Required | AO22: {=INDEX('Custom Field Tbl'!$N$5:$N$446, MATCH('9.3 MAL- Bus Facilities Entry'!$Q22 & '9.3 MAL- Bus Facilities Entry'!AO$3, 'Custom Field Tbl'!$M$5:$M$446 & 'Custom Field Tbl'!$O$5:$O$446, 0 ))} -> #N/A | AP22: =IF(ISNA(INDEX(CFV_Tbl[CF Description], MATCH('9.3 MAL- Bus Facilities Entry'!AO22, CFV_Tbl[CF Code], 0)) ), "Field Not Required", INDEX(CFV_Tbl[CF Description], MATCH('9.3 MAL- Bus Facilities Entry'!AO22, CFV_Tbl[CF Code], 0)) ) -> Field Not Required | AS22: {=INDEX('Custom Field Tbl'!$N$5:$N$446, MATCH('9.3 MAL- Bus Facilities Entry'!$Q22 & '9.3 MAL- Bus Facilities Entry'!AS$3, 'Custom Field Tbl'!$M$5:$M$446 & 'Custom Field Tbl'!$O$5:$O$446, 0 ))} -> #N/A | AT22: =IF(ISNA(INDEX(CFV_Tbl[CF Description], MATCH('9.3 MAL- Bus Facilities Entry'!AS22, CFV_Tbl[CF Code], 0)) ), "Field Not Required", INDEX(CFV_Tbl[CF Description], MATCH('9.3 MAL- Bus Facilities Entry'!AS22, CFV_Tbl[CF Code], 0)) ) -> Field Not Required | AW22: {=INDEX('Custom Field Tbl'!$N$5:$N$446, MATCH('9.3 MAL- Bus Facilities Entry'!$Q22 & '9.3 MAL- Bus Facilities Entry'!AW$3, 'Custom Field Tbl'!$M$5:$M$446 & 'Custom Field Tbl'!$O$5:$O$446, 0 ))} -> #N/A | AX22: =IF(ISNA(INDEX(CFV_Tbl[CF Description], MATCH('9.3 MAL- Bus Facilities Entry'!AW22, CFV_Tbl[CF Code], 0)) ), "Field Not Required", INDEX(CFV_Tbl[CF Description], MATCH('9.3 MAL- Bus Facilities Entry'!AW22, CFV_Tbl[CF Code], 0)) ) -> Field Not Required | BA22: {=INDEX('Custom Field Tbl'!$N$5:$N$446, MATCH('9.3 MAL- Bus Facilities Entry'!$Q22 & '9.3 MAL- Bus Facilities Entry'!BA$3, 'Custom Field Tbl'!$M$5:$M$446 & 'Custom Field Tbl'!$O$5:$O$446, 0 ))} -> #N/A | BB22: =IF(ISNA(INDEX(CFV_Tbl[CF Description], MATCH('9.3 MAL- Bus Facilities Entry'!BA22, CFV_Tbl[CF Code], 0)) ), "Field Not Required", INDEX(CFV_Tbl[CF Description], MATCH('9.3 MAL- Bus Facilities Entry'!BA22, CFV_Tbl[CF Code], 0)) ) -> Field Not Required | BE22: {=INDEX('Custom Field Tbl'!$N$5:$N$446, MATCH('9.3 MAL- Bus Facilities Entry'!$Q22 & '9.3 MAL- Bus Facilities Entry'!BE$3, 'Custom Field Tbl'!$M$5:$M$446 & 'Custom Field Tbl'!$O$5:$O$446, 0 ))} -> #N/A | BF22: =IF(ISNA(INDEX(CFV_Tbl[CF Description], MATCH('9.3 MAL- Bus Facilities Entry'!BE22, CFV_Tbl[CF Code], 0)) ), "Field Not Required", INDEX(CFV_Tbl[CF Description], MATCH('9.3 MAL- Bus Facilities Entry'!BE22, CFV_Tbl[CF Code], 0)) ) -> Field Not Required | BJ22: =INDEX(Mnemonic[Code], MATCH('9.3 MAL- Bus Facilities Entry'!BS22, Mnemonic[Description], 0)) -> #N/A | BK22: =INDEX(Mnemonic[Code], MATCH('9.3 MAL- Bus Facilities Entry'!BT22, Mnemonic[Description], 0)) -> #N/A | BL22: =IF(ISNA(INDEX(Mnemonic[Code], MATCH( '9.3 MAL- Bus Facilities Entry'!BU22, Mnemonic[Description], 0)) ), INDEX(Mnemonic[Code], MATCH( LEFT('9.3 MAL- Bus Facilities Entry'!BU22, LEN(BU22)-2), Mnemonic[Description], 0)), INDEX(Mnemonic[Code], MATCH( '9.3 MAL- Bus Facilities Entry'!BU22, Mnemonic[Description], 0)) ) -> #VALUE! | BM22: =IF(ISNA(INDEX(Mnemonic[Code], MATCH( '9.3 MAL- Bus Facilities Entry'!BV22, Mnemonic[Description], 0)) ), INDEX(Mnemonic[Code], MATCH( LEFT('9.3 MAL- Bus Facilities Entry'!BV22, LEN(BV22)-2), Mnemonic[Description], 0)), INDEX(Mnemonic[Code], MATCH( '9.3 MAL- Bus Facilities Entry'!BV22, Mnemonic[Description], 0)) ) -> #VALUE! | BN22: =IF(ISNA(INDEX(Mnemonic[Code], MATCH( '9.3 MAL- Bus Facilities Entry'!BW22, Mnemonic[Description], 0)) ), INDEX(Mnemonic[Code], MATCH( LEFT('9.3 MAL- Bus Facilities Entry'!BW22, LEN(BW22)-1), Mnemonic[Description], 0)), INDEX(Mnemonic[Code], MATCH( '9.3 MAL- Bus Facilities Entry'!BW22, Mnemonic[Description], 0)) ) -> #VALUE! | BO22: =IF(ISNA(INDEX(Mnemonic[Code], MATCH( '9.3 MAL- Bus Facilities Entry'!BX22, Mnemonic[Description], 0)) ), INDEX(Mnemonic[Code], MATCH( LEFT('9.3 MAL- Bus Facilities Entry'!BX22, LEN(BX22)-1), Mnemonic[Description], 0)), INDEX(Mnemonic[Code], MATCH( '9.3 MAL- Bus Facilities Entry'!BX22, Mnemonic[Description], 0)) ) -> #VALUE! | BP22: =IF(ISBLANK(BX22), BK22 &"-"&BL22, BK22 &"-"&BL22 & "-" & BM22) -> #N/A | BQ22: =CONCATENATE(BJ22,"-",BP22) -> #N/A | BR22: =IF(BM22=BN22,CONCATENATE(BQ22,"-",BM22,"-",BY22),CONCATENATE(BQ22,"-",BN22,"-",BY22)) -> #VALUE! | CA22: =INDEX('MAL-OTHERLOOKUPS'!$ES$4:$ES$56, MATCH('9.3 MAL- Bus Facilities Entry'!CE22, 'MAL-OTHERLOOKUPS'!$ET$4:$ET$56, 0)) -> #N/A | CB22: =CONCATENATE("L","-",IF(ISNA($BJ22),"", BJ22&"MF"),IF(ISNA($CD22),"","-"&$CD22),IF(ISNA($CA22),"","-"&$CA22)) -> L-- | CJ22: =INDEX('Default X, Y'!$D$6:$D$13,MATCH('9.3 MAL- Bus Facilities Entry'!BJ22&"MF",'Default X, Y'!$B$6:$B$13,0)) -> #N/A | CK22: =INDEX('Default X, Y'!$E$6:$E$13,MATCH('9.3 MAL- Bus Facilities Entry'!BJ22&"MF",'Default X, Y'!$B$6:$B$13,0)) -> #N/A | CL22: ="MX_Common_BRT" -> MX_Common_BRT | CN22: 0 | CP22: =$CN22&"-"&$CO22 -> 0- | CR22: =CONCATENATE($P22,"; ",$CG22,"; ", $BY22) -> ; ; | CS22: =CONCATENATE($P22,"; ",$BS22,"; ",$CE22) -> ; ; | CU22: #REF!
Q23: =INDEX(AssetClass[Asset Class], MATCH('9.3 MAL- Bus Facilities Entry'!P23, AssetClass[Class Description], 0)) -> #N/A | S23: =INDEX(Table15[Category Code], MATCH('9.3 MAL- Bus Facilities Entry'!R23, Table15[Category Description], 0)) -> #N/A | U23: {=INDEX('Custom Field Tbl'!$N$5:$N$446, MATCH('9.3 MAL- Bus Facilities Entry'!$Q23 & '9.3 MAL- Bus Facilities Entry'!U$3, 'Custom Field Tbl'!$M$5:$M$446 & 'Custom Field Tbl'!$O$5:$O$446, 0 ))} -> #N/A | V23: =IF(ISNA(INDEX(CFV_Tbl[CF Description], MATCH('9.3 MAL- Bus Facilities Entry'!U23, CFV_Tbl[CF Code], 0)) ), "Field Not Required", INDEX(CFV_Tbl[CF Description], MATCH('9.3 MAL- Bus Facilities Entry'!U23, CFV_Tbl[CF Code], 0)) ) -> Field Not Required | Y23: {=INDEX('Custom Field Tbl'!$N$5:$N$446, MATCH('9.3 MAL- Bus Facilities Entry'!$Q23 & '9.3 MAL- Bus Facilities Entry'!Y$3, 'Custom Field Tbl'!$M$5:$M$446 & 'Custom Field Tbl'!$O$5:$O$446, 0 ))} -> #N/A | Z23: =IF(ISNA(INDEX(CFV_Tbl[CF Description], MATCH('9.3 MAL- Bus Facilities Entry'!Y23, CFV_Tbl[CF Code], 0)) ), "Field Not Required", INDEX(CFV_Tbl[CF Description], MATCH('9.3 MAL- Bus Facilities Entry'!Y23, CFV_Tbl[CF Code], 0)) ) -> Field Not Required | AC23: {=INDEX('Custom Field Tbl'!$N$5:$N$446, MATCH('9.3 MAL- Bus Facilities Entry'!$Q23 & '9.3 MAL- Bus Facilities Entry'!AC$3, 'Custom Field Tbl'!$M$5:$M$446 & 'Custom Field Tbl'!$O$5:$O$446, 0 ))} -> #N/A | AD23: =IF(ISNA(INDEX(CFV_Tbl[CF Description], MATCH('9.3 MAL- Bus Facilities Entry'!AC23, CFV_Tbl[CF Code], 0)) ), "Field Not Required", INDEX(CFV_Tbl[CF Description], MATCH('9.3 MAL- Bus Facilities Entry'!AC23, CFV_Tbl[CF Code], 0)) ) -> Field Not Required | AG23: {=INDEX('Custom Field Tbl'!$N$5:$N$446, MATCH('9.3 MAL- Bus Facilities Entry'!$Q23 & '9.3 MAL- Bus Facilities Entry'!AG$3, 'Custom Field Tbl'!$M$5:$M$446 & 'Custom Field Tbl'!$O$5:$O$446, 0 ))} -> #N/A | AH23: =IF(ISNA(INDEX(CFV_Tbl[CF Description], MATCH('9.3 MAL- Bus Facilities Entry'!AG23, CFV_Tbl[CF Code], 0)) ), "Field Not Required", INDEX(CFV_Tbl[CF Description], MATCH('9.3 MAL- Bus Facilities Entry'!AG23, CFV_Tbl[CF Code], 0)) ) -> Field Not Required | AK23: {=INDEX('Custom Field Tbl'!$N$5:$N$446, MATCH('9.3 MAL- Bus Facilities Entry'!$Q23 & '9.3 MAL- Bus Facilities Entry'!AK$3, 'Custom Field Tbl'!$M$5:$M$446 & 'Custom Field Tbl'!$O$5:$O$446, 0 ))} -> #N/A | AL23: =IF(ISNA(INDEX(CFV_Tbl[CF Description], MATCH('9.3 MAL- Bus Facilities Entry'!AK23, CFV_Tbl[CF Code], 0)) ), "Field Not Required", INDEX(CFV_Tbl[CF Description], MATCH('9.3 MAL- Bus Facilities Entry'!AK23, CFV_Tbl[CF Code], 0)) ) -> Field Not Required | AO23: {=INDEX('Custom Field Tbl'!$N$5:$N$446, MATCH('9.3 MAL- Bus Facilities Entry'!$Q23 & '9.3 MAL- Bus Facilities Entry'!AO$3, 'Custom Field Tbl'!$M$5:$M$446 & 'Custom Field Tbl'!$O$5:$O$446, 0 ))} -> #N/A | AP23: =IF(ISNA(INDEX(CFV_Tbl[CF Description], MATCH('9.3 MAL- Bus Facilities Entry'!AO23, CFV_Tbl[CF Code], 0)) ), "Field Not Required", INDEX(CFV_Tbl[CF Description], MATCH('9.3 MAL- Bus Facilities Entry'!AO23, CFV_Tbl[CF Code], 0)) ) -> Field Not Required | AS23: {=INDEX('Custom Field Tbl'!$N$5:$N$446, MATCH('9.3 MAL- Bus Facilities Entry'!$Q23 & '9.3 MAL- Bus Facilities Entry'!AS$3, 'Custom Field Tbl'!$M$5:$M$446 & 'Custom Field Tbl'!$O$5:$O$446, 0 ))} -> #N/A | AT23: =IF(ISNA(INDEX(CFV_Tbl[CF Description], MATCH('9.3 MAL- Bus Facilities Entry'!AS23, CFV_Tbl[CF Code], 0)) ), "Field Not Required", INDEX(CFV_Tbl[CF Description], MATCH('9.3 MAL- Bus Facilities Entry'!AS23, CFV_Tbl[CF Code], 0)) ) -> Field Not Required | AW23: {=INDEX('Custom Field Tbl'!$N$5:$N$446, MATCH('9.3 MAL- Bus Facilities Entry'!$Q23 & '9.3 MAL- Bus Facilities Entry'!AW$3, 'Custom Field Tbl'!$M$5:$M$446 & 'Custom Field Tbl'!$O$5:$O$446, 0 ))} -> #N/A | AX23: =IF(ISNA(INDEX(CFV_Tbl[CF Description], MATCH('9.3 MAL- Bus Facilities Entry'!AW23, CFV_Tbl[CF Code], 0)) ), "Field Not Required", INDEX(CFV_Tbl[CF Description], MATCH('9.3 MAL- Bus Facilities Entry'!AW23, CFV_Tbl[CF Code], 0)) ) -> Field Not Required | BA23: {=INDEX('Custom Field Tbl'!$N$5:$N$446, MATCH('9.3 MAL- Bus Facilities Entry'!$Q23 & '9.3 MAL- Bus Facilities Entry'!BA$3, 'Custom Field Tbl'!$M$5:$M$446 & 'Custom Field Tbl'!$O$5:$O$446, 0 ))} -> #N/A | BB23: =IF(ISNA(INDEX(CFV_Tbl[CF Description], MATCH('9.3 MAL- Bus Facilities Entry'!BA23, CFV_Tbl[CF Code], 0)) ), "Field Not Required", INDEX(CFV_Tbl[CF Description], MATCH('9.3 MAL- Bus Facilities Entry'!BA23, CFV_Tbl[CF Code], 0)) ) -> Field Not Required | BE23: {=INDEX('Custom Field Tbl'!$N$5:$N$446, MATCH('9.3 MAL- Bus Facilities Entry'!$Q23 & '9.3 MAL- Bus Facilities Entry'!BE$3, 'Custom Field Tbl'!$M$5:$M$446 & 'Custom Field Tbl'!$O$5:$O$446, 0 ))} -> #N/A | BF23: =IF(ISNA(INDEX(CFV_Tbl[CF Description], MATCH('9.3 MAL- Bus Facilities Entry'!BE23, CFV_Tbl[CF Code], 0)) ), "Field Not Required", INDEX(CFV_Tbl[CF Description], MATCH('9.3 MAL- Bus Facilities Entry'!BE23, CFV_Tbl[CF Code], 0)) ) -> Field Not Required | BJ23: =INDEX(Mnemonic[Code], MATCH('9.3 MAL- Bus Facilities Entry'!BS23, Mnemonic[Description], 0)) -> #N/A | BK23: =INDEX(Mnemonic[Code], MATCH('9.3 MAL- Bus Facilities Entry'!BT23, Mnemonic[Description], 0)) -> #N/A | BL23: =IF(ISNA(INDEX(Mnemonic[Code], MATCH( '9.3 MAL- Bus Facilities Entry'!BU23, Mnemonic[Description], 0)) ), INDEX(Mnemonic[Code], MATCH( LEFT('9.3 MAL- Bus Facilities Entry'!BU23, LEN(BU23)-2), Mnemonic[Description], 0)), INDEX(Mnemonic[Code], MATCH( '9.3 MAL- Bus Facilities Entry'!BU23, Mnemonic[Description], 0)) ) -> #VALUE! | BM23: =IF(ISNA(INDEX(Mnemonic[Code], MATCH( '9.3 MAL- Bus Facilities Entry'!BV23, Mnemonic[Description], 0)) ), INDEX(Mnemonic[Code], MATCH( LEFT('9.3 MAL- Bus Facilities Entry'!BV23, LEN(BV23)-2), Mnemonic[Description], 0)), INDEX(Mnemonic[Code], MATCH( '9.3 MAL- Bus Facilities Entry'!BV23, Mnemonic[Description], 0)) ) -> #VALUE! | BN23: =IF(ISNA(INDEX(Mnemonic[Code], MATCH( '9.3 MAL- Bus Facilities Entry'!BW23, Mnemonic[Description], 0)) ), INDEX(Mnemonic[Code], MATCH( LEFT('9.3 MAL- Bus Facilities Entry'!BW23, LEN(BW23)-1), Mnemonic[Description], 0)), INDEX(Mnemonic[Code], MATCH( '9.3 MAL- Bus Facilities Entry'!BW23, Mnemonic[Description], 0)) ) -> #VALUE! | BO23: =IF(ISNA(INDEX(Mnemonic[Code], MATCH( '9.3 MAL- Bus Facilities Entry'!BX23, Mnemonic[Description], 0)) ), INDEX(Mnemonic[Code], MATCH( LEFT('9.3 MAL- Bus Facilities Entry'!BX23, LEN(BX23)-1), Mnemonic[Description], 0)), INDEX(Mnemonic[Code], MATCH( '9.3 MAL- Bus Facilities Entry'!BX23, Mnemonic[Description], 0)) ) -> #VALUE! | BP23: =IF(ISBLANK(BX23), BK23 &"-"&BL23, BK23 &"-"&BL23 & "-" & BM23) -> #N/A | BQ23: =CONCATENATE(BJ23,"-",BP23) -> #N/A | BR23: =IF(BM23=BN23,CONCATENATE(BQ23,"-",BM23,"-",BY23),CONCATENATE(BQ23,"-",BN23,"-",BY23)) -> #VALUE! | CA23: =INDEX('MAL-OTHERLOOKUPS'!$ES$4:$ES$56, MATCH('9.3 MAL- Bus Facilities Entry'!CE23, 'MAL-OTHERLOOKUPS'!$ET$4:$ET$56, 0)) -> #N/A | CB23: =CONCATENATE("L","-",IF(ISNA($BJ23),"", BJ23&"MF"),IF(ISNA($CD23),"","-"&$CD23),IF(ISNA($CA23),"","-"&$CA23)) -> L-- | CJ23: =INDEX('Default X, Y'!$D$6:$D$13,MATCH('9.3 MAL- Bus Facilities Entry'!BJ23&"MF",'Default X, Y'!$B$6:$B$13,0)) -> #N/A | CK23: =INDEX('Default X, Y'!$E$6:$E$13,MATCH('9.3 MAL- Bus Facilities Entry'!BJ23&"MF",'Default X, Y'!$B$6:$B$13,0)) -> #N/A | CL23: ="MX_Common_BRT" -> MX_Common_BRT | CN23: 0 | CP23: =$CN23&"-"&$CO23 -> 0- | CR23: =CONCATENATE($P23,"; ",$CG23,"; ", $BY23) -> ; ; | CS23: =CONCATENATE($P23,"; ",$BS23,"; ",$CE23) -> ; ; | CU23: #REF!
Q24: =INDEX(AssetClass[Asset Class], MATCH('9.3 MAL- Bus Facilities Entry'!P24, AssetClass[Class Description], 0)) -> #N/A | S24: =INDEX(Table15[Category Code], MATCH('9.3 MAL- Bus Facilities Entry'!R24, Table15[Category Description], 0)) -> #N/A | U24: {=INDEX('Custom Field Tbl'!$N$5:$N$446, MATCH('9.3 MAL- Bus Facilities Entry'!$Q24 & '9.3 MAL- Bus Facilities Entry'!U$3, 'Custom Field Tbl'!$M$5:$M$446 & 'Custom Field Tbl'!$O$5:$O$446, 0 ))} -> #N/A | V24: =IF(ISNA(INDEX(CFV_Tbl[CF Description], MATCH('9.3 MAL- Bus Facilities Entry'!U24, CFV_Tbl[CF Code], 0)) ), "Field Not Required", INDEX(CFV_Tbl[CF Description], MATCH('9.3 MAL- Bus Facilities Entry'!U24, CFV_Tbl[CF Code], 0)) ) -> Field Not Required | Y24: {=INDEX('Custom Field Tbl'!$N$5:$N$446, MATCH('9.3 MAL- Bus Facilities Entry'!$Q24 & '9.3 MAL- Bus Facilities Entry'!Y$3, 'Custom Field Tbl'!$M$5:$M$446 & 'Custom Field Tbl'!$O$5:$O$446, 0 ))} -> #N/A | Z24: =IF(ISNA(INDEX(CFV_Tbl[CF Description], MATCH('9.3 MAL- Bus Facilities Entry'!Y24, CFV_Tbl[CF Code], 0)) ), "Field Not Required", INDEX(CFV_Tbl[CF Description], MATCH('9.3 MAL- Bus Facilities Entry'!Y24, CFV_Tbl[CF Code], 0)) ) -> Field Not Required | AC24: {=INDEX('Custom Field Tbl'!$N$5:$N$446, MATCH('9.3 MAL- Bus Facilities Entry'!$Q24 & '9.3 MAL- Bus Facilities Entry'!AC$3, 'Custom Field Tbl'!$M$5:$M$446 & 'Custom Field Tbl'!$O$5:$O$446, 0 ))} -> #N/A | AD24: =IF(ISNA(INDEX(CFV_Tbl[CF Description], MATCH('9.3 MAL- Bus Facilities Entry'!AC24, CFV_Tbl[CF Code], 0)) ), "Field Not Required", INDEX(CFV_Tbl[CF Description], MATCH('9.3 MAL- Bus Facilities Entry'!AC24, CFV_Tbl[CF Code], 0)) ) -> Field Not Required | AG24: {=INDEX('Custom Field Tbl'!$N$5:$N$446, MATCH('9.3 MAL- Bus Facilities Entry'!$Q24 & '9.3 MAL- Bus Facilities Entry'!AG$3, 'Custom Field Tbl'!$M$5:$M$446 & 'Custom Field Tbl'!$O$5:$O$446, 0 ))} -> #N/A | AH24: =IF(ISNA(INDEX(CFV_Tbl[CF Description], MATCH('9.3 MAL- Bus Facilities Entry'!AG24, CFV_Tbl[CF Code], 0)) ), "Field Not Required", INDEX(CFV_Tbl[CF Description], MATCH('9.3 MAL- Bus Facilities Entry'!AG24, CFV_Tbl[CF Code], 0)) ) -> Field Not Required | AK24: {=INDEX('Custom Field Tbl'!$N$5:$N$446, MATCH('9.3 MAL- Bus Facilities Entry'!$Q24 & '9.3 MAL- Bus Facilities Entry'!AK$3, 'Custom Field Tbl'!$M$5:$M$446 & 'Custom Field Tbl'!$O$5:$O$446, 0 ))} -> #N/A | AL24: =IF(ISNA(INDEX(CFV_Tbl[CF Description], MATCH('9.3 MAL- Bus Facilities Entry'!AK24, CFV_Tbl[CF Code], 0)) ), "Field Not Required", INDEX(CFV_Tbl[CF Description], MATCH('9.3 MAL- Bus Facilities Entry'!AK24, CFV_Tbl[CF Code], 0)) ) -> Field Not Required | AO24: {=INDEX('Custom Field Tbl'!$N$5:$N$446, MATCH('9.3 MAL- Bus Facilities Entry'!$Q24 & '9.3 MAL- Bus Facilities Entry'!AO$3, 'Custom Field Tbl'!$M$5:$M$446 & 'Custom Field Tbl'!$O$5:$O$446, 0 ))} -> #N/A | AP24: =IF(ISNA(INDEX(CFV_Tbl[CF Description], MATCH('9.3 MAL- Bus Facilities Entry'!AO24, CFV_Tbl[CF Code], 0)) ), "Field Not Required", INDEX(CFV_Tbl[CF Description], MATCH('9.3 MAL- Bus Facilities Entry'!AO24, CFV_Tbl[CF Code], 0)) ) -> Field Not Required | AS24: {=INDEX('Custom Field Tbl'!$N$5:$N$446, MATCH('9.3 MAL- Bus Facilities Entry'!$Q24 & '9.3 MAL- Bus Facilities Entry'!AS$3, 'Custom Field Tbl'!$M$5:$M$446 & 'Custom Field Tbl'!$O$5:$O$446, 0 ))} -> #N/A | AT24: =IF(ISNA(INDEX(CFV_Tbl[CF Description], MATCH('9.3 MAL- Bus Facilities Entry'!AS24, CFV_Tbl[CF Code], 0)) ), "Field Not Required", INDEX(CFV_Tbl[CF Description], MATCH('9.3 MAL- Bus Facilities Entry'!AS24, CFV_Tbl[CF Code], 0)) ) -> Field Not Required | AW24: {=INDEX('Custom Field Tbl'!$N$5:$N$446, MATCH('9.3 MAL- Bus Facilities Entry'!$Q24 & '9.3 MAL- Bus Facilities Entry'!AW$3, 'Custom Field Tbl'!$M$5:$M$446 & 'Custom Field Tbl'!$O$5:$O$446, 0 ))} -> #N/A | AX24: =IF(ISNA(INDEX(CFV_Tbl[CF Description], MATCH('9.3 MAL- Bus Facilities Entry'!AW24, CFV_Tbl[CF Code], 0)) ), "Field Not Required", INDEX(CFV_Tbl[CF Description], MATCH('9.3 MAL- Bus Facilities Entry'!AW24, CFV_Tbl[CF Code], 0)) ) -> Field Not Required | BA24: {=INDEX('Custom Field Tbl'!$N$5:$N$446, MATCH('9.3 MAL- Bus Facilities Entry'!$Q24 & '9.3 MAL- Bus Facilities Entry'!BA$3, 'Custom Field Tbl'!$M$5:$M$446 & 'Custom Field Tbl'!$O$5:$O$446, 0 ))} -> #N/A | BB24: =IF(ISNA(INDEX(CFV_Tbl[CF Description], MATCH('9.3 MAL- Bus Facilities Entry'!BA24, CFV_Tbl[CF Code], 0)) ), "Field Not Required", INDEX(CFV_Tbl[CF Description], MATCH('9.3 MAL- Bus Facilities Entry'!BA24, CFV_Tbl[CF Code], 0)) ) -> Field Not Required | BE24: {=INDEX('Custom Field Tbl'!$N$5:$N$446, MATCH('9.3 MAL- Bus Facilities Entry'!$Q24 & '9.3 MAL- Bus Facilities Entry'!BE$3, 'Custom Field Tbl'!$M$5:$M$446 & 'Custom Field Tbl'!$O$5:$O$446, 0 ))} -> #N/A | BF24: =IF(ISNA(INDEX(CFV_Tbl[CF Description], MATCH('9.3 MAL- Bus Facilities Entry'!BE24, CFV_Tbl[CF Code], 0)) ), "Field Not Required", INDEX(CFV_Tbl[CF Description], MATCH('9.3 MAL- Bus Facilities Entry'!BE24, CFV_Tbl[CF Code], 0)) ) -> Field Not Required | BJ24: =INDEX(Mnemonic[Code], MATCH('9.3 MAL- Bus Facilities Entry'!BS24, Mnemonic[Description], 0)) -> #N/A | BK24: =INDEX(Mnemonic[Code], MATCH('9.3 MAL- Bus Facilities Entry'!BT24, Mnemonic[Description], 0)) -> #N/A | BL24: =IF(ISNA(INDEX(Mnemonic[Code], MATCH( '9.3 MAL- Bus Facilities Entry'!BU24, Mnemonic[Description], 0)) ), INDEX(Mnemonic[Code], MATCH( LEFT('9.3 MAL- Bus Facilities Entry'!BU24, LEN(BU24)-2), Mnemonic[Description], 0)), INDEX(Mnemonic[Code], MATCH( '9.3 MAL- Bus Facilities Entry'!BU24, Mnemonic[Description], 0)) ) -> #VALUE! | BM24: =IF(ISNA(INDEX(Mnemonic[Code], MATCH( '9.3 MAL- Bus Facilities Entry'!BV24, Mnemonic[Description], 0)) ), INDEX(Mnemonic[Code], MATCH( LEFT('9.3 MAL- Bus Facilities Entry'!BV24, LEN(BV24)-2), Mnemonic[Description], 0)), INDEX(Mnemonic[Code], MATCH( '9.3 MAL- Bus Facilities Entry'!BV24, Mnemonic[Description], 0)) ) -> #VALUE! | BN24: =IF(ISNA(INDEX(Mnemonic[Code], MATCH( '9.3 MAL- Bus Facilities Entry'!BW24, Mnemonic[Description], 0)) ), INDEX(Mnemonic[Code], MATCH( LEFT('9.3 MAL- Bus Facilities Entry'!BW24, LEN(BW24)-1), Mnemonic[Description], 0)), INDEX(Mnemonic[Code], MATCH( '9.3 MAL- Bus Facilities Entry'!BW24, Mnemonic[Description], 0)) ) -> #VALUE! | BO24: =IF(ISNA(INDEX(Mnemonic[Code], MATCH( '9.3 MAL- Bus Facilities Entry'!BX24, Mnemonic[Description], 0)) ), INDEX(Mnemonic[Code], MATCH( LEFT('9.3 MAL- Bus Facilities Entry'!BX24, LEN(BX24)-1), Mnemonic[Description], 0)), INDEX(Mnemonic[Code], MATCH( '9.3 MAL- Bus Facilities Entry'!BX24, Mnemonic[Description], 0)) ) -> #VALUE! | BP24: =IF(ISBLANK(BX24), BK24 &"-"&BL24, BK24 &"-"&BL24 & "-" & BM24) -> #N/A | BQ24: =CONCATENATE(BJ24,"-",BP24) -> #N/A | BR24: =IF(BM24=BN24,CONCATENATE(BQ24,"-",BM24,"-",BY24),CONCATENATE(BQ24,"-",BN24,"-",BY24)) -> #VALUE! | CA24: =INDEX('MAL-OTHERLOOKUPS'!$ES$4:$ES$56, MATCH('9.3 MAL- Bus Facilities Entry'!CE24, 'MAL-OTHERLOOKUPS'!$ET$4:$ET$56, 0)) -> #N/A | CB24: =CONCATENATE("L","-",IF(ISNA($BJ24),"", BJ24&"MF"),IF(ISNA($CD24),"","-"&$CD24),IF(ISNA($CA24),"","-"&$CA24)) -> L-- | CJ24: =INDEX('Default X, Y'!$D$6:$D$13,MATCH('9.3 MAL- Bus Facilities Entry'!BJ24&"MF",'Default X, Y'!$B$6:$B$13,0)) -> #N/A | CK24: =INDEX('Default X, Y'!$E$6:$E$13,MATCH('9.3 MAL- Bus Facilities Entry'!BJ24&"MF",'Default X, Y'!$B$6:$B$13,0)) -> #N/A | CL24: ="MX_Common_BRT" -> MX_Common_BRT | CN24: 0 | CP24: =$CN24&"-"&$CO24 -> 0- | CR24: =CONCATENATE($P24,"; ",$CG24,"; ", $BY24) -> ; ; | CS24: =CONCATENATE($P24,"; ",$BS24,"; ",$CE24) -> ; ; | CU24: #REF!
Q25: =INDEX(AssetClass[Asset Class], MATCH('9.3 MAL- Bus Facilities Entry'!P25, AssetClass[Class Description], 0)) -> #N/A | S25: =INDEX(Table15[Category Code], MATCH('9.3 MAL- Bus Facilities Entry'!R25, Table15[Category Description], 0)) -> #N/A | U25: {=INDEX('Custom Field Tbl'!$N$5:$N$446, MATCH('9.3 MAL- Bus Facilities Entry'!$Q25 & '9.3 MAL- Bus Facilities Entry'!U$3, 'Custom Field Tbl'!$M$5:$M$446 & 'Custom Field Tbl'!$O$5:$O$446, 0 ))} -> #N/A | V25: =IF(ISNA(INDEX(CFV_Tbl[CF Description], MATCH('9.3 MAL- Bus Facilities Entry'!U25, CFV_Tbl[CF Code], 0)) ), "Field Not Required", INDEX(CFV_Tbl[CF Description], MATCH('9.3 MAL- Bus Facilities Entry'!U25, CFV_Tbl[CF Code], 0)) ) -> Field Not Required | Y25: {=INDEX('Custom Field Tbl'!$N$5:$N$446, MATCH('9.3 MAL- Bus Facilities Entry'!$Q25 & '9.3 MAL- Bus Facilities Entry'!Y$3, 'Custom Field Tbl'!$M$5:$M$446 & 'Custom Field Tbl'!$O$5:$O$446, 0 ))} -> #N/A | Z25: =IF(ISNA(INDEX(CFV_Tbl[CF Description], MATCH('9.3 MAL- Bus Facilities Entry'!Y25, CFV_Tbl[CF Code], 0)) ), "Field Not Required", INDEX(CFV_Tbl[CF Description], MATCH('9.3 MAL- Bus Facilities Entry'!Y25, CFV_Tbl[CF Code], 0)) ) -> Field Not Required | AC25: {=INDEX('Custom Field Tbl'!$N$5:$N$446, MATCH('9.3 MAL- Bus Facilities Entry'!$Q25 & '9.3 MAL- Bus Facilities Entry'!AC$3, 'Custom Field Tbl'!$M$5:$M$446 & 'Custom Field Tbl'!$O$5:$O$446, 0 ))} -> #N/A | AD25: =IF(ISNA(INDEX(CFV_Tbl[CF Description], MATCH('9.3 MAL- Bus Facilities Entry'!AC25, CFV_Tbl[CF Code], 0)) ), "Field Not Required", INDEX(CFV_Tbl[CF Description], MATCH('9.3 MAL- Bus Facilities Entry'!AC25, CFV_Tbl[CF Code], 0)) ) -> Field Not Required | AG25: {=INDEX('Custom Field Tbl'!$N$5:$N$446, MATCH('9.3 MAL- Bus Facilities Entry'!$Q25 & '9.3 MAL- Bus Facilities Entry'!AG$3, 'Custom Field Tbl'!$M$5:$M$446 & 'Custom Field Tbl'!$O$5:$O$446, 0 ))} -> #N/A | AH25: =IF(ISNA(INDEX(CFV_Tbl[CF Description], MATCH('9.3 MAL- Bus Facilities Entry'!AG25, CFV_Tbl[CF Code], 0)) ), "Field Not Required", INDEX(CFV_Tbl[CF Description], MATCH('9.3 MAL- Bus Facilities Entry'!AG25, CFV_Tbl[CF Code], 0)) ) -> Field Not Required | AK25: {=INDEX('Custom Field Tbl'!$N$5:$N$446, MATCH('9.3 MAL- Bus Facilities Entry'!$Q25 & '9.3 MAL- Bus Facilities Entry'!AK$3, 'Custom Field Tbl'!$M$5:$M$446 & 'Custom Field Tbl'!$O$5:$O$446, 0 ))} -> #N/A | AL25: =IF(ISNA(INDEX(CFV_Tbl[CF Description], MATCH('9.3 MAL- Bus Facilities Entry'!AK25, CFV_Tbl[CF Code], 0)) ), "Field Not Required", INDEX(CFV_Tbl[CF Description], MATCH('9.3 MAL- Bus Facilities Entry'!AK25, CFV_Tbl[CF Code], 0)) ) -> Field Not Required | AO25: {=INDEX('Custom Field Tbl'!$N$5:$N$446, MATCH('9.3 MAL- Bus Facilities Entry'!$Q25 & '9.3 MAL- Bus Facilities Entry'!AO$3, 'Custom Field Tbl'!$M$5:$M$446 & 'Custom Field Tbl'!$O$5:$O$446, 0 ))} -> #N/A | AP25: =IF(ISNA(INDEX(CFV_Tbl[CF Description], MATCH('9.3 MAL- Bus Facilities Entry'!AO25, CFV_Tbl[CF Code], 0)) ), "Field Not Required", INDEX(CFV_Tbl[CF Description], MATCH('9.3 MAL- Bus Facilities Entry'!AO25, CFV_Tbl[CF Code], 0)) ) -> Field Not Required | AS25: {=INDEX('Custom Field Tbl'!$N$5:$N$446, MATCH('9.3 MAL- Bus Facilities Entry'!$Q25 & '9.3 MAL- Bus Facilities Entry'!AS$3, 'Custom Field Tbl'!$M$5:$M$446 & 'Custom Field Tbl'!$O$5:$O$446, 0 ))} -> #N/A | AT25: =IF(ISNA(INDEX(CFV_Tbl[CF Description], MATCH('9.3 MAL- Bus Facilities Entry'!AS25, CFV_Tbl[CF Code], 0)) ), "Field Not Required", INDEX(CFV_Tbl[CF Description], MATCH('9.3 MAL- Bus Facilities Entry'!AS25, CFV_Tbl[CF Code], 0)) ) -> Field Not Required | AW25: {=INDEX('Custom Field Tbl'!$N$5:$N$446, MATCH('9.3 MAL- Bus Facilities Entry'!$Q25 & '9.3 MAL- Bus Facilities Entry'!AW$3, 'Custom Field Tbl'!$M$5:$M$446 & 'Custom Field Tbl'!$O$5:$O$446, 0 ))} -> #N/A | AX25: =IF(ISNA(INDEX(CFV_Tbl[CF Description], MATCH('9.3 MAL- Bus Facilities Entry'!AW25, CFV_Tbl[CF Code], 0)) ), "Field Not Required", INDEX(CFV_Tbl[CF Description], MATCH('9.3 MAL- Bus Facilities Entry'!AW25, CFV_Tbl[CF Code], 0)) ) -> Field Not Required | BA25: {=INDEX('Custom Field Tbl'!$N$5:$N$446, MATCH('9.3 MAL- Bus Facilities Entry'!$Q25 & '9.3 MAL- Bus Facilities Entry'!BA$3, 'Custom Field Tbl'!$M$5:$M$446 & 'Custom Field Tbl'!$O$5:$O$446, 0 ))} -> #N/A | BB25: =IF(ISNA(INDEX(CFV_Tbl[CF Description], MATCH('9.3 MAL- Bus Facilities Entry'!BA25, CFV_Tbl[CF Code], 0)) ), "Field Not Required", INDEX(CFV_Tbl[CF Description], MATCH('9.3 MAL- Bus Facilities Entry'!BA25, CFV_Tbl[CF Code], 0)) ) -> Field Not Required | BE25: {=INDEX('Custom Field Tbl'!$N$5:$N$446, MATCH('9.3 MAL- Bus Facilities Entry'!$Q25 & '9.3 MAL- Bus Facilities Entry'!BE$3, 'Custom Field Tbl'!$M$5:$M$446 & 'Custom Field Tbl'!$O$5:$O$446, 0 ))} -> #N/A | BF25: =IF(ISNA(INDEX(CFV_Tbl[CF Description], MATCH('9.3 MAL- Bus Facilities Entry'!BE25, CFV_Tbl[CF Code], 0)) ), "Field Not Required", INDEX(CFV_Tbl[CF Description], MATCH('9.3 MAL- Bus Facilities Entry'!BE25, CFV_Tbl[CF Code], 0)) ) -> Field Not Required | BJ25: =INDEX(Mnemonic[Code], MATCH('9.3 MAL- Bus Facilities Entry'!BS25, Mnemonic[Description], 0)) -> #N/A | BK25: =INDEX(Mnemonic[Code], MATCH('9.3 MAL- Bus Facilities Entry'!BT25, Mnemonic[Description], 0)) -> #N/A | BL25: =IF(ISNA(INDEX(Mnemonic[Code], MATCH( '9.3 MAL- Bus Facilities Entry'!BU25, Mnemonic[Description], 0)) ), INDEX(Mnemonic[Code], MATCH( LEFT('9.3 MAL- Bus Facilities Entry'!BU25, LEN(BU25)-2), Mnemonic[Description], 0)), INDEX(Mnemonic[Code], MATCH( '9.3 MAL- Bus Facilities Entry'!BU25, Mnemonic[Description], 0)) ) -> #VALUE! | BM25: =IF(ISNA(INDEX(Mnemonic[Code], MATCH( '9.3 MAL- Bus Facilities Entry'!BV25, Mnemonic[Description], 0)) ), INDEX(Mnemonic[Code], MATCH( LEFT('9.3 MAL- Bus Facilities Entry'!BV25, LEN(BV25)-2), Mnemonic[Description], 0)), INDEX(Mnemonic[Code], MATCH( '9.3 MAL- Bus Facilities Entry'!BV25, Mnemonic[Description], 0)) ) -> #VALUE! | BN25: =IF(ISNA(INDEX(Mnemonic[Code], MATCH( '9.3 MAL- Bus Facilities Entry'!BW25, Mnemonic[Description], 0)) ), INDEX(Mnemonic[Code], MATCH( LEFT('9.3 MAL- Bus Facilities Entry'!BW25, LEN(BW25)-1), Mnemonic[Description], 0)), INDEX(Mnemonic[Code], MATCH( '9.3 MAL- Bus Facilities Entry'!BW25, Mnemonic[Description], 0)) ) -> #VALUE! | BO25: =IF(ISNA(INDEX(Mnemonic[Code], MATCH( '9.3 MAL- Bus Facilities Entry'!BX25, Mnemonic[Description], 0)) ), INDEX(Mnemonic[Code], MATCH( LEFT('9.3 MAL- Bus Facilities Entry'!BX25, LEN(BX25)-1), Mnemonic[Description], 0)), INDEX(Mnemonic[Code], MATCH( '9.3 MAL- Bus Facilities Entry'!BX25, Mnemonic[Description], 0)) ) -> #VALUE! | BP25: =IF(ISBLANK(BX25), BK25 &"-"&BL25, BK25 &"-"&BL25 & "-" & BM25) -> #N/A | BQ25: =CONCATENATE(BJ25,"-",BP25) -> #N/A | BR25: =IF(BM25=BN25,CONCATENATE(BQ25,"-",BM25,"-",BY25),CONCATENATE(BQ25,"-",BN25,"-",BY25)) -> #VALUE! | CA25: =INDEX('MAL-OTHERLOOKUPS'!$ES$4:$ES$56, MATCH('9.3 MAL- Bus Facilities Entry'!CE25, 'MAL-OTHERLOOKUPS'!$ET$4:$ET$56, 0)) -> #N/A | CB25: =CONCATENATE("L","-",IF(ISNA($BJ25),"", BJ25&"MF"),IF(ISNA($CD25),"","-"&$CD25),IF(ISNA($CA25),"","-"&$CA25)) -> L-- | CJ25: =INDEX('Default X, Y'!$D$6:$D$13,MATCH('9.3 MAL- Bus Facilities Entry'!BJ25&"MF",'Default X, Y'!$B$6:$B$13,0)) -> #N/A | CK25: =INDEX('Default X, Y'!$E$6:$E$13,MATCH('9.3 MAL- Bus Facilities Entry'!BJ25&"MF",'Default X, Y'!$B$6:$B$13,0)) -> #N/A | CL25: ="MX_Common_BRT" -> MX_Common_BRT | CN25: 0 | CP25: =$CN25&"-"&$CO25 -> 0- | CR25: =CONCATENATE($P25,"; ",$CG25,"; ", $BY25) -> ; ; | CS25: =CONCATENATE($P25,"; ",$BS25,"; ",$CE25) -> ; ; | CU25: #REF!
